Workbook

Sheet Всего
A1: Сведения о предоставленных из бюджета Саратовской области межбюджетных трансфертах бюджетам муниципальных образований
A2: за I квартал 2017 года
O3: (тыс.рублей)
A4: Наименование муниципальных образований | B4: Всего | E4: в том числе
E5: Дотации | H5: Субвенции | K5: Субсидии | N5: Иные межбюджетные трансферты
B7: план | C7: факт | D7: % исполнения | E7: план | F7: факт | G7: % исполнения | H7: план | I7: факт | J7: % исполнения | K7: план | L7: факт | M7: % исполнения | N7: план | O7: факт | P7: % исполнения
A8: Александрово-Гайский | B8: =E8+H8+K8+N8 -> 280089.2 | C8: =F8+I8+L8+O8 -> 54364.856 | D8: =C8/B8*100 -> 19.409836 | E8: =Дотации!B7 -> 74067.4 | F8: =Дотации!C7 -> 20512 | G8: =F8/E8*100 -> 27.693695 | H8: =Субвенции!B7 -> 181406.8 | I8: =Субвенции!C7 -> 33552.856 | J8: =I8/H8*100 -> 18.49592 | K8: =Субсидии!B7 -> 24315 | L8: =Субсидии!C7 -> 0 | M8: =L8/K8*100 -> 0 | N8: =Иные!B7 -> 300 | O8: =Иные!C7 -> 300 | P8: =O8/N8*100 -> 100
A9: Аркадакский | B9: =E9+H9+K9+N9 -> 260109.5 | C9: =F9+I9+L9+O9 -> 54599.734 | D9: =C9/B9*100 -> 20.991057 | E9: =Дотации!B8 -> 65902.4 | F9: =Дотации!C8 -> 20868 | G9: =F9/E9*100 -> 31.665008 | H9: =Субвенции!B8 -> 172412.9 | I9: =Субвенции!C8 -> 33731.734 | J9: =I9/H9*100 -> 19.564507 | K9: =Субсидии!B8 -> 16221.4 | L9: =Субсидии!C8 -> 0 | M9: =L9/K9*100 -> 0 | N9: =Иные!B8 -> 5572.8 | O9: =Иные!C8 -> 0 | P9: =O9/N9*100 -> 0
A10: Аткарский | B10: =E10+H10+K10+N10 -> 388335.9 | C10: =F10+I10+L10+O10 -> 82621.945 | D10: =C10/B10*100 -> 21.275897 | E10: =Дотации!B9 -> 84308.5 | F10: =Дотации!C9 -> 26696 | G10: =F10/E10*100 -> 31.66466 | H10: =Субвенции!B9 -> 277274.8 | I10: =Субвенции!C9 -> 55925.945 | J10: =I10/H10*100 -> 20.169862 | K10: =Субсидии!B9 -> 23391.4 | L10: =Субсидии!C9 -> 0 | M10: =L10/K10*100 -> 0 | N10: =Иные!B9 -> 3361.2 | O10: =Иные!C9 -> 0 | P10: =O10/N10*100 -> 0
A11: Базарно-Карабулакский | B11: =E11+H11+K11+N11 -> 344452.6 | C11: =F11+I11+L11+O11 -> 70413.202 | D11: =C11/B11*100 -> 20.442059 | E11: =Дотации!B10 -> 68822.3 | F11: =Дотации!C10 -> 20932 | G11: =F11/E11*100 -> 30.41456 | H11: =Субвенции!B10 -> 246183.8 | I11: =Субвенции!C10 -> 49481.202 | J11: =I11/H11*100 -> 20.099293 | K11: =Субсидии!B10 -> 19940.3 | L11: =Субсидии!C10 -> 0 | M11: =L11/K11*100 -> 0 | N11: =Иные!B10 -> 9506.2 | O11: =Иные!C10 -> 0 | P11: =O11/N11*100 -> 0
A12: Балаковский | B12: =E12+H12+K12+N12 -> 1401436 | C12: =F12+I12+L12+O12 -> 262971.69 | D12: =C12/B12*100 -> 18.764445 | H12: =Субвенции!B11 -> 1337052.9 | I12: =Субвенции!C11 -> 262971.69 | J12: =I12/H12*100 -> 19.668009 | K12: =Субсидии!B11 -> 61556.9 | L12: =Субсидии!C11 -> 0 | M12: =L12/K12*100 -> 0 | N12: =Иные!B11 -> 2826.2 | O12: =Иные!C11 -> 0 | P12: =O12/N12*100 -> 0
A13: Балашовский | B13: =E13+H13+K13+N13 -> 906477.2 | C13: =F13+I13+L13+O13 -> 177958.02 | D13: =C13/B13*100 -> 19.631825 | E13: =Дотации!B12 -> 124929.6 | F13: =Дотации!C12 -> 39560 | G13: =F13/E13*100 -> 31.665834 | H13: =Субвенции!B12 -> 707385.5 | I13: =Субвенции!C12 -> 138398.02 | J13: =I13/H13*100 -> 19.564724 | K13: =Субсидии!B12 -> 70645.9 | L13: =Субсидии!C12 -> 0 | M13: =L13/K13*100 -> 0 | N13: =Иные!B12 -> 3516.2 | O13: =Иные!C12 -> 0 | P13: =O13/N13*100 -> 0
A14: Балтайский | B14: =E14+H14+K14+N14 -> 152367.1 | C14: =F14+I14+L14+O14 -> 35258.8 | D14: =C14/B14*100 -> 23.140691 | E14: =Дотации!B13 -> 40176.9 | F14: =Дотации!C13 -> 15180 | G14: =F14/E14*100 -> 37.782905 | H14: =Субвенции!B13 -> 101649.5 | I14: =Субвенции!C13 -> 20078.8 | J14: =I14/H14*100 -> 19.752975 | K14: =Субсидии!B13 -> 9799.3 | L14: =Субсидии!C13 -> 0 | M14: =L14/K14*100 -> 0 | N14: =Иные!B13 -> 741.4 | O14: =Иные!C13 -> 0 | P14: =O14/N14*100 -> 0
A15: Вольский | B15: =E15+H15+K15+N15 -> 732897.9 | C15: =F15+I15+L15+O15 -> 134895.83 | D15: =C15/B15*100 -> 18.405815 | E15: =Дотации!B14 -> 67551.7 | F15: =Дотации!C14 -> 13690 | G15: =F15/E15*100 -> 20.265959 | H15: =Субвенции!B14 -> 624175.4 | I15: =Субвенции!C14 -> 121205.83 | J15: =I15/H15*100 -> 19.418554 | K15: =Субсидии!B14 -> 35193.2 | L15: =Субсидии!C14 -> 0 | M15: =L15/K15*100 -> 0 | N15: =Иные!B14 -> 5977.6 | O15: =Иные!C14 -> 0 | P15: =O15/N15*100 -> 0
A16: Воскресенский | B16: =E16+H16+K16+N16 -> 145379 | C16: =F16+I16+L16+O16 -> 30211.723 | D16: =C16/B16*100 -> 20.781353 | E16: =Дотации!B15 -> 34748.8 | F16: =Дотации!C15 -> 11004 | G16: =F16/E16*100 -> 31.667281 | H16: =Субвенции!B15 -> 102815.4 | I16: =Субвенции!C15 -> 19207.723 | J16: =I16/H16*100 -> 18.681757 | K16: =Субсидии!B15 -> 7814.8 | L16: =Субсидии!C15 -> 0 | M16: =L16/K16*100 -> 0
A17: Дергачевский | B17: =E17+H17+K17+N17 -> 269110.5 | C17: =F17+I17+L17+O17 -> 60003.975 | D17: =C17/B17*100 -> 22.297151 | E17: =Дотации!B16 -> 77960.5 | F17: =Дотации!C16 -> 24548 | G17: =F17/E17*100 -> 31.487741 | H17: =Субвенции!B16 -> 174015.3 | I17: =Субвенции!C16 -> 34855.975 | J17: =I17/H17*100 -> 20.030408 | K17: =Субсидии!B16 -> 13956.9 | L17: =Субсидии!C16 -> 0 | M17: =L17/K17*100 -> 0 | N17: =Иные!B16 -> 3177.8 | O17: =Иные!C16 -> 600 | P17: =O17/N17*100 -> 18.880987
A18: Духовницкий | B18: =E18+H18+K18+N18 -> 143483.6 | C18: =F18+I18+L18+O18 -> 31700.691 | D18: =C18/B18*100 -> 22.093599 | E18: =Дотации!B17 -> 29733.6 | F18: =Дотации!C17 -> 11262 | G18: =F18/E18*100 -> 37.876342 | H18: =Субвенции!B17 -> 103161.1 | I18: =Субвенции!C17 -> 20438.691 | J18: =I18/H18*100 -> 19.812402 | K18: =Субсидии!B17 -> 10228.7 | L18: =Субсидии!C17 -> 0 | M18: =L18/K18*100 -> 0 | N18: =Иные!B17 -> 360.2 | O18: =Иные!C17 -> 0 | P18: =O18/N18*100 -> 0
A19: Екатериновский | B19: =E19+H19+K19+N19 -> 239991 | C19: =F19+I19+L19+O19 -> 47218.84 | D19: =C19/B19*100 -> 19.675255 | E19: =Дотации!B18 -> 43653.8 | F19: =Дотации!C18 -> 11804 | G19: =F19/E19*100 -> 27.040029 | H19: =Субвенции!B18 -> 175759.3 | I19: =Субвенции!C18 -> 35414.84 | J19: =I19/H19*100 -> 20.149625 | K19: =Субсидии!B18 -> 18274.1 | L19: =Субсидии!C18 -> 0 | M19: =L19/K19*100 -> 0 | N19: =Иные!B18 -> 2303.8 | O19: =Иные!C18 -> 0 | P19: =O19/N19*100 -> 0
A20: Ершовский | B20: =E20+H20+K20+N20 -> 491304.2 | C20: =F20+I20+L20+O20 -> 99968.217 | D20: =C20/B20*100 -> 20.347519 | E20: =Дотации!B19 -> 93682.6 | F20: =Дотации!C19 -> 29668 | G20: =F20/E20*100 -> 31.668634 | H20: =Субвенции!B19 -> 362586.7 | I20: =Субвенции!C19 -> 69600.217 | J20: =I20/H20*100 -> 19.195469 | K20: =Субсидии!B19 -> 26603.4 | L20: =Субсидии!C19 -> 0 | M20: =L20/K20*100 -> 0 | N20: =Иные!B19 -> 8431.5 | O20: =Иные!C19 -> 700 | P20: =O20/N20*100 -> 8.3022001
A21: Ивантеевский | B21: =E21+H21+K21+N21 -> 239482.5 | C21: =F21+I21+L21+O21 -> 49992.302 | D21: =C21/B21*100 -> 20.875138 | E21: =Дотации!B20 -> 65534.5 | F21: =Дотации!C20 -> 19486 | G21: =F21/E21*100 -> 29.733957 | H21: =Субвенции!B20 -> 155605.5 | I21: =Субвенции!C20 -> 30506.302 | J21: =I21/H21*100 -> 19.6049 | K21: =Субсидии!B20 -> 15149.5 | L21: =Субсидии!C20 -> 0 | M21: =L21/K21*100 -> 0 | N21: =Иные!B20 -> 3193 | O21: =Иные!C20 -> 0 | P21: =O21/N21*100 -> 0
A22: Калининский | B22: =E22+H22+K22+N22 -> 380041.6 | C22: =F22+I22+L22+O22 -> 74329.226 | D22: =C22/B22*100 -> 19.558182 | E22: =Дотации!B21 -> 77961.8 | F22: =Дотации!C21 -> 24688 | G22: =F22/E22*100 -> 31.666791 | H22: =Субвенции!B21 -> 258099.7 | I22: =Субвенции!C21 -> 49641.226 | J22: =I22/H22*100 -> 19.233353 | K22: =Субсидии!B21 -> 39998 | L22: =Субсидии!C21 -> 0 | M22: =L22/K22*100 -> 0 | N22: =Иные!B21 -> 3982.1 | O22: =Иные!C21 -> 0 | P22: =O22/N22*100 -> 0
A23: Красноармейский | B23: =E23+H23+K23+N23 -> 438665.2 | C23: =F23+I23+L23+O23 -> 92536.756 | D23: =C23/B23*100 -> 21.095076 | E23: =Дотации!B22 -> 92950.8 | F23: =Дотации!C22 -> 29436 | G23: =F23/E23*100 -> 31.668366 | H23: =Субвенции!B22 -> 316528.8 | I23: =Субвенции!C22 -> 63100.756 | J23: =I23/H23*100 -> 19.935234 | K23: =Субсидии!B22 -> 22866.1 | L23: =Субсидии!C22 -> 0 | M23: =L23/K23*100 -> 0 | N23: =Иные!B22 -> 6319.5 | O23: =Иные!C22 -> 0 | P23: =O23/N23*100 -> 0
A24: Краснокутский | B24: =E24+H24+K24+N24 -> 376618.8 | C24: =F24+I24+L24+O24 -> 77136.597 | D24: =C24/B24*100 -> 20.481345 | E24: =Дотации!B23 -> 82843.6 | F24: =Дотации!C23 -> 24864 | G24: =F24/E24*100 -> 30.013181 | H24: =Субвенции!B23 -> 271048.3 | I24: =Субвенции!C23 -> 51772.597 | J24: =I24/H24*100 -> 19.100875 | K24: =Субсидии!B23 -> 22226.9 | L24: =Субсидии!C23 -> 0 | M24: =L24/K24*100 -> 0 | N24: =Иные!B23 -> 500 | O24: =Иные!C23 -> 500 | P24: =O24/N24*100 -> 100
A25: Краснопартизанский | B25: =E25+H25+K25+N25 -> 203021.8 | C25: =F25+I25+L25+O25 -> 40427.395 | D25: =C25/B25*100 -> 19.912834 | E25: =Дотации!B24 -> 50362.4 | F25: =Дотации!C24 -> 19743 | G25: =F25/E25*100 -> 39.201865 | H25: =Субвенции!B24 -> 103973.3 | I25: =Субвенции!C24 -> 20284.395 | J25: =I25/H25*100 -> 19.509235 | K25: =Субсидии!B24 -> 48286.1 | L25: =Субсидии!C24 -> 0 | M25: =L25/K25*100 -> 0 | N25: =Иные!B24 -> 400 | O25: =Иные!C24 -> 400 | P25: =O25/N25*100 -> 100
A26: Лысогорский | B26: =E26+H26+K26+N26 -> 249892.9 | C26: =F26+I26+L26+O26 -> 50042.412 | D26: =C26/B26*100 -> 20.025544 | E26: =Дотации!B25 -> 58890.2 | F26: =Дотации!C25 -> 17950 | G26: =F26/E26*100 -> 30.480453 | H26: =Субвенции!B25 -> 174920.8 | I26: =Субвенции!C25 -> 32092.412 | J26: =I26/H26*100 -> 18.346825 | K26: =Субсидии!B25 -> 12963.7 | L26: =Субсидии!C25 -> 0 | M26: =L26/K26*100 -> 0 | N26: =Иные!B25 -> 3118.2 | O26: =Иные!C25 -> 0 | P26: =O26/N26*100 -> 0
A27: Марксовский | B27: =E27+H27+K27+N27 -> 695978.7 | C27: =F27+I27+L27+O27 -> 155188.32 | D27: =C27/B27*100 -> 22.297855 | E27: =Дотации!B26 -> 148892.9 | F27: =Дотации!C26 -> 57148 | G27: =F27/E27*100 -> 38.381951 | H27: =Субвенции!B26 -> 504084.2 | I27: =Субвенции!C26 -> 97640.322 | J27: =I27/H27*100 -> 19.369844 | K27: =Субсидии!B26 -> 36135.1 | L27: =Субсидии!C26 -> 0 | M27: =L27/K27*100 -> 0 | N27: =Иные!B26 -> 6866.5 | O27: =Иные!C26 -> 400 | P27: =O27/N27*100 -> 5.8253841
A28: Новобурасский | B28: =E28+H28+K28+N28 -> 261029.1 | C28: =F28+I28+L28+O28 -> 59089.586 | D28: =C28/B28*100 -> 22.637164 | E28: =Дотации!B27 -> 97962.9 | F28: =Дотации!C27 -> 31608 | G28: =F28/E28*100 -> 32.265276 | H28: =Субвенции!B27 -> 144659.5 | I28: =Субвенции!C27 -> 27481.586 | J28: =I28/H28*100 -> 18.997429 | K28: =Субсидии!B27 -> 16757.2 | L28: =Субсидии!C27 -> 0 | M28: =L28/K28*100 -> 0 | N28: =Иные!B27 -> 1649.5 | O28: =Иные!C27 -> 0 | P28: =O28/N28*100 -> 0
... A36: Романовский | B36: =E36+H36+K36+N36 -> 166787.7 | C36: =F36+I36+L36+O36 -> 33649.758 | D36: =C36/B36*100 -> 20.175204 | E36: =Дотации!B35 -> 47145.5 | F36: =Дотации!C35 -> 14928 | G36: =F36/E36*100 -> 31.663679 | H36: =Субвенции!B35 -> 106734.7 | I36: =Субвенции!C35 -> 18721.758 | J36: =I36/H36*100 -> 17.540461 | K36: =Субсидии!B35 -> 12648 | L36: =Субсидии!C35 -> 0 | M36: =L36/K36*100 -> 0 | N36: =Иные!B35 -> 259.5 | O36: =Иные!C35 -> 0 | P36: =O36/N36*100 -> 0
A37: Ртищевский | B37: =E37+H37+K37+N37 -> 500053.5 | C37: =F37+I37+L37+O37 -> 103742.19 | D37: =C37/B37*100 -> 20.746218 | E37: =Дотации!B36 -> 116001.5 | F37: =Дотации!C36 -> 36732 | G37: =F37/E37*100 -> 31.665108 | H37: =Субвенции!B36 -> 352799.7 | I37: =Субвенции!C36 -> 67010.188 | J37: =I37/H37*100 -> 18.993834 | K37: =Субсидии!B36 -> 31252.3 | L37: =Субсидии!C36 -> 0 | M37: =L37/K37*100 -> 0
A38: Самойловский | B38: =E38+H38+K38+N38 -> 238616.8 | C38: =F38+I38+L38+O38 -> 46018.856 | D38: =C38/B38*100 -> 19.285673 | E38: =Дотации!B37 -> 47188.6 | F38: =Дотации!C37 -> 14944 | G38: =F38/E38*100 -> 31.668666 | H38: =Субвенции!B37 -> 160551.1 | I38: =Субвенции!C37 -> 31074.856 | J38: =I38/H38*100 -> 19.355119 | K38: =Субсидии!B37 -> 17356.2 | L38: =Субсидии!C37 -> 0 | M38: =L38/K38*100 -> 0 | N38: =Иные!B37 -> 13520.9 | O38: =Иные!C37 -> 0 | P38: =O38/N38*100 -> 0
A39: Саратовский | B39: =E39+H39+K39+N39 -> 400257.6 | C39: =F39+I39+L39+O39 -> 70167.312 | D39: =C39/B39*100 -> 17.530538 | H39: =Субвенции!B38 -> 370960.6 | I39: =Субвенции!C38 -> 69967.312 | J39: =I39/H39*100 -> 18.861117 | K39: =Субсидии!B38 -> 21305.1 | L39: =Субсидии!C38 -> 0 | M39: =L39/K39*100 -> 0 | N39: =Иные!B38 -> 7991.9 | O39: =Иные!C38 -> 200 | P39: =O39/N39*100 -> 2.5025338
A40: Советский | B40: =E40+H40+K40+N40 -> 224443 | C40: =F40+I40+L40+O40 -> 45196.25 | D40: =C40/B40*100 -> 20.137073 | E40: =Дотации!B39 -> 41448.9 | F40: =Дотации!C39 -> 12508 | G40: =F40/E40*100 -> 30.176917 | H40: =Субвенции!B39 -> 171310.3 | I40: =Субвенции!C39 -> 32688.25 | J40: =I40/H40*100 -> 19.08131 | K40: =Субсидии!B39 -> 11450.9 | L40: =Субсидии!C39 -> 0 | M40: =L40/K40*100 -> 0 | N40: =Иные!B39 -> 232.9 | O40: =Иные!C39 -> 0 | P40: =O40/N40*100 -> 0
A41: Татищевский | B41: =E41+H41+K41+N41 -> 242848.3 | C41: =F41+I41+L41+O41 -> 43270.565 | D41: =C41/B41*100 -> 17.81794 | H41: =Субвенции!B40 -> 221552 | I41: =Субвенции!C40 -> 43270.565 | J41: =I41/H41*100 -> 19.530659 | K41: =Субсидии!B40 -> 21296.3 | L41: =Субсидии!C40 -> 0 | M41: =L41/K41*100 -> 0
A42: Турковский | B42: =E42+H42+K42+N42 -> 171778.3 | C42: =F42+I42+L42+O42 -> 35088.8 | D42: =C42/B42*100 -> 20.426794 | E42: =Дотации!B41 -> 61307.3 | F42: =Дотации!C41 -> 17618 | G42: =F42/E42*100 -> 28.737198 | H42: =Субвенции!B41 -> 99979.8 | I42: =Субвенции!C41 -> 17470.8 | J42: =I42/H42*100 -> 17.474329 | K42: =Субсидии!B41 -> 9139.6 | L42: =Субсидии!C41 -> 0 | M42: =L42/K42*100 -> 0 | N42: =Иные!B41 -> 1351.6 | O42: =Иные!C41 -> 0 | P42: =O42/N42*100 -> 0
A43: Федоровский | B43: =E43+H43+K43+N43 -> 244754.7 | C43: =F43+I43+L43+O43 -> 54702.104 | D43: =C43/B43*100 -> 22.349767 | E43: =Дотации!B42 -> 67377.4 | F43: =Дотации!C42 -> 21336 | G43: =F43/E43*100 -> 31.666404 | H43: =Субвенции!B42 -> 156629.8 | I43: =Субвенции!C42 -> 33066.104 | J43: =I43/H43*100 -> 21.110992 | K43: =Субсидии!B42 -> 20447.5 | L43: =Субсидии!C42 -> 0 | M43: =L43/K43*100 -> 0 | N43: =Иные!B42 -> 300 | O43: =Иные!C42 -> 300 | P43: =O43/N43*100 -> 100
A44: Хвалынский | B44: =E44+H44+K44+N44 -> 253240.41 | C44: =F44+I44+L44+O44 -> 56397.956 | D44: =C44/B44*100 -> 22.27052 | E44: =Дотации!B43 -> 62682.6 | F44: =Дотации!C43 -> 22348 | G44: =F44/E44*100 -> 35.652637 | H44: =Субвенции!B43 -> 164242.6 | I44: =Субвенции!C43 -> 30515.048 | J44: =I44/H44*100 -> 18.579253 | K44: =Субсидии!B43 -> 20790.7 | L44: =Субсидии!C43 -> 0 | M44: =L44/K44*100 -> 0 | N44: =Иные!B43 -> 5524.508 | O44: =Иные!C43 -> 3534.908 | P44: =O44/N44*100 -> 63.985933
A45: Энгельсский | B45: =E45+H45+K45+N45 -> 2407147 | C45: =F45+I45+L45+O45 -> 326531.88 | D45: =C45/B45*100 -> 13.565099 | H45: =Субвенции!B44 -> 1742401.4 | I45: =Субвенции!C44 -> 326531.88 | J45: =I45/H45*100 -> 18.740336 | K45: =Субсидии!B44 -> 663639.3 | L45: =Субсидии!C44 -> 0 | M45: =L45/K45*100 -> 0 | N45: =Иные!B44 -> 1106.3 | O45: =Иные!C44 -> 0 | P45: =O45/N45*100 -> 0
A46: Итого по муниципальным районам области | B46: =SUM(B8:B45) -> 15916469 | C46: =SUM(C8:C45) -> 3080783.2 | D46: =C46/B46*100 -> 19.355947 | E46: =SUM(E8:E45) -> 2566117.9 | F46: =SUM(F8:F45) -> 832137 | G46: =F46/E46*100 -> 32.427855 | H46: =SUM(H8:H45) -> 11650963 | I46: =SUM(I8:I45) -> 2239111.3 | J46: =I46/H46*100 -> 19.218251 | K46: =SUM(K8:K45) -> 1580561.5 | L46: =SUM(L8:L45) -> 0 | M46: =L46/K46*100 -> 0 | N46: =SUM(N8:N45) -> 118826.61 | O46: =SUM(O8:O45) -> 9534.908 | P46: =O46/N46*100 -> 8.0242196
A47: г. Саратов | B47: =E47+H47+K47+N47 -> 6544373.3 | C47: =F47+I47+L47+O47 -> 942183.89 | D47: =C47/B47*100 -> 14.396854 | E47: =Дотации!B46 -> 36015.7 | F47: =Дотации!C46 -> 11404 | G47: =F47/E47*100 -> 31.663969 | H47: =Субвенции!B46 -> 4544670.9 | I47: =Субвенции!C46 -> 894443.5 | J47: =I47/H47*100 -> 19.68115 | K47: =Субсидии!B46 -> 1862736.7 | L47: =Субсидии!C46 -> 36336.392 | M47: =L47/K47*100 -> 1.9506993 | N47: =Иные!B46 -> 100950 | O47: =Иные!C46 -> 0 | P47: =O47/N47*100 -> 0
A48: ЗАТО Михайловский | B48: =E48+H48+K48+N48 -> 78850.4 | C48: =F48+I48+L48+O48 -> 22571.671 | D48: =C48/B48*100 -> 28.625943 | E48: =Дотации!B47 -> 55976 | F48: =Дотации!C47 -> 18147 | G48: =F48/E48*100 -> 32.419251 | H48: =Субвенции!B47 -> 22874.4 | I48: =Субвенции!C47 -> 4424.6709 | J48: =I48/H48*100 -> 19.343331 | K48: =Субсидии!B47 -> 0 | L48: =Субсидии!C47 -> 0
A49: ЗАТО Светлый | B49: =E49+H49+K49+N49 -> 152357.8 | C49: =F49+I49+L49+O49 -> 34983.513 | D49: =C49/B49*100 -> 22.961419 | E49: =Дотации!B48 -> 54609.9 | F49: =Дотации!C48 -> 17951 | G49: =F49/E49*100 -> 32.871329 | H49: =Субвенции!B48 -> 95335.5 | I49: =Субвенции!C48 -> 17032.513 | J49: =I49/H49*100 -> 17.865866 | K49: =Субсидии!B48 -> 2412.4 | L49: =Субсидии!C48 -> 0 | M49: =L49/K49*100 -> 0
A50: ЗАТО Шиханы | B50: =E50+H50+K50+N50 -> 130871.5 | C50: =F50+I50+L50+O50 -> 33513.492 | D50: =C50/B50*100 -> 25.607938 | E50: =Дотации!B49 -> 68809.2 | F50: =Дотации!C49 -> 22511 | G50: =F50/E50*100 -> 32.715102 | H50: =Субвенции!B49 -> 58450.1 | I50: =Субвенции!C49 -> 11002.492 | J50: =I50/H50*100 -> 18.823736 | K50: =Субсидии!B49 -> 3612.2 | L50: =Субсидии!C49 -> 0 | M50: =L50/K50*100 -> 0
A51: Итого по городским округам области | B51: =SUM(B47:B50) -> 6906453 | C51: =SUM(C47:C50) -> 1033252.6 | D51: =C51/B51*100 -> 14.960683 | E51: =SUM(E47:E50) -> 215410.8 | F51: =SUM(F47:F50) -> 70013 | G51: =F51/E51*100 -> 32.502084 | H51: =SUM(H47:H50) -> 4721330.9 | I51: =SUM(I47:I50) -> 926903.17 | J51: =I51/H51*100 -> 19.632243 | K51: =SUM(K47:K50) -> 1868761.3 | L51: =SUM(L47:L50) -> 36336.392 | M51: =L51/K51*100 -> 1.9444106 | N51: =SUM(N47:N50) -> 100950 | O51: =SUM(O47:O50) -> 0
A52: Всего | B52: =B46+B51 -> 22822922 | C52: =C46+C51 -> 4114035.8 | D52: =C52/B52*100 -> 18.025894 | E52: =E46+E51 -> 2781528.7 | F52: =F46+F51 -> 902150 | G52: =F52/E52*100 -> 32.433604 | H52: =H46+H51 -> 16372294 | I52: =I46+I51 -> 3166014.5 | J52: =I52/H52*100 -> 19.337636 | K52: =K46+K51 -> 3449322.8 | L52: =L46+L51 -> 36336.392 | M52: =L52/K52*100 -> 1.0534355 | N52: =N46+N51 -> 219776.61 | O52: =O46+O51 -> 9534.908 | P52: =O52/N52*100 -> 4.3384544

Sheet Дотации
A1: Сведения о предоставленных из бюджета Саратовской области межбюджетных трансфертах бюджетам муниципальных образований
A2: за I квартал 2017 года
O3: (тыс.рублей)
A4: Наименование муниципальных образований | B4: Дотации, всего | E4: из них
E5: на выравнивание бюджетной обеспеченности муниципальных районов (городских округов) области | H5: на выравнивание бюджетной обеспеченности поселений области | K5: бюджетам городских округов области, связанные с особым режимом безопасного функционирования закрытых административно-территориальных образований | N5: на поддержку мер по обеспечению сбалансированности бюджетов
B6: план | C6: факт | D6: % исполнения | E6: план | F6: факт | G6: % исполнения | H6: план | I6: факт | J6: % исполнения | K6: план | L6: факт | M6: % исполнения | N6: план | O6: факт | P6: % исполнения
A7: Александрово-Гайский | B7: =E7+H7+K7+N7 -> 74067.4 | C7: =F7+I7+L7+O7 -> 20512 | D7: =C7/B7*100 -> 27.693695 | E7: 50847 | F7: 16100 | G7: =F7/E7*100 -> 31.663618 | N7: 23220.4 | O7: 4412 | P7: =O7/N7*100 -> 19.000534
A8: Аркадакский | B8: =E8+H8+K8+N8 -> 65902.4 | C8: =F8+I8+L8+O8 -> 20868 | D8: =C8/B8*100 -> 31.665008 | E8: 65902.4 | F8: 20868 | G8: =F8/E8*100 -> 31.665008
A9: Аткарский | B9: =E9+H9+K9+N9 -> 84308.5 | C9: =F9+I9+L9+O9 -> 26696 | D9: =C9/B9*100 -> 31.66466 | E9: 84308.5 | F9: 26696 | G9: =F9/E9*100 -> 31.66466
A10: Базарно-Карабулакский | B10: =E10+H10+K10+N10 -> 68822.3 | C10: =F10+I10+L10+O10 -> 20932 | D10: =C10/B10*100 -> 30.41456 | E10: 62002.6 | F10: 19636 | G10: =F10/E10*100 -> 31.66964 | N10: 6819.7 | O10: 1296 | P10: =O10/N10*100 -> 19.003768
A11: Балаковский
A12: Балашовский | B12: =E12+H12+K12+N12 -> 124929.6 | C12: =F12+I12+L12+O12 -> 39560 | D12: =C12/B12*100 -> 31.665834 | E12: 124929.6 | F12: 39560 | G12: =F12/E12*100 -> 31.665834
A13: Балтайский | B13: =E13+H13+K13+N13 -> 40176.9 | C13: =F13+I13+L13+O13 -> 15180 | D13: =C13/B13*100 -> 37.782905 | E13: 35882.4 | F13: 14364 | G13: =F13/E13*100 -> 40.030767 | N13: 4294.5 | O13: 816 | P13: =O13/N13*100 -> 19.001048
A14: Вольский | B14: =E14+H14+K14+N14 -> 67551.7 | C14: =F14+I14+L14+O14 -> 13690 | D14: =C14/B14*100 -> 20.265959 | E14: 6757.4 | F14: 2140 | G14: =F14/E14*100 -> 31.668985 | N14: 60794.3 | O14: 11550 | P14: =O14/N14*100 -> 18.998492
A15: Воскресенский | B15: =E15+H15+K15+N15 -> 34748.8 | C15: =F15+I15+L15+O15 -> 11004 | D15: =C15/B15*100 -> 31.667281 | E15: 34748.8 | F15: 11004 | G15: =F15/E15*100 -> 31.667281
A16: Дергачевский | B16: =E16+H16+K16+N16 -> 77960.5 | C16: =F16+I16+L16+O16 -> 24548 | D16: =C16/B16*100 -> 31.487741 | E16: 76846.8 | F16: 24336 | G16: =F16/E16*100 -> 31.668202 | N16: 1113.7 | O16: 212 | P16: =O16/N16*100 -> 19.035647
A17: Духовницкий | B17: =E17+H17+K17+N17 -> 29733.6 | C17: =F17+I17+L17+O17 -> 11262 | D17: =C17/B17*100 -> 37.876342 | E17: 28525.9 | F17: 11032 | G17: =F17/E17*100 -> 38.673626 | N17: 1207.7 | O17: 230 | P17: =O17/N17*100 -> 19.044465
A18: Екатериновский | B18: =E18+H18+K18+N18 -> 43653.8 | C18: =F18+I18+L18+O18 -> 11804 | D18: =C18/B18*100 -> 27.040029 | E18: 27695.4 | F18: 8772 | G18: =F18/E18*100 -> 31.67313 | N18: 15958.4 | O18: 3032 | P18: =O18/N18*100 -> 18.999398
A19: Ершовский | B19: =E19+H19+K19+N19 -> 93682.6 | C19: =F19+I19+L19+O19 -> 29668 | D19: =C19/B19*100 -> 31.668634 | E19: 93682.6 | F19: 29668 | G19: =F19/E19*100 -> 31.668634
A20: Ивантеевский | B20: =E20+H20+K20+N20 -> 65534.5 | C20: =F20+I20+L20+O20 -> 19486 | D20: =C20/B20*100 -> 29.733957 | E20: 16049.3 | F20: 10084 | G20: =F20/E20*100 -> 62.831401 | N20: 49485.2 | O20: 9402 | P20: =O20/N20*100 -> 18.99962
A21: Калининский | B21: =E21+H21+K21+N21 -> 77961.8 | C21: =F21+I21+L21+O21 -> 24688 | D21: =C21/B21*100 -> 31.666791 | E21: 77961.8 | F21: 24688 | G21: =F21/E21*100 -> 31.666791
A22: Красноармейский | B22: =E22+H22+K22+N22 -> 92950.8 | C22: =F22+I22+L22+O22 -> 29436 | D22: =C22/B22*100 -> 31.668366 | E22: 92950.8 | F22: 29436 | G22: =F22/E22*100 -> 31.668366
A23: Краснокутский | B23: =E23+H23+K23+N23 -> 82843.6 | C23: =F23+I23+L23+O23 -> 24864 | D23: =C23/B23*100 -> 30.013181 | E23: 72039 | F23: 22812 | G23: =F23/E23*100 -> 31.666181 | N23: 10804.6 | O23: 2052 | P23: =O23/N23*100 -> 18.991911
A24: Краснопартизанский | B24: =E24+H24+K24+N24 -> 50362.4 | C24: =F24+I24+L24+O24 -> 19743 | D24: =C24/B24*100 -> 39.201865 | E24: 49423.1 | F24: 19565 | G24: =F24/E24*100 -> 39.586752 | N24: 939.3 | O24: 178 | P24: =O24/N24*100 -> 18.950282
A25: Лысогорский | B25: =E25+H25+K25+N25 -> 58890.2 | C25: =F25+I25+L25+O25 -> 17950 | D25: =C25/B25*100 -> 30.480453 | E25: 53382.5 | F25: 16904 | G25: =F25/E25*100 -> 31.665808 | N25: 5507.7 | O25: 1046 | P25: =O25/N25*100 -> 18.991594
A26: Марксовский | B26: =E26+H26+K26+N26 -> 148892.9 | C26: =F26+I26+L26+O26 -> 57148 | D26: =C26/B26*100 -> 38.381951 | E26: 148892.9 | F26: 57148 | G26: =F26/E26*100 -> 38.381951
A27: Новобурасский | B27: =E27+H27+K27+N27 -> 97962.9 | C27: =F27+I27+L27+O27 -> 31608 | D27: =C27/B27*100 -> 32.265276 | E27: 55226.6 | F27: 23488 | G27: =F27/E27*100 -> 42.53023 | N27: 42736.3 | O27: 8120 | P27: =O27/N27*100 -> 19.000241
A28: Новоузенский | B28: =E28+H28+K28+N28 -> 126699.9 | C28: =F28+I28+L28+O28 -> 40120 | D28: =C28/B28*100 -> 31.665376 | E28: 126699.9 | F28: 40120 | G28: =F28/E28*100 -> 31.665376
A29: Озинский | B29: =E29+H29+K29+N29 -> 78815.8 | C29: =F29+I29+L29+O29 -> 24960 | D29: =C29/B29*100 -> 31.668777 | E29: 78815.8 | F29: 24960 | G29: =F29/E29*100 -> 31.668777
A30: Перелюбский | B30: =E30+H30+K30+N30 -> 42321 | C30: =F30+I30+L30+O30 -> 15400 | D30: =C30/B30*100 -> 36.388554 | E30: 42321 | F30: 15400 | G30: =F30/E30*100 -> 36.388554
A31: Петровский | B31: =E31+H31+K31+N31 -> 115087.6 | C31: =F31+I31+L31+O31 -> 45544 | D31: =C31/B31*100 -> 39.573334 | E31: 115087.6 | F31: 45544 | G31: =F31/E31*100 -> 39.573334
A32: Питерский | B32: =E32+H32+K32+N32 -> 71131.2 | C32: =F32+I32+L32+O32 -> 20896 | D32: =C32/B32*100 -> 29.376701 | E32: 58287.5 | F32: 18456 | G32: =F32/E32*100 -> 31.663736 | N32: 12843.7 | O32: 2440 | P32: =O32/N32*100 -> 18.997641
A33: Пугачевский | B33: =E33+H33+K33+N33 -> 134329 | C33: =F33+I33+L33+O33 -> 45536 | D33: =C33/B33*100 -> 33.89886 | E33: 134329 | F33: 45536 | G33: =F33/E33*100 -> 33.89886
A34: Ровенский | B34: =E34+H34+K34+N34 -> 73644.4 | C34: =F34+I34+L34+O34 -> 28620 | D34: =C34/B34*100 -> 38.862425 | E34: 73644.4 | F34: 28620 | G34: =F34/E34*100 -> 38.862425
A35: Романовский | B35: =E35+H35+K35+N35 -> 47145.5 | C35: =F35+I35+L35+O35 -> 14928 | D35: =C35/B35*100 -> 31.663679 | E35: 47145.5 | F35: 14928 | G35: =F35/E35*100 -> 31.663679
A36: Ртищевский | B36: =E36+H36+K36+N36 -> 116001.5 | C36: =F36+I36+L36+O36 -> 36732 | D36: =C36/B36*100 -> 31.665108 | E36: 116001.5 | F36: 36732 | G36: =F36/E36*100 -> 31.665108
A37: Самойловский | B37: =E37+H37+K37+N37 -> 47188.6 | C37: =F37+I37+L37+O37 -> 14944 | D37: =C37/B37*100 -> 31.668666 | E37: 47188.6 | F37: 14944 | G37: =F37/E37*100 -> 31.668666
A38: Саратовский
A39: Советский | B39: =E39+H39+K39+N39 -> 41448.9 | C39: =F39+I39+L39+O39 -> 12508 | D39: =C39/B39*100 -> 30.176917 | E39: 24729.7 | F39: 9332 | G39: =F39/E39*100 -> 37.736002 | N39: 16719.2 | O39: 3176 | P39: =O39/N39*100 -> 18.996124
A40: Татищевский
A41: Турковский | B41: =E41+H41+K41+N41 -> 61307.3 | C41: =F41+I41+L41+O41 -> 17618 | D41: =C41/B41*100 -> 28.737198 | E41: 47128 | F41: 14924 | G41: =F41/E41*100 -> 31.66695 | N41: 14179.3 | O41: 2694 | P41: =O41/N41*100 -> 18.999527
A42: Федоровский | B42: =E42+H42+K42+N42 -> 67377.4 | C42: =F42+I42+L42+O42 -> 21336 | D42: =C42/B42*100 -> 31.666404 | E42: 67377.4 | F42: 21336 | G42: =F42/E42*100 -> 31.666404
A43: Хвалынский | B43: =E43+H43+K43+N43 -> 62682.6 | C43: =F43+I43+L43+O43 -> 22348 | D43: =C43/B43*100 -> 35.652637 | E43: 62682.6 | F43: 22348 | G43: =F43/E43*100 -> 35.652637
A44: Энгельсский
A45: Итого по муниципальным районам области | B45: =SUM(B7:B44) -> 2566117.9 | C45: =SUM(C7:C44) -> 832137 | D45: =C45/B45*100 -> 32.427855 | E45: =SUM(E7:E44) -> 2299493.9 | F45: =SUM(F7:F44) -> 781481 | G45: =F45/E45*100 -> 33.984913 | N45: =SUM(N7:N44) -> 266624 | O45: =SUM(O7:O44) -> 50656 | P45: =O45/N45*100 -> 18.99904
A46: г. Саратов | B46: =E46+H46+K46+N46 -> 36015.7 | C46: =F46+I46+L46+O46 -> 11404 | D46: =C46/B46*100 -> 31.663969 | H46: 36015.7 | I46: 11404 | J46: =I46/H46*100 -> 31.663969
A47: ЗАТО Михайловский | B47: =E47+H47+K47+N47 -> 55976 | C47: =F47+I47+L47+O47 -> 18147 | D47: =C47/B47*100 -> 32.419251 | E47: 23235.5 | F47: 7356 | G47: =F47/E47*100 -> 31.658454 | H47: 110.3 | I47: 36 | J47: =I47/H47*100 -> 32.638259 | K47: 31784 | L47: 10595 | M47: =L47/K47*100 -> 33.334382 | N47: 846.2 | O47: 160 | P47: =O47/N47*100 -> 18.90806
A48: ЗАТО Светлый | B48: =E48+H48+K48+N48 -> 54609.9 | C48: =F48+I48+L48+O48 -> 17951 | D48: =C48/B48*100 -> 32.871329 | E48: 14550.4 | F48: 4608 | G48: =F48/E48*100 -> 31.669232 | H48: 535.5 | I48: 168 | J48: =I48/H48*100 -> 31.372549 | K48: 39524 | L48: 13175 | M48: =L48/K48*100 -> 33.334177
A49: ЗАТО Шиханы | B49: =E49+H49+K49+N49 -> 68809.2 | C49: =F49+I49+L49+O49 -> 22511 | D49: =C49/B49*100 -> 32.715102 | E49: 25236.2 | F49: 7992 | G49: =F49/E49*100 -> 31.668793 | H49: 245 | I49: 76 | J49: =I49/H49*100 -> 31.020408 | K49: 43328 | L49: 14443 | M49: =L49/K49*100 -> 33.334103
A50: Итого по городским округам области | B50: =SUM(B46:B49) -> 215410.8 | C50: =SUM(C46:C49) -> 70013 | D50: =C50/B50*100 -> 32.502084 | E50: =SUM(E46:E49) -> 63022.1 | F50: =SUM(F46:F49) -> 19956 | G50: =F50/E50*100 -> 31.665083 | H50: =SUM(H46:H49) -> 36906.5 | I50: =SUM(I46:I49) -> 11684 | J50: =I50/H50*100 -> 31.65838 | K50: =SUM(K47:K49) -> 114636 | L50: =SUM(L47:L49) -> 38213 | M50: =L50/K50*100 -> 33.334206 | N50: =SUM(N46:N49) -> 846.2 | O50: =SUM(O46:O49) -> 160 | P50: =O50/N50*100 -> 18.90806
A51: Всего | B51: =B45+B50 -> 2781528.7 | C51: =C45+C50 -> 902150 | D51: =C51/B51*100 -> 32.433604 | E51: =E45+E50 -> 2362516 | F51: =F45+F50 -> 801437 | G51: =F51/E51*100 -> 33.92303 | H51: =H50+H45 -> 36906.5 | I51: =I50+I45 -> 11684 | J51: =I51/H51*100 -> 31.65838 | K51: =K50+K45 -> 114636 | L51: =L50+L45 -> 38213 | M51: =L51/K51*100 -> 33.334206 | N51: =N45+N50 -> 267470.2 | O51: =O45+O50 -> 50816 | P51: =O51/N51*100 -> 18.998752

Sheet Субвенции
A1: Сведения о предоставленных из бюджета Саратовской области межбюджетных трансфертах бюджетам муниципальных образований
A2: за I квартал 2017 года
BW3: (тыс.рублей)
A4: Наименование муниципальных образований | B4: Субвенции, всего | E4: из них
E5: на финансовое обеспечение образовательной деятельности муниципальных дошкольных образовательных организаций | H5: на компенсацию родительской платы за присмотр и уход за детьми в образовательных организациях, реализующих основную общеобразовательную программу дошкольного образования | K5: на организацию предоставления на компенсации родительской платы и расходы по оплате услуг почтовой связи и банковских услуг, оказываемых банками, по выплате за присмотр и уход за детьми в образовательных организациях, реализующих основную общеобразовательную программу дошкольного образования | N5: на финансовое обеспечение образовательной деятельности муниципальных общеобразовательных учреждений | Q5: на предоставление субсидии частным общеобразовательным организациям, осуществляющим образовательную деятельность по имеющим государственную аккредитацию основным общеобразовательным программам, на возмещение затрат на обеспечение образовательной деятельности | T5: на осуществление переданных полномочий по предоставлению субсидии частным общеобразовательным организациям, осуществляющим образовательную деятельность по имеющим государственную аккредитацию основным общеобразовательным программам, на возмещение затрат на обеспечение образовательной деятельности | W5: на предоставление субсидии частным дошкольным образовательным организациям на возмещение затрат на обеспечение образовательной деятельности | Z5: на организацию осуществления переданных полномочий по предоставлению субсидии частным дошкольным образовательным организациям на возмещение затрат на обеспечение образовательной деятельности | AC5: на предоставление питания отдельным категориям обучающихся в муниципальных образовательных организациях, реализующих образовательные программы начального общего, основного общего и среднего общего образования | AF5: на частичное финансирование расходов на присмотр и уход за детьми дошкольного возраста в муниципальных образовательных организациях, реализующих основную общеобразовательную программу дошкольного образования | AI5: на организацию предоставления питания отдельным категориям обучающихся в муниципальных образовательных организациях, реализующих образовательные программы начального общего, основного общего и среднего общего образования, и частичное финансирование расходов на присмотр и уход за детьми дошкольного возраста в муниципальных образовательных организациях, реализующих основную общеобразовательную программу дошкольного образования | AL5: на осуществление органами местного самоуправления государственных полномочий по созданию и организации деятельности комиссий по делам несовершеннолетних и защите их прав | AO5: на осуществление органами местного самоуправления отдельных государственных полномочий по санкционированию финансовыми органами муниципальных образований области кассовых выплат получателям средств областного бюджета, областным государственным автономным и бюджетным учреждениям, иным юридическим лицам, не являющимся участниками бюджетного процесса, расположенным на территориях муниципальных образований области | AR5: на исполнение государственных полномочий по расчету и предоставлению дотаций бюджетам поселений | AU5: на осуществление органами местного самоуправления государственных полномочий по предоставлению гражданам субсидий на оплату жилого помещения и коммунальных услуг | AX5: на осуществление органами местного самоуправления государственных полномочий по организации предоставления гражданам субсидий на оплату жилого помещения и коммунальных услуг | BA5: на осуществление органами местного самоуправления отдельных государственных полномочий по осуществлению деятельности по опеке и попечительству в отношении несовершеннолетних граждан в части расходов на оплату труда, уплату страховых взносов по обязательному социальному страхованию в государственные внебюджетные фонды Российской Федерации, обеспечение деятельности штатных работников | BD5: на осуществление органами местного самоуправления отдельных государственных полномочий по осуществлению деятельности по опеке и попечительству в отношении несовершеннолетних граждан в части расходов на обеспечение деятельности по сохранению, содержанию и ремонту пустующих жилых помещений, закрепленных за детьми-сиротами и детьми, оставшимися без попечения родителей | BG5: на осуществление органами местного самоуправления отдельных государственных полномочий по осуществлению деятельности по опеке и попечительству в отношении совершеннолетних граждан | BJ5: на осуществление органами местного самоуправления государственных полномочий по образованию и обеспечению деятельности административных комиссий, определению перечня должностных лиц, уполномоченных составлять протоколы об административных правонарушениях | BM5: на осуществление органами местного самоуправления отдельных государственных полномочий по государственному управлению охраной труда | BP5: на осуществление органами местного самоуправления отдельных государственных полномочий по проведению мероприятий по отлову и содержанию безнадзорных животных | BS5: на осуществление органами местного самоуправления отдельных государственных полномочий по организации проведения мероприятий по отлову и содержанию безнадзорных животных | BV5: на осуществление органами местного самоуправления поселений и органами местного самоуправления городских округов полномочий по первичному воинскому учету на территориях, где отсутствуют военные комиссариаты
B6: план | C6: факт | D6: % исполнения | E6: план | F6: факт | G6: % исполнения | H6: план | I6: факт | J6: % исполнения | K6: план | L6: факт | M6: % исполнения | N6: план | O6: факт | P6: % исполнения | Q6: план | R6: факт | S6: % исполнения | T6: план | U6: факт | V6: % исполнения | W6: план | X6: факт | Y6: % исполнения | Z6: план | AA6: факт | AB6: % исполнения | AC6: план | AD6: факт | AE6: % исполнения | AF6: план | AG6: факт | AH6: % исполнения | AI6: план | AJ6: факт | AK6: % исполнения | AL6: план | AM6: факт | AN6: % исполнения | AO6: план | AP6: факт | AQ6: % исполнения | AR6: план | AS6: факт | AT6: % исполнения | AU6: план | AV6: факт | AW6: % исполнения | AX6: план | AY6: факт | AZ6: % исполнения | BA6: план | BB6: факт | BC6: % исполнения | BD6: план | BE6: факт | BF6: % исполнения | BG6: план | BH6: факт | BI6: % исполнения | BJ6: план | BK6: факт | BL6: % исполнения | BM6: план | BN6: факт | BO6: % исполнения | BP6: план | BQ6: факт | BR6: % исполнения | BS6: план | BT6: факт | BU6: % исполнения | BV6: план | BW6: факт | BX6: % исполнения
A7: Александрово-Гайский | B7: =E7+H7+K7+N7+Q7+T7+W7+Z7+AC7+AF7+AI7+AL7+AO7+AR7+AU7+AX7+BA7+BD7+BG7+BJ7+BM7+BP7+BS7+BV7 -> 181406.8 | C7: =F7+I7+L7+O7+R7+U7+X7+AA7+AD7+AG7+AJ7+AM7+AP7+AS7+AV7+AY7+BB7+BE7+BH7+BK7+BN7+BQ7+BT7+BW7 -> 33552.856 | D7: =C7/B7*100 -> 18.49592 | E7: 23535.6 | F7: 3593.1868 | G7: =F7/E7*100 -> 15.267029 | H7: 1125.5 | I7: 237.82764 | J7: =I7/H7*100 -> 21.130843 | K7: 81.5 | L7: 10.98345 | M7: =L7/K7*100 -> 13.476626 | N7: 147205.1 | O7: 27791.83 | P7: =O7/N7*100 -> 18.879665 | AC7: 3464.1 | AD7: 723.788 | AE7: =AD7/AC7*100 -> 20.89397 | AF7: 926.3 | AG7: 142.985 | AH7: =AG7/AF7*100 -> 15.436144 | AI7: 157.3 | AJ7: 24.72124 | AK7: =AJ7/AI7*100 -> 15.715982 | AL7: 228.6 | AM7: 48.36504 | AN7: =AM7/AL7*100 -> 21.15706 | AR7: 677.2 | AS7: 216 | AT7: =AS7/AR7*100 -> 31.896043 | AU7: 2199.3 | AV7: 410.66168 | AW7: =AV7/AU7*100 -> 18.672381 | AX7: 221.8 | AY7: 50.85797 | AZ7: =AY7/AX7*100 -> 22.929653 | BA7: 209.8 | BB7: 49.795 | BC7: =BB7/BA7*100 -> 23.734509 | BG7: 231.9 | BH7: 38.47963 | BI7: =BH7/BG7*100 -> 16.5932 | BJ7: 220 | BK7: 48.92892 | BL7: =BK7/BJ7*100 -> 22.240418 | BM7: 219.8 | BN7: 47.06115 | BO7: =BN7/BM7*100 -> 21.410896 | BP7: 171.6 | BQ7: 0 | BR7: =BQ7/BP7*100 -> 0 | BS7: 2.5 | BT7: 0 | BU7: =BT7/BS7*100 -> 0 | BV7: 528.9 | BW7: 117.38392 | BX7: =BW7/BV7*100 -> 22.193972
A8: Аркадакский | B8: =E8+H8+K8+N8+Q8+T8+W8+Z8+AC8+AF8+AI8+AL8+AO8+AR8+AU8+AX8+BA8+BD8+BG8+BJ8+BM8+BP8+BS8+BV8 -> 172412.9 | C8: =F8+I8+L8+O8+R8+U8+X8+AA8+AD8+AG8+AJ8+AM8+AP8+AS8+AV8+AY8+BB8+BE8+BH8+BK8+BN8+BQ8+BT8+BW8 -> 33731.734 | D8: =C8/B8*100 -> 19.564507 | E8: 24941.6 | F8: 4200 | G8: =F8/E8*100 -> 16.839337 | H8: 1225.3 | I8: 291 | J8: =I8/H8*100 -> 23.749286 | K8: 113.2 | L8: 17.007 | M8: =L8/K8*100 -> 15.023852 | N8: 133022.8 | O8: 25950 | P8: =O8/N8*100 -> 19.507934 | AC8: 3630 | AD8: 907.117 | AE8: =AD8/AC8*100 -> 24.989449 | AF8: 1013.6 | AG8: 242 | AH8: =AG8/AF8*100 -> 23.875296 | AI8: 138.8 | AJ8: 18.239 | AK8: =AJ8/AI8*100 -> 13.14049 | AL8: 203.8 | AM8: 44.0777 | AN8: =AM8/AL8*100 -> 21.62792 | AR8: 979.6 | AS8: 312 | AT8: =AS8/AR8*100 -> 31.849735 | AU8: 4795.5 | AV8: 1321.4918 | AW8: =AV8/AU8*100 -> 27.556914 | AX8: 197 | AY8: 39.02699 | AZ8: =AY8/AX8*100 -> 19.810655 | BA8: 370.1 | BB8: 66.88177 | BC8: =BB8/BA8*100 -> 18.07127 | BD8: 13.1 | BE8: 1.08801 | BF8: =BE8/BD8*100 -> 8.3054198 | BG8: 207.1 | BH8: 30.59688 | BI8: =BH8/BG8*100 -> 14.773964 | BJ8: 195.2 | BK8: 38.36141 | BL8: =BK8/BJ8*100 -> 19.652362 | BM8: 195 | BN8: 30.59688 | BO8: =BN8/BM8*100 -> 15.690708 | BP8: 44.6 | BQ8: 0 | BR8: =BQ8/BP8*100 -> 0 | BS8: 0.6 | BT8: 0 | BU8: =BT8/BS8*100 -> 0 | BV8: 1126 | BW8: 222.24986 | BX8: =BW8/BV8*100 -> 19.737998
A9: Аткарский | B9: =E9+H9+K9+N9+Q9+T9+W9+Z9+AC9+AF9+AI9+AL9+AO9+AR9+AU9+AX9+BA9+BD9+BG9+BJ9+BM9+BP9+BS9+BV9 -> 277274.8 | C9: =F9+I9+L9+O9+R9+U9+X9+AA9+AD9+AG9+AJ9+AM9+AP9+AS9+AV9+AY9+BB9+BE9+BH9+BK9+BN9+BQ9+BT9+BW9 -> 55925.945 | D9: =C9/B9*100 -> 20.169862 | E9: 29124.8 | F9: 5172.9359 | G9: =F9/E9*100 -> 17.761275 | H9: 2847.9 | I9: 1013.3497 | J9: =I9/H9*100 -> 35.582348 | K9: 215.3 | L9: 43.84132 | M9: =L9/K9*100 -> 20.362898 | N9: 227912.9 | O9: 46057.128 | P9: =O9/N9*100 -> 20.208215 | AC9: 5096.8 | AD9: 1119.4488 | AE9: =AD9/AC9*100 -> 21.963757 | AF9: 983.4 | AG9: 215.789 | AH9: =AG9/AF9*100 -> 21.943156 | AI9: 185 | AJ9: 38.46228 | AK9: =AJ9/AI9*100 -> 20.790422 | AL9: 382.1 | AM9: 80.02414 | AN9: =AM9/AL9*100 -> 20.943245 | AR9: 1740.5 | AS9: 552 | AT9: =AS9/AR9*100 -> 31.715024 | AU9: 6272.4 | AV9: 1162.6448 | AW9: =AV9/AU9*100 -> 18.535885 | AX9: 197 | AY9: 33.94719 | AZ9: =AY9/AX9*100 -> 17.232076 | BA9: 555.1 | BB9: 117.98941 | BC9: =BB9/BA9*100 -> 21.255523 | BD9: 8.6 | BE9: 0 | BF9: =BE9/BD9*100 -> 0 | BG9: 414.3 | BH9: 72.46609 | BI9: =BH9/BG9*100 -> 17.491212 | BJ9: 195.2 | BK9: 43.78738 | BL9: =BK9/BJ9*100 -> 22.432059 | BM9: 195 | BN9: 44.86274 | BO9: =BN9/BM9*100 -> 23.006533 | BP9: 115.9 | BQ9: 0 | BR9: =BQ9/BP9*100 -> 0 | BS9: 1.7 | BT9: 0 | BU9: =BT9/BS9*100 -> 0 | BV9: 830.9 | BW9: 157.26838 | BX9: =BW9/BV9*100 -> 18.927474
A10: Базарно-Карабулакский | B10: =E10+H10+K10+N10+Q10+T10+W10+Z10+AC10+AF10+AI10+AL10+AO10+AR10+AU10+AX10+BA10+BD10+BG10+BJ10+BM10+BP10+BS10+BV10 -> 246183.8 | C10: =F10+I10+L10+O10+R10+U10+X10+AA10+AD10+AG10+AJ10+AM10+AP10+AS10+AV10+AY10+BB10+BE10+BH10+BK10+BN10+BQ10+BT10+BW10 -> 49481.202 | D10: =C10/B10*100 -> 20.099293 | E10: 56020.6 | F10: 10550.836 | G10: =F10/E10*100 -> 18.83385 | H10: 2584.7 | I10: 989 | J10: =I10/H10*100 -> 38.263628 | K10: 167 | L10: 34.85101 | M10: =L10/K10*100 -> 20.868868 | N10: 168993.9 | O10: 33684.2 | P10: =O10/N10*100 -> 19.932199 | AC10: 5781.9 | AD10: 1545.0597 | AE10: =AD10/AC10*100 -> 26.722352 | AF10: 1808.3 | AG10: 362.01401 | AH10: =AG10/AF10*100 -> 20.019577 | AI10: 138.8 | AJ10: 31.88399 | AK10: =AJ10/AI10*100 -> 22.971174 | AL10: 203.8 | AM10: 34.9225 | AN10: =AM10/AL10*100 -> 17.135672 | AR10: 1246.3 | AS10: 396 | AT10: =AS10/AR10*100 -> 31.774051 | AU10: 6371.3 | AV10: 1348.0819 | AW10: =AV10/AU10*100 -> 21.158663 | AX10: 197 | AY10: 35.90245 | AZ10: =AY10/AX10*100 -> 18.224594 | BA10: 370.1 | BB10: 84.62409 | BC10: =BB10/BA10*100 -> 22.865196 | BG10: 621.3 | BH10: 147.51902 | BI10: =BH10/BG10*100 -> 23.743605 | BJ10: 195.2 | BK10: 27.3775 | BL10: =BK10/BJ10*100 -> 14.025359 | BM10: 195 | BN10: 36.3356 | BO10: =BN10/BM10*100 -> 18.633641 | BP10: 44.6 | BQ10: 0 | BR10: =BQ10/BP10*100 -> 0 | BS10: 0.6 | BT10: 0 | BU10: =BT10/BS10*100 -> 0 | BV10: 1243.4 | BW10: 172.595 | BX10: =BW10/BV10*100 -> 13.880891
A11: Балаковский | B11: =E11+H11+K11+N11+Q11+T11+W11+Z11+AC11+AF11+AI11+AL11+AO11+AR11+AU11+AX11+BA11+BD11+BG11+BJ11+BM11+BP11+BS11+BV11 -> 1337052.9 | C11: =F11+I11+L11+O11+R11+U11+X11+AA11+AD11+AG11+AJ11+AM11+AP11+AS11+AV11+AY11+BB11+BE11+BH11+BK11+BN11+BQ11+BT11+BW11 -> 262971.69 | D11: =C11/B11*100 -> 19.668009 | E11: 396735.6 | F11: 76291.883 | G11: =F11/E11*100 -> 19.229906 | H11: 34764 | I11: 9448.1695 | J11: =I11/H11*100 -> 27.178028 | K11: 1489.9 | L11: 263.34863 | M11: =L11/K11*100 -> 17.675591 | N11: 733130 | O11: 139113.33 | P11: =O11/N11*100 -> 18.975261 | AC11: 19956.8 | AD11: 2193.4049 | AE11: =AD11/AC11*100 -> 10.990765 | AF11: 7049.6 | AG11: 1472.5617 | AH11: =AG11/AF11*100 -> 20.888586 | AI11: 1541.1 | AJ11: 203.78016 | AK11: =AJ11/AI11*100 -> 13.223033 | AL11: 899.9 | AM11: 141.20881 | AN11: =AM11/AL11*100 -> 15.691611 | AO11: 1292.8 | AP11: 288.84947 | AQ11: =AP11/AO11*100 -> 22.342935 | AR11: 9089.9 | AS11: 2880 | AT11: =AS11/AR11*100 -> 31.683517 | AU11: 119268.6 | AV11: 28849.536 | AW11: =AV11/AU11*100 -> 24.18871 | AX11: 5387.8 | AY11: 847.88756 | AZ11: =AY11/AX11*100 -> 15.737176 | BA11: 3826.1 | BB11: 611.50081 | BC11: =BB11/BA11*100 -> 15.982353 | BD11: 158.7 | BE11: 0 | BF11: =BE11/BD11*100 -> 0 | BG11: 703.9 | BH11: 116.22722 | BI11: =BH11/BG11*100 -> 16.511894 | BJ11: 668.3 | BK11: 105.88532 | BL11: =BK11/BJ11*100 -> 15.84398 | BM11: 445.1 | BN11: 72.18752 | BO11: =BN11/BM11*100 -> 16.21827 | BP11: 180.4 | BQ11: 0 | BR11: =BQ11/BP11*100 -> 0 | BS11: 2.7 | BT11: 0 | BU11: =BT11/BS11*100 -> 0 | BV11: 461.7 | BW11: 71.9305 | BX11: =BW11/BV11*100 -> 15.579489
A12: Балашовский | B12: =E12+H12+K12+N12+Q12+T12+W12+Z12+AC12+AF12+AI12+AL12+AO12+AR12+AU12+AX12+BA12+BD12+BG12+BJ12+BM12+BP12+BS12+BV12 -> 707385.5 | C12: =F12+I12+L12+O12+R12+U12+X12+AA12+AD12+AG12+AJ12+AM12+AP12+AS12+AV12+AY12+BB12+BE12+BH12+BK12+BN12+BQ12+BT12+BW12 -> 138398.02 | D12: =C12/B12*100 -> 19.564724 | E12: 180343.9 | F12: 30181.465 | G12: =F12/E12*100 -> 16.735507 | H12: 7643.5 | I12: 1308.1044 | J12: =I12/H12*100 -> 17.113945 | K12: 473.8 | L12: 66.28134 | M12: =L12/K12*100 -> 13.989308 | N12: 436034.1 | O12: 85717.255 | P12: =O12/N12*100 -> 19.658383 | AC12: 13569.7 | AD12: 2589.8722 | AE12: =AD12/AC12*100 -> 19.0857 | AF12: 5837.3 | AG12: 975.9976 | AH12: =AG12/AF12*100 -> 16.720018 | AI12: 661 | AJ12: 151.89995 | AK12: =AJ12/AI12*100 -> 22.980325 | AL12: 608.9 | AM12: 138.59892 | AN12: =AM12/AL12*100 -> 22.762181 | AO12: 1237.7 | AP12: 293.74704 | AQ12: =AP12/AO12*100 -> 23.733299 | AR12: 4624.5 | AS12: 1464 | AT12: =AS12/AR12*100 -> 31.657476 | AU12: 49017.3 | AV12: 14183.054 | AW12: =AV12/AU12*100 -> 28.934793 | AX12: 2721.2 | AY12: 488.98692 | AZ12: =AY12/AX12*100 -> 17.969533 | BA12: 1627.1 | BB12: 318.03963 | BC12: =BB12/BA12*100 -> 19.54641 | BD12: 54.2 | BE12: 0 | BF12: =BE12/BD12*100 -> 0 | BG12: 225.5 | BH12: 54.375 | BI12: =BH12/BG12*100 -> 24.113082 | BJ12: 427.2 | BK12: 101.75423 | BL12: =BK12/BJ12*100 -> 23.818874 | BM12: 213.4 | BN12: 44.73986 | BO12: =BN12/BM12*100 -> 20.965258 | BP12: 185 | BQ12: 0 | BR12: =BQ12/BP12*100 -> 0 | BS12: 2.7 | BT12: 0 | BU12: =BT12/BS12*100 -> 0 | BV12: 1877.5 | BW12: 319.85032 | BX12: =BW12/BV12*100 -> 17.035969
A13: Балтайский | B13: =E13+H13+K13+N13+Q13+T13+W13+Z13+AC13+AF13+AI13+AL13+AO13+AR13+AU13+AX13+BA13+BD13+BG13+BJ13+BM13+BP13+BS13+BV13 -> 101649.5 | C13: =F13+I13+L13+O13+R13+U13+X13+AA13+AD13+AG13+AJ13+AM13+AP13+AS13+AV13+AY13+BB13+BE13+BH13+BK13+BN13+BQ13+BT13+BW13 -> 20078.8 | D13: =C13/B13*100 -> 19.752975 | E13: 17091.4 | F13: 3370.4 | G13: =F13/E13*100 -> 19.719859 | H13: 1144 | I13: 266.11635 | J13: =I13/H13*100 -> 23.261919 | K13: 71.1 | L13: 7.4839 | M13: =L13/K13*100 -> 10.525879 | N13: 75369.1 | O13: 14433 | P13: =O13/N13*100 -> 19.149758 | AC13: 1942.7 | AD13: 523.797 | AE13: =AD13/AC13*100 -> 26.96232 | AF13: 582.7 | AG13: 139.13 | AH13: =AG13/AF13*100 -> 23.876781 | AI13: 46.3 | AJ13: 6.88324 | AK13: =AJ13/AI13*100 -> 14.866609 | AL13: 203.8 | AM13: 29.29529 | AN13: =AM13/AL13*100 -> 14.374529 | AR13: 487.3 | AS13: 156 | AT13: =AS13/AR13*100 -> 32.013134 | AU13: 3157.2 | AV13: 895.84404 | AW13: =AV13/AU13*100 -> 28.374637 | AX13: 197 | AY13: 33.63908 | AZ13: =AY13/AX13*100 -> 17.075675 | BA13: 185 | BB13: 42.15018 | BC13: =BB13/BA13*100 -> 22.783881 | BG13: 207.1 | BH13: 15.93051 | BI13: =BH13/BG13*100 -> 7.6921825 | BJ13: 195.2 | BK13: 31.13626 | BL13: =BK13/BJ13*100 -> 15.950953 | BM13: 195 | BN13: 30.78578 | BO13: =BN13/BM13*100 -> 15.787579 | BP13: 44.6 | BQ13: 0 | BR13: =BQ13/BP13*100 -> 0 | BS13: 0.6 | BT13: 0 | BU13: =BT13/BS13*100 -> 0 | BV13: 529.4 | BW13: 97.20836 | BX13: =BW13/BV13*100 -> 18.361987
A14: Вольский | B14: =E14+H14+K14+N14+Q14+T14+W14+Z14+AC14+AF14+AI14+AL14+AO14+AR14+AU14+AX14+BA14+BD14+BG14+BJ14+BM14+BP14+BS14+BV14 -> 624175.4 | C14: =F14+I14+L14+O14+R14+U14+X14+AA14+AD14+AG14+AJ14+AM14+AP14+AS14+AV14+AY14+BB14+BE14+BH14+BK14+BN14+BQ14+BT14+BW14 -> 121205.83 | D14: =C14/B14*100 -> 19.418554 | E14: 202586.7 | F14: 37299.818 | G14: =F14/E14*100 -> 18.41178 | H14: 11456.5 | I14: 3606.8378 | J14: =I14/H14*100 -> 31.482894 | K14: 684.8 | L14: 95.77298 | M14: =L14/K14*100 -> 13.98554 | N14: 345374.6 | O14: 64189.63 | P14: =O14/N14*100 -> 18.58551 | AC14: 10772.4 | AD14: 2908.548 | AE14: =AD14/AC14*100 -> 27 | AF14: 5119.1 | AG14: 1172.862 | AH14: =AG14/AF14*100 -> 22.911488 | AI14: 661 | AJ14: 106.63309 | AK14: =AJ14/AI14*100 -> 16.132086 | AL14: 608.9 | AM14: 145.00371 | AN14: =AM14/AL14*100 -> 23.814043 | AO14: 1237.7 | AP14: 278.47642 | AQ14: =AP14/AO14*100 -> 22.499509 | AR14: 3856.6 | AS14: 1220 | AT14: =AS14/AR14*100 -> 31.634082 | AU14: 35580.9 | AV14: 9146.6872 | AW14: =AV14/AU14*100 -> 25.706734 | AX14: 1731.7 | AY14: 278.07483 | AZ14: =AY14/AX14*100 -> 16.05791 | BA14: 1627.1 | BB14: 274.88055 | BC14: =BB14/BA14*100 -> 16.893894 | BD14: 154.7 | BE14: 65.94702 | BF14: =BE14/BD14*100 -> 42.628972 | BG14: 676.4 | BH14: 143.23463 | BI14: =BH14/BG14*100 -> 21.176025 | BJ14: 427.2 | BK14: 44.7749 | BL14: =BK14/BJ14*100 -> 10.481016 | BM14: 213.4 | BN14: 35.29279 | BO14: =BN14/BM14*100 -> 16.538327 | BP14: 111.4 | BQ14: 0 | BR14: =BQ14/BP14*100 -> 0 | BS14: 1.7 | BT14: 0 | BU14: =BT14/BS14*100 -> 0 | BV14: 1292.6 | BW14: 193.36147 | BX14: =BW14/BV14*100 -> 14.959111
A15: Воскресенский | B15: =E15+H15+K15+N15+Q15+T15+W15+Z15+AC15+AF15+AI15+AL15+AO15+AR15+AU15+AX15+BA15+BD15+BG15+BJ15+BM15+BP15+BS15+BV15 -> 102815.4 | C15: =F15+I15+L15+O15+R15+U15+X15+AA15+AD15+AG15+AJ15+AM15+AP15+AS15+AV15+AY15+BB15+BE15+BH15+BK15+BN15+BQ15+BT15+BW15 -> 19207.723 | D15: =C15/B15*100 -> 18.681757 | E15: 17032.2 | F15: 3061.5494 | G15: =F15/E15*100 -> 17.975067 | H15: 859.6 | I15: 115.9158 | J15: =I15/H15*100 -> 13.484853 | K15: 66.2 | L15: 10.641 | M15: =L15/K15*100 -> 16.074018 | N15: 80033.7 | O15: 14913.3 | P15: =O15/N15*100 -> 18.633776 | AC15: 1475.2 | AD15: 358.59036 | AE15: =AD15/AC15*100 -> 24.307915 | AF15: 297.2 | AG15: 68.53562 | AH15: =AG15/AF15*100 -> 23.060437 | AI15: 46.3 | AJ15: 7.465 | AK15: =AJ15/AI15*100 -> 16.12311 | AL15: 203.8 | AM15: 29.16741 | AN15: =AM15/AL15*100 -> 14.311781 | AR15: 518.2 | AS15: 164 | AT15: =AS15/AR15*100 -> 31.648012 | AU15: 796.8 | AV15: 247.8 | AW15: =AV15/AU15*100 -> 31.099398 | AX15: 197 | AY15: 31.86066 | AZ15: =AY15/AX15*100 -> 16.172924 | BA15: 185 | BB15: 40.59003 | BC15: =BB15/BA15*100 -> 21.940557 | BG15: 207.1 | BH15: 29.45598 | BI15: =BH15/BG15*100 -> 14.223071 | BJ15: 195.2 | BK15: 5.37726 | BL15: =BK15/BJ15*100 -> 2.7547439 | BM15: 195 | BN15: 32.49674 | BO15: =BN15/BM15*100 -> 16.664995 | BP15: 44.6 | BQ15: 0 | BR15: =BQ15/BP15*100 -> 0 | BS15: 0.6 | BT15: 0 | BU15: =BT15/BS15*100 -> 0 | BV15: 461.7 | BW15: 90.97714 | BX15: =BW15/BV15*100 -> 19.704817
A16: Дергачевский | B16: =E16+H16+K16+N16+Q16+T16+W16+Z16+AC16+AF16+AI16+AL16+AO16+AR16+AU16+AX16+BA16+BD16+BG16+BJ16+BM16+BP16+BS16+BV16 -> 174015.3 | C16: =F16+I16+L16+O16+R16+U16+X16+AA16+AD16+AG16+AJ16+AM16+AP16+AS16+AV16+AY16+BB16+BE16+BH16+BK16+BN16+BQ16+BT16+BW16 -> 34855.975 | D16: =C16/B16*100 -> 20.030408 | E16: 30767.4 | F16: 5850 | G16: =F16/E16*100 -> 19.013631 | H16: 2772.5 | I16: 519.49 | J16: =I16/H16*100 -> 18.737241 | K16: 153 | L16: 25.73745 | M16: =L16/K16*100 -> 16.821863 | N16: 128113.1 | O16: 25710.885 | P16: =O16/N16*100 -> 20.068896 | AC16: 2539.8 | AD16: 684.54054 | AE16: =AD16/AC16*100 -> 26.952537 | AF16: 607.1 | AG16: 117.78618 | AH16: =AG16/AF16*100 -> 19.401446 | AI16: 92.5 | AJ16: 18.779 | AK16: =AJ16/AI16*100 -> 20.301622 | AL16: 203.8 | AM16: 41.20554 | AN16: =AM16/AL16*100 -> 20.218616 | AR16: 812.6 | AS16: 256 | AT16: =AS16/AR16*100 -> 31.503815 | AU16: 5861.7 | AV16: 1250.0885 | AW16: =AV16/AU16*100 -> 21.326382 | AX16: 197 | AY16: 43.71767 | AZ16: =AY16/AX16*100 -> 22.191711 | BA16: 370.1 | BB16: 74.83445 | BC16: =BB16/BA16*100 -> 20.220062 | BD16: 32.6 | BE16: 0 | BF16: =BE16/BD16*100 -> 0 | BG16: 207.1 | BH16: 37.21732 | BI16: =BH16/BG16*100 -> 17.9707 | BJ16: 195.2 | BK16: 39.04292 | BL16: =BK16/BJ16*100 -> 20.001496 | BM16: 195 | BN16: 30.19971 | BO16: =BN16/BM16*100 -> 15.487031 | BP16: 111.4 | BQ16: 0 | BR16: =BQ16/BP16*100 -> 0 | BS16: 1.7 | BT16: 0 | BU16: =BT16/BS16*100 -> 0 | BV16: 781.7 | BW16: 156.45081 | BX16: =BW16/BV16*100 -> 20.014176
A17: Духовницкий | B17: =E17+H17+K17+N17+Q17+T17+W17+Z17+AC17+AF17+AI17+AL17+AO17+AR17+AU17+AX17+BA17+BD17+BG17+BJ17+BM17+BP17+BS17+BV17 -> 103161.1 | C17: =F17+I17+L17+O17+R17+U17+X17+AA17+AD17+AG17+AJ17+AM17+AP17+AS17+AV17+AY17+BB17+BE17+BH17+BK17+BN17+BQ17+BT17+BW17 -> 20438.691 | D17: =C17/B17*100 -> 19.812402 | E17: 17585.8 | F17: 3200 | G17: =F17/E17*100 -> 18.196499 | H17: 884.1 | I17: 201.75816 | J17: =I17/H17*100 -> 22.82074 | K17: 81.2 | L17: 14.69895 | M17: =L17/K17*100 -> 18.102155 | N17: 76679.3 | O17: 14859 | P17: =O17/N17*100 -> 19.378111 | AC17: 1704.4 | AD17: 584.045 | AE17: =AD17/AC17*100 -> 34.266897 | AF17: 548 | AG17: 189.084 | AH17: =AG17/AF17*100 -> 34.50438 | AI17: 46.3 | AJ17: 7.165 | AK17: =AJ17/AI17*100 -> 15.475162 | AL17: 203.8 | AM17: 40.09296 | AN17: =AM17/AL17*100 -> 19.672699 | AR17: 513 | AS17: 164 | AT17: =AS17/AR17*100 -> 31.968811 | AU17: 3244.7 | AV17: 897.62807 | AW17: =AV17/AU17*100 -> 27.66444 | AX17: 197 | AY17: 39.581 | AZ17: =AY17/AX17*100 -> 20.091878 | BA17: 185 | BB17: 38.01318 | BC17: =BB17/BA17*100 -> 20.547665 | BG17: 207.1 | BH17: 39.067 | BI17: =BH17/BG17*100 -> 18.863834 | BJ17: 195.2 | BK17: 36.4526 | BL17: =BK17/BJ17*100 -> 18.674488 | BM17: 195 | BN17: 40.7456 | BO17: =BN17/BM17*100 -> 20.895179 | BP17: 129.2 | BQ17: 0 | BR17: =BQ17/BP17*100 -> 0 | BS17: 1.9 | BT17: 0 | BU17: =BT17/BS17*100 -> 0 | BV17: 560.1 | BW17: 87.35986 | BX17: =BW17/BV17*100 -> 15.59719
A18: Екатериновский | B18: =E18+H18+K18+N18+Q18+T18+W18+Z18+AC18+AF18+AI18+AL18+AO18+AR18+AU18+AX18+BA18+BD18+BG18+BJ18+BM18+BP18+BS18+BV18 -> 175759.3 | C18: =F18+I18+L18+O18+R18+U18+X18+AA18+AD18+AG18+AJ18+AM18+AP18+AS18+AV18+AY18+BB18+BE18+BH18+BK18+BN18+BQ18+BT18+BW18 -> 35414.84 | D18: =C18/B18*100 -> 20.149625 | E18: 27510.5 | F18: 5125.6989 | G18: =F18/E18*100 -> 18.631791 | H18: 1533.6 | I18: 363.9707 | J18: =I18/H18*100 -> 23.733092 | K18: 88 | L18: 14.09941 | M18: =L18/K18*100 -> 16.022057 | N18: 136320.8 | O18: 27779.908 | P18: =O18/N18*100 -> 20.378334 | AC18: 3113.8 | AD18: 754.241 | AE18: =AD18/AC18*100 -> 24.222526 | AF18: 711.1 | AG18: 143.3476 | AH18: =AG18/AF18*100 -> 20.158571 | AI18: 92.5 | AJ18: 17.65658 | AK18: =AJ18/AI18*100 -> 19.088195 | AL18: 203.8 | AM18: 32.40133 | AN18: =AM18/AL18*100 -> 15.898592 | AR18: 804 | AS18: 256 | AT18: =AS18/AR18*100 -> 31.840796 | AU18: 3371.9 | AV18: 667.30646 | AW18: =AV18/AU18*100 -> 19.790221 | AX18: 197 | AY18: 33.3315 | AZ18: =AY18/AX18*100 -> 16.919543 | BA18: 185 | BB18: 35.81105 | BC18: =BB18/BA18*100 -> 19.357324 | BG18: 207.1 | BH18: 16.38923 | BI18: =BH18/BG18*100 -> 7.9136794 | BJ18: 195.2 | BK18: 26.04105 | BL18: =BK18/BJ18*100 -> 13.340702 | BM18: 195 | BN18: 30.1731 | BO18: =BN18/BM18*100 -> 15.473385 | BP18: 44.6 | BQ18: 0 | BR18: =BQ18/BP18*100 -> 0 | BS18: 0.6 | BT18: 0 | BU18: =BT18/BS18*100 -> 0 | BV18: 984.8 | BW18: 118.4646 | BX18: =BW18/BV18*100 -> 12.029305
A19: Ершовский | B19: =E19+H19+K19+N19+Q19+T19+W19+Z19+AC19+AF19+AI19+AL19+AO19+AR19+AU19+AX19+BA19+BD19+BG19+BJ19+BM19+BP19+BS19+BV19 -> 362586.7 | C19: =F19+I19+L19+O19+R19+U19+X19+AA19+AD19+AG19+AJ19+AM19+AP19+AS19+AV19+AY19+BB19+BE19+BH19+BK19+BN19+BQ19+BT19+BW19 -> 69600.217 | D19: =C19/B19*100 -> 19.195469 | E19: 86607.5 | F19: 14395.112 | G19: =F19/E19*100 -> 16.621092 | H19: 4543.7 | I19: 957.04004 | J19: =I19/H19*100 -> 21.063011 | K19: 247.6 | L19: 48.07866 | M19: =L19/K19*100 -> 19.417876 | N19: 252148.9 | O19: 50145.984 | P19: =O19/N19*100 -> 19.887449 | AC19: 5508.1 | AD19: 1107.1678 | AE19: =AD19/AC19*100 -> 20.10072 | AF19: 1814.5 | AG19: 418.72567 | AH19: =AG19/AF19*100 -> 23.076642 | AI19: 323.8 | AJ19: 61.75911 | AK19: =AJ19/AI19*100 -> 19.073227 | AL19: 382.1 | AM19: 95.525 | AN19: =AM19/AL19*100 -> 25 | AO19: 739.5 | AP19: 103.90607 | AQ19: =AP19/AO19*100 -> 14.050855 | AR19: 1618.5 | AS19: 512 | AT19: =AS19/AR19*100 -> 31.634229 | AU19: 5764.4 | AV19: 1335.4676 | AW19: =AV19/AU19*100 -> 23.167505 | AX19: 565.4 | AY19: 69.19094 | AZ19: =AY19/AX19*100 -> 12.23752 | BA19: 740.1 | BB19: 113.4421 | BC19: =BB19/BA19*100 -> 15.327942 | BG19: 207.1 | BH19: 33.13616 | BI19: =BH19/BG19*100 -> 16.000077 | BJ19: 195.2 | BK19: 38.14536 | BL19: =BK19/BJ19*100 -> 19.54168 | BM19: 195 | BN19: 27.24641 | BO19: =BN19/BM19*100 -> 13.972518 | BP19: 49 | BQ19: 0 | BR19: =BQ19/BP19*100 -> 0 | BS19: 0.7 | BT19: 0 | BU19: =BT19/BS19*100 -> 0 | BV19: 935.6 | BW19: 138.2895 | BX19: =BW19/BV19*100 -> 14.780836
A20: Ивантеевский | B20: =E20+H20+K20+N20+Q20+T20+W20+Z20+AC20+AF20+AI20+AL20+AO20+AR20+AU20+AX20+BA20+BD20+BG20+BJ20+BM20+BP20+BS20+BV20 -> 155605.5 | C20: =F20+I20+L20+O20+R20+U20+X20+AA20+AD20+AG20+AJ20+AM20+AP20+AS20+AV20+AY20+BB20+BE20+BH20+BK20+BN20+BQ20+BT20+BW20 -> 30506.302 | D20: =C20/B20*100 -> 19.6049 | E20: 32543.6 | F20: 6180 | G20: =F20/E20*100 -> 18.989909 | H20: 1994.9 | I20: 498.48288 | J20: =I20/H20*100 -> 24.987863 | K20: 118.1 | L20: 18.99599 | M20: =L20/K20*100 -> 16.084666 | N20: 113057.3 | O20: 22150.494 | P20: =O20/N20*100 -> 19.592272 | AC20: 2602.5 | AD20: 604.97197 | AE20: =AD20/AC20*100 -> 23.245801 | AF20: 1016.6 | AG20: 231.94743 | AH20: =AG20/AF20*100 -> 22.815997 | AI20: 92.5 | AJ20: 13.8884 | AK20: =AJ20/AI20*100 -> 15.014486 | AL20: 203.8 | AM20: 48.9139 | AN20: =AM20/AL20*100 -> 24.000932 | AR20: 596.7 | AS20: 188 | AT20: =AS20/AR20*100 -> 31.50662 | AU20: 1396.8 | AV20: 248.55367 | AW20: =AV20/AU20*100 -> 17.794507 | AX20: 197 | AY20: 32.46166 | AZ20: =AY20/AX20*100 -> 16.478 | BA20: 185 | BB20: 32.31584 | BC20: =BB20/BA20*100 -> 17.468022 | BG20: 207.1 | BH20: 35.47716 | BI20: =BH20/BG20*100 -> 17.130449 | BJ20: 195.2 | BK20: 33.09443 | BL20: =BK20/BJ20*100 -> 16.954114 | BM20: 195 | BN20: 27.47428 | BO20: =BN20/BM20*100 -> 14.089374 | BP20: 66.8 | BQ20: 16.576 | BR20: =BQ20/BP20*100 -> 24.814371 | BS20: 1 | BT20: 0.25 | BU20: =BT20/BS20*100 -> 25 | BV20: 935.6 | BW20: 144.40487 | BX20: =BW20/BV20*100 -> 15.434467
A21: Калининский | B21: =E21+H21+K21+N21+Q21+T21+W21+Z21+AC21+AF21+AI21+AL21+AO21+AR21+AU21+AX21+BA21+BD21+BG21+BJ21+BM21+BP21+BS21+BV21 -> 258099.7 | C21: =F21+I21+L21+O21+R21+U21+X21+AA21+AD21+AG21+AJ21+AM21+AP21+AS21+AV21+AY21+BB21+BE21+BH21+BK21+BN21+BQ21+BT21+BW21 -> 49641.226 | D21: =C21/B21*100 -> 19.233353 | E21: 32334.3 | F21: 5715.0493 | G21: =F21/E21*100 -> 17.674882 | H21: 1921.7 | I21: 423.83447 | J21: =I21/H21*100 -> 22.055184 | K21: 152.7 | L21: 36 | M21: =L21/K21*100 -> 23.575639 | N21: 210431.8 | O21: 40549.349 | P21: =O21/N21*100 -> 19.269592 | AC21: 4070.7 | AD21: 661.47785 | AE21: =AD21/AC21*100 -> 16.249732 | AF21: 1027.2 | AG21: 119.32403 | AH21: =AG21/AF21*100 -> 11.616436 | AI21: 185 | AJ21: 42.596 | AK21: =AJ21/AI21*100 -> 23.024865 | AL21: 382.1 | AM21: 78.23004 | AN21: =AM21/AL21*100 -> 20.473708 | AR21: 1335.3 | AS21: 424 | AT21: =AS21/AR21*100 -> 31.753164 | AU21: 3917.4 | AV21: 1177.1838 | AW21: =AV21/AU21*100 -> 30.05013 | AX21: 197 | AY21: 24.85632 | AZ21: =AY21/AX21*100 -> 12.617421 | BA21: 555.1 | BB21: 108.89905 | BC21: =BB21/BA21*100 -> 19.617916 | BG21: 207.1 | BH21: 45.44397 | BI21: =BH21/BG21*100 -> 21.943008 | BJ21: 195.2 | BK21: 45.59808 | BL21: =BK21/BJ21*100 -> 23.359672 | BM21: 195 | BN21: 45.29764 | BO21: =BN21/BM21*100 -> 23.229559 | BP21: 55.7 | BQ21: 0 | BR21: =BQ21/BP21*100 -> 0 | BS21: 0.8 | BT21: 0 | BU21: =BT21/BS21*100 -> 0 | BV21: 935.6 | BW21: 144.08649 | BX21: =BW21/BV21*100 -> 15.400437
A22: Красноармейский | B22: =E22+H22+K22+N22+Q22+T22+W22+Z22+AC22+AF22+AI22+AL22+AO22+AR22+AU22+AX22+BA22+BD22+BG22+BJ22+BM22+BP22+BS22+BV22 -> 316528.8 | C22: =F22+I22+L22+O22+R22+U22+X22+AA22+AD22+AG22+AJ22+AM22+AP22+AS22+AV22+AY22+BB22+BE22+BH22+BK22+BN22+BQ22+BT22+BW22 -> 63100.756 | D22: =C22/B22*100 -> 19.935234 | E22: 53876.5 | F22: 9996.6 | G22: =F22/E22*100 -> 18.554657 | H22: 4089.2 | I22: 892.9966 | J22: =I22/H22*100 -> 21.837929 | K22: 235.7 | L22: 45.02218 | M22: =L22/K22*100 -> 19.101476 | N22: 224113.5 | O22: 43069.176 | P22: =O22/N22*100 -> 19.217573 | AC22: 4701.9 | AD22: 1269.435 | AE22: =AD22/AC22*100 -> 26.998341 | AF22: 1886.2 | AG22: 452.224 | AH22: =AG22/AF22*100 -> 23.9754 | AI22: 231.3 | AJ22: 46.65484 | AK22: =AJ22/AI22*100 -> 20.170705 | AL22: 382.1 | AM22: 87.54204 | AN22: =AM22/AL22*100 -> 22.910767 | AR22: 1994.3 | AS22: 632 | AT22: =AS22/AR22*100 -> 31.690317 | AU22: 20928.3 | AV22: 5917.4658 | AW22: =AV22/AU22*100 -> 28.274947 | AX22: 1373.9 | AY22: 186.54871 | AZ22: =AY22/AX22*100 -> 13.578041 | BA22: 740.1 | BB22: 139.49325 | BC22: =BB22/BA22*100 -> 18.847892 | BG22: 414.3 | BH22: 86.275 | BI22: =BH22/BG22*100 -> 20.824282 | BJ22: 195.2 | BK22: 43.23992 | BL22: =BK22/BJ22*100 -> 22.151598 | BM22: 195 | BN22: 46.312 | BO22: =BN22/BM22*100 -> 23.749744 | BP22: 62.4 | BQ22: 0 | BR22: =BQ22/BP22*100 -> 0 | BS22: 0.9 | BT22: 0 | BU22: =BT22/BS22*100 -> 0 | BV22: 1108 | BW22: 189.77021 | BX22: =BW22/BV22*100 -> 17.127275
A23: Краснокутский | B23: =E23+H23+K23+N23+Q23+T23+W23+Z23+AC23+AF23+AI23+AL23+AO23+AR23+AU23+AX23+BA23+BD23+BG23+BJ23+BM23+BP23+BS23+BV23 -> 271048.3 | C23: =F23+I23+L23+O23+R23+U23+X23+AA23+AD23+AG23+AJ23+AM23+AP23+AS23+AV23+AY23+BB23+BE23+BH23+BK23+BN23+BQ23+BT23+BW23 -> 51772.597 | D23: =C23/B23*100 -> 19.100875 | E23: 69340.5 | F23: 13080 | G23: =F23/E23*100 -> 18.863435 | H23: 3903.9 | I23: 1114.059 | J23: =I23/H23*100 -> 28.537078 | K23: 243.9 | L23: 52.13079 | M23: =L23/K23*100 -> 21.373838 | N23: 169706.3 | O23: 31775.5 | P23: =O23/N23*100 -> 18.723819 | Q23: 10544.9 | R23: 1723.8 | S23: =R23/Q23*100 -> 16.347239 | T23: 105.4 | U23: 17.56 | V23: =U23/T23*100 -> 16.660342 | AC23: 4984.9 | AD23: 1091.7539 | AE23: =AD23/AC23*100 -> 21.90122 | AF23: 2046.4 | AG23: 245.09818 | AH23: =AG23/AF23*100 -> 11.977042 | AI23: 231.3 | AJ23: 18.35865 | AK23: =AJ23/AI23*100 -> 7.9371595 | AL23: 382.1 | AM23: 63.80103 | AN23: =AM23/AL23*100 -> 16.697469 | AR23: 1462.1 | AS23: 464 | AT23: =AS23/AR23*100 -> 31.735175 | AU23: 5413.1 | AV23: 1673.2921 | AW23: =AV23/AU23*100 -> 30.9119 | AX23: 381.3 | AY23: 90.48235 | AZ23: =AY23/AX23*100 -> 23.729963 | BA23: 555.1 | BB23: 71.26589 | BC23: =BB23/BA23*100 -> 12.838388 | BD23: 15.1 | BE23: 0 | BF23: =BE23/BD23*100 -> 0 | BG23: 207.1 | BH23: 41.32343 | BI23: =BH23/BG23*100 -> 19.95337 | BJ23: 195.2 | BK23: 39.69371 | BL23: =BK23/BJ23*100 -> 20.334892 | BM23: 195 | BN23: 33.69713 | BO23: =BN23/BM23*100 -> 17.280579 | BP23: 44.6 | BQ23: 0 | BR23: =BQ23/BP23*100 -> 0 | BS23: 0.6 | BT23: 0 | BU23: =BT23/BS23*100 -> 0 | BV23: 1089.5 | BW23: 176.78084 | BX23: =BW23/BV23*100 -> 16.225869
A24: Краснопартизанский | B24: =E24+H24+K24+N24+Q24+T24+W24+Z24+AC24+AF24+AI24+AL24+AO24+AR24+AU24+AX24+BA24+BD24+BG24+BJ24+BM24+BP24+BS24+BV24 -> 103973.3 | C24: =F24+I24+L24+O24+R24+U24+X24+AA24+AD24+AG24+AJ24+AM24+AP24+AS24+AV24+AY24+BB24+BE24+BH24+BK24+BN24+BQ24+BT24+BW24 -> 20284.395 | D24: =C24/B24*100 -> 19.509235 | E24: 25059.7 | F24: 4228.9958 | G24: =F24/E24*100 -> 16.875684 | H24: 908.7 | I24: 215.817 | J24: =I24/H24*100 -> 23.750083 | K24: 84.1 | L24: 7.13084 | M24: =L24/K24*100 -> 8.4790012 | N24: 69853.1 | O24: 14138.712 | P24: =O24/N24*100 -> 20.240636 | AC24: 1755.5 | AD24: 333.002 | AE24: =AD24/AC24*100 -> 18.969069 | AF24: 648.3 | AG24: 63.58 | AH24: =AG24/AF24*100 -> 9.807188 | AI24: 46.3 | AJ24: 6.8742 | AK24: =AJ24/AI24*100 -> 14.847084 | AL24: 203.8 | AM24: 37.16169 | AN24: =AM24/AL24*100 -> 18.234392 | AR24: 483 | AS24: 152 | AT24: =AS24/AR24*100 -> 31.469979 | AU24: 3598.5 | AV24: 863.63244 | AW24: =AV24/AU24*100 -> 23.99979 | AX24: 197 | AY24: 43.18213 | AZ24: =AY24/AX24*100 -> 21.919863 | BA24: 185 | BB24: 35.13613 | BC24: =BB24/BA24*100 -> 18.992503 | BG24: 207.1 | BH24: 30.21731 | BI24: =BH24/BG24*100 -> 14.590686 | BJ24: 195.2 | BK24: 35.69657 | BL24: =BK24/BJ24*100 -> 18.287177 | BM24: 195 | BN24: 34.78527 | BO24: =BN24/BM24*100 -> 17.8386 | BP24: 44.6 | BQ24: 0 | BR24: =BQ24/BP24*100 -> 0 | BS24: 0.6 | BT24: 0 | BU24: =BT24/BS24*100 -> 0 | BV24: 307.8 | BW24: 58.47178 | BX24: =BW24/BV24*100 -> 18.99668
A25: Лысогорский | B25: =E25+H25+K25+N25+Q25+T25+W25+Z25+AC25+AF25+AI25+AL25+AO25+AR25+AU25+AX25+BA25+BD25+BG25+BJ25+BM25+BP25+BS25+BV25 -> 174920.8 | C25: =F25+I25+L25+O25+R25+U25+X25+AA25+AD25+AG25+AJ25+AM25+AP25+AS25+AV25+AY25+BB25+BE25+BH25+BK25+BN25+BQ25+BT25+BW25 -> 32092.412 | D25: =C25/B25*100 -> 18.346825 | E25: 27934.5 | F25: 3984.5131 | G25: =F25/E25*100 -> 14.263771 | H25: 1152.5 | I25: 149.06177 | J25: =I25/H25*100 -> 12.933776 | K25: 106.7 | L25: 18.59256 | M25: =L25/K25*100 -> 17.42508 | N25: 136835 | O25: 25748.943 | P25: =O25/N25*100 -> 18.817512 | AC25: 3542.7 | AD25: 956.529 | AE25: =AD25/AC25*100 -> 27 | AF25: 926.6 | AG25: 222.4 | AH25: =AG25/AF25*100 -> 24.001727 | AI25: 92.5 | AJ25: 21.29468 | AK25: =AJ25/AI25*100 -> 23.021276 | AL25: 203.8 | AM25: 43.22985 | AN25: =AM25/AL25*100 -> 21.211899 | AR25: 836.2 | AS25: 264 | AT25: =AS25/AR25*100 -> 31.571394 | AU25: 1423.2 | AV25: 355.37091 | AW25: =AV25/AU25*100 -> 24.96985 | AX25: 197 | AY25: 18.54532 | AZ25: =AY25/AX25*100 -> 9.413868 | BA25: 185 | BB25: 36.25045 | BC25: =BB25/BA25*100 -> 19.594838 | BG25: 207.1 | BH25: 47.75179 | BI25: =BH25/BG25*100 -> 23.057359 | BJ25: 195.2 | BK25: 34.34028 | BL25: =BK25/BJ25*100 -> 17.592357 | BM25: 195 | BN25: 32.75272 | BO25: =BN25/BM25*100 -> 16.796267 | BP25: 37.9 | BQ25: 0 | BR25: =BQ25/BP25*100 -> 0 | BS25: 0.5 | BT25: 0 | BU25: =BT25/BS25*100 -> 0 | BV25: 849.4 | BW25: 158.8372 | BX25: =BW25/BV25*100 -> 18.699929
A26: Марксовский | B26: =E26+H26+K26+N26+Q26+T26+W26+Z26+AC26+AF26+AI26+AL26+AO26+AR26+AU26+AX26+BA26+BD26+BG26+BJ26+BM26+BP26+BS26+BV26 -> 504084.2 | C26: =F26+I26+L26+O26+R26+U26+X26+AA26+AD26+AG26+AJ26+AM26+AP26+AS26+AV26+AY26+BB26+BE26+BH26+BK26+BN26+BQ26+BT26+BW26 -> 97640.322 | D26: =C26/B26*100 -> 19.369844 | E26: 91138.4 | F26: 13954.15 | G26: =F26/E26*100 -> 15.310945 | H26: 8513.3 | I26: 2919.0995 | J26: =I26/H26*100 -> 34.288695 | K26: 402.1 | L26: 53.32635 | M26: =L26/K26*100 -> 13.261962 | N26: 372587.6 | O26: 72645.98 | P26: =O26/N26*100 -> 19.497691 | AC26: 8276.7 | AD26: 2234.709 | AE26: =AD26/AC26*100 -> 27 | AF26: 2628.4 | AG26: 630.9 | AH26: =AG26/AF26*100 -> 24.003196 | AI26: 436.9 | AJ26: 85.77714 | AK26: =AJ26/AI26*100 -> 19.633129 | AL26: 581.3 | AM26: 118.27683 | AN26: =AM26/AL26*100 -> 20.346952 | AR26: 2727.3 | AS26: 864 | AT26: =AS26/AR26*100 -> 31.679683 | AU26: 12686.6 | AV26: 3500.5893 | AW26: =AV26/AU26*100 -> 27.592809 | AX26: 1126.8 | AY26: 150.3106 | AZ26: =AY26/AX26*100 -> 13.339599 | BA26: 1165.2 | BB26: 182.7593 | BC26: =BB26/BA26*100 -> 15.684801 | BD26: 66.2 | BE26: 6.64314 | BF26: =BE26/BD26*100 -> 10.034955 | BG26: 216.3 | BH26: 38.02356 | BI26: =BH26/BG26*100 -> 17.579085 | BJ26: 204.4 | BK26: 23.49446 | BL26: =BK26/BJ26*100 -> 11.494354 | BM26: 204.2 | BN26: 35.89714 | BO26: =BN26/BM26*100 -> 17.579403 | BP26: 44.6 | BQ26: 0 | BR26: =BQ26/BP26*100 -> 0 | BS26: 0.6 | BT26: 0 | BU26: =BT26/BS26*100 -> 0 | BV26: 1077.3 | BW26: 196.38612 | BX26: =BW26/BV26*100 -> 18.229474
A27: Новобурасский | B27: =E27+H27+K27+N27+Q27+T27+W27+Z27+AC27+AF27+AI27+AL27+AO27+AR27+AU27+AX27+BA27+BD27+BG27+BJ27+BM27+BP27+BS27+BV27 -> 144659.5 | C27: =F27+I27+L27+O27+R27+U27+X27+AA27+AD27+AG27+AJ27+AM27+AP27+AS27+AV27+AY27+BB27+BE27+BH27+BK27+BN27+BQ27+BT27+BW27 -> 27481.586 | D27: =C27/B27*100 -> 18.997429 | E27: 28989 | F27: 5429.8231 | G27: =F27/E27*100 -> 18.730633 | H27: 1386.3 | I27: 328.81051 | J27: =I27/H27*100 -> 23.718568 | K27: 89.2 | L27: 11.29509 | M27: =L27/K27*100 -> 12.662657 | N27: 104664.9 | O27: 19707.799 | P27: =O27/N27*100 -> 18.829425 | AC27: 2381.5 | AD27: 512.39278 | AE27: =AD27/AC27*100 -> 21.515548 | AF27: 729 | AG27: 75.25395 | AH27: =AG27/AF27*100 -> 10.322901 | AI27: 92.5 | AJ27: 13.58778 | AK27: =AJ27/AI27*100 -> 14.689492 | AL27: 203.8 | AM27: 31.64602 | AN27: =AM27/AL27*100 -> 15.527978 | AR27: 690 | AS27: 220 | AT27: =AS27/AR27*100 -> 31.884058 | AU27: 3657.8 | AV27: 859.70826 | AW27: =AV27/AU27*100 -> 23.503424 | AX27: 197 | AY27: 35.64602 | AZ27: =AY27/AX27*100 -> 18.094426 | BA27: 185 | BB27: 40.15589 | BC27: =BB27/BA27*100 -> 21.705886 | BG27: 207.1 | BH27: 32.62688 | BI27: =BH27/BG27*100 -> 15.754167 | BJ27: 195.2 | BK27: 30.86586 | BL27: =BK27/BJ27*100 -> 15.812428 | BM27: 195 | BN27: 42.26646 | BO27: =BN27/BM27*100 -> 21.675108 | BP27: 44.6 | BQ27: 0 | BR27: =BQ27/BP27*100 -> 0 | BS27: 0.6 | BT27: 0 | BU27: =BT27/BS27*100 -> 0 | BV27: 751 | BW27: 109.70848 | BX27: =BW27/BV27*100 -> 14.60832
A28: Новоузенский | B28: =E28+H28+K28+N28+Q28+T28+W28+Z28+AC28+AF28+AI28+AL28+AO28+AR28+AU28+AX28+BA28+BD28+BG28+BJ28+BM28+BP28+BS28+BV28 -> 248466 | C28: =F28+I28+L28+O28+R28+U28+X28+AA28+AD28+AG28+AJ28+AM28+AP28+AS28+AV28+AY28+BB28+BE28+BH28+BK28+BN28+BQ28+BT28+BW28 -> 46271.384 | D28: =C28/B28*100 -> 18.622823 | E28: 64409.8 | F28: 11517.2 | G28: =F28/E28*100 -> 17.88113 | H28: 2345.7 | I28: 586.408 | J28: =I28/H28*100 -> 24.999275 | K28: 197.3 | L28: 41.74 | M28: =L28/K28*100 -> 21.155601 | N28: 166681.8 | O28: 30416.65 | P28: =O28/N28*100 -> 18.248333 | AC28: 4451.9 | AD28: 1202.013 | AE28: =AD28/AC28*100 -> 27 | AF28: 1132.3 | AG28: 271.8 | AH28: =AG28/AF28*100 -> 24.004239 | AI28: 231.3 | AJ28: 53.2 | AK28: =AJ28/AI28*100 -> 23.000432 | AL28: 382.1 | AM28: 79.07848 | AN28: =AM28/AL28*100 -> 20.695755 | AO28: 739.5 | AP28: 175.63125 | AQ28: =AP28/AO28*100 -> 23.75 | AR28: 1288.3 | AS28: 408 | AT28: =AS28/AR28*100 -> 31.669642 | AU28: 4099.5 | AV28: 1125.5393 | AW28: =AV28/AU28*100 -> 27.455527 | AX28: 197 | AY28: 40.05792 | AZ28: =AY28/AX28*100 -> 20.33397 | BA28: 555.1 | BB28: 93.90011 | BC28: =BB28/BA28*100 -> 16.915891 | BD28: 58.7 | BE28: 0 | BF28: =BE28/BD28*100 -> 0 | BG28: 207.1 | BH28: 38.91663 | BI28: =BH28/BG28*100 -> 18.791226 | BJ28: 195.2 | BK28: 48.8 | BL28: =BK28/BJ28*100 -> 25 | BM28: 195 | BN28: 39.76772 | BO28: =BN28/BM28*100 -> 20.393703 | BP28: 160.4 | BQ28: 0 | BR28: =BQ28/BP28*100 -> 0 | BS28: 2.4 | BT28: 0 | BU28: =BT28/BS28*100 -> 0 | BV28: 935.6 | BW28: 132.6818 | BX28: =BW28/BV28*100 -> 14.181466
A29: Озинский | B29: =E29+H29+K29+N29+Q29+T29+W29+Z29+AC29+AF29+AI29+AL29+AO29+AR29+AU29+AX29+BA29+BD29+BG29+BJ29+BM29+BP29+BS29+BV29 -> 186118.1 | C29: =F29+I29+L29+O29+R29+U29+X29+AA29+AD29+AG29+AJ29+AM29+AP29+AS29+AV29+AY29+BB29+BE29+BH29+BK29+BN29+BQ29+BT29+BW29 -> 34313.112 | D29: =C29/B29*100 -> 18.436204 | E29: 39175.6 | F29: 6029.5544 | G29: =F29/E29*100 -> 15.391097 | H29: 2450.2 | I29: 442.05604 | J29: =I29/H29*100 -> 18.041631 | K29: 152 | L29: 17.02381 | M29: =L29/K29*100 -> 11.199875 | N29: 134495.2 | O29: 25466.855 | P29: =O29/N29*100 -> 18.935141 | AC29: 3520.8 | AD29: 950.616 | AE29: =AD29/AC29*100 -> 27 | AF29: 1084.5 | AG29: 242.139 | AH29: =AG29/AF29*100 -> 22.327248 | AI29: 138.8 | AJ29: 17.73905 | AK29: =AJ29/AI29*100 -> 12.780295 | AL29: 203.8 | AM29: 37.06463 | AN29: =AM29/AL29*100 -> 18.186766 | AR29: 759 | AS29: 240 | AT29: =AS29/AR29*100 -> 31.620553 | AU29: 1867.2 | AV29: 521.6344 | AW29: =AV29/AU29*100 -> 27.936718 | AX29: 197 | AY29: 38.53024 | AZ29: =AY29/AX29*100 -> 19.558497 | BA29: 370.1 | BB29: 69.65213 | BC29: =BB29/BA29*100 -> 18.819814 | BD29: 76.6 | BE29: 17.19602 | BF29: =BE29/BD29*100 -> 22.449112 | BG29: 207.1 | BH29: 32.96085 | BI29: =BH29/BG29*100 -> 15.915427 | BJ29: 195.2 | BK29: 35.7587 | BL29: =BK29/BJ29*100 -> 18.319006 | BM29: 195 | BN29: 31.69005 | BO29: =BN29/BM29*100 -> 16.251308 | BP29: 44.6 | BQ29: 0 | BR29: =BQ29/BP29*100 -> 0 | BS29: 0.6 | BT29: 0 | BU29: =BT29/BS29*100 -> 0 | BV29: 984.8 | BW29: 122.64154 | BX29: =BW29/BV29*100 -> 12.453446
A30: Перелюбский | B30: =E30+H30+K30+N30+Q30+T30+W30+Z30+AC30+AF30+AI30+AL30+AO30+AR30+AU30+AX30+BA30+BD30+BG30+BJ30+BM30+BP30+BS30+BV30 -> 172863.7 | C30: =F30+I30+L30+O30+R30+U30+X30+AA30+AD30+AG30+AJ30+AM30+AP30+AS30+AV30+AY30+BB30+BE30+BH30+BK30+BN30+BQ30+BT30+BW30 -> 33989.645 | D30: =C30/B30*100 -> 19.662685 | E30: 36940.2 | F30: 6298.7085 | G30: =F30/E30*100 -> 17.051095 | H30: 2050.5 | I30: 544.19472 | J30: =I30/H30*100 -> 26.539611 | K30: 106.4 | L30: 15.20728 | M30: =L30/K30*100 -> 14.292556 | N30: 125793.6 | O30: 25256.023 | P30: =O30/N30*100 -> 20.077352 | AC30: 3655.5 | AD30: 986.34716 | AE30: =AD30/AC30*100 -> 26.982551 | AF30: 1069.4 | AG30: 225.9691 | AH30: =AG30/AF30*100 -> 21.130456 | AI30: 92.5 | AJ30: 13.83002 | AK30: =AJ30/AI30*100 -> 14.951373 | AL30: 203.8 | AM30: 32.5125 | AN30: =AM30/AL30*100 -> 15.95314 | AR30: 580.9 | AS30: 184 | AT30: =AS30/AR30*100 -> 31.674987 | AU30: 447.8 | AV30: 154.52428 | AW30: =AV30/AU30*100 -> 34.507432 | AX30: 197 | AY30: 32.5125 | AZ30: =AY30/AX30*100 -> 16.503807 | BA30: 185 | BB30: 28.68538 | BC30: =BB30/BA30*100 -> 15.505611 | BG30: 207.1 | BH30: 37.4389 | BI30: =BH30/BG30*100 -> 18.077692 | BJ30: 195.2 | BK30: 27.6653 | BL30: =BK30/BJ30*100 -> 14.172797 | BM30: 195 | BN30: 27.3273 | BO30: =BN30/BM30*100 -> 14.014 | BP30: 44.6 | BQ30: 0 | BR30: =BQ30/BP30*100 -> 0 | BS30: 0.6 | BT30: 0 | BU30: =BT30/BS30*100 -> 0 | BV30: 898.6 | BW30: 124.69876 | BX30: =BW30/BV30*100 -> 13.877004
A31: Петровский | B31: =E31+H31+K31+N31+Q31+T31+W31+Z31+AC31+AF31+AI31+AL31+AO31+AR31+AU31+AX31+BA31+BD31+BG31+BJ31+BM31+BP31+BS31+BV31 -> 281165.7 | C31: =F31+I31+L31+O31+R31+U31+X31+AA31+AD31+AG31+AJ31+AM31+AP31+AS31+AV31+AY31+BB31+BE31+BH31+BK31+BN31+BQ31+BT31+BW31 -> 53192.642 | D31: =C31/B31*100 -> 18.91861 | E31: 64015.3 | F31: 10653.373 | G31: =F31/E31*100 -> 16.641917 | H31: 3418.3 | I31: 1146.989 | J31: =I31/H31*100 -> 33.554369 | K31: 237.9 | L31: 55.42794 | M31: =L31/K31*100 -> 23.29884 | N31: 189473.9 | O31: 35991.878 | P31: =O31/N31*100 -> 18.995692 | AC31: 4528.8 | AD31: 1035.8189 | AE31: =AD31/AC31*100 -> 22.871818 | AF31: 2263 | AG31: 334.59056 | AH31: =AG31/AF31*100 -> 14.785266 | AI31: 231.3 | AJ31: 51.68078 | AK31: =AJ31/AI31*100 -> 22.343614 | AL31: 382.1 | AM31: 95.525 | AN31: =AM31/AL31*100 -> 25 | AO31: 739.5 | AP31: 105.71481 | AQ31: =AP31/AO31*100 -> 14.295444 | AR31: 1838.9 | AS31: 584 | AT31: =AS31/AR31*100 -> 31.758116 | AU31: 11443.1 | AV31: 2683.3794 | AW31: =AV31/AU31*100 -> 23.449759 | AX31: 565.4 | AY31: 105.97759 | AZ31: =AY31/AX31*100 -> 18.743826 | BA31: 555.1 | BB31: 120.40376 | BC31: =BB31/BA31*100 -> 21.690463 | BD31: 11.3 | BE31: 0 | BF31: =BE31/BD31*100 -> 0 | BG31: 207.1 | BH31: 34.69078 | BI31: =BH31/BG31*100 -> 16.750739 | BJ31: 195.2 | BK31: 33.50046 | BL31: =BK31/BJ31*100 -> 17.162121 | BM31: 195 | BN31: 40.4139 | BO31: =BN31/BM31*100 -> 20.725077 | BP31: 93.6 | BQ31: 0 | BR31: =BQ31/BP31*100 -> 0 | BS31: 1.4 | BT31: 0 | BU31: =BT31/BS31*100 -> 0 | BV31: 769.5 | BW31: 119.27793 | BX31: =BW31/BV31*100 -> 15.500706
A32: Питерский | B32: =E32+H32+K32+N32+Q32+T32+W32+Z32+AC32+AF32+AI32+AL32+AO32+AR32+AU32+AX32+BA32+BD32+BG32+BJ32+BM32+BP32+BS32+BV32 -> 147774.1 | C32: =F32+I32+L32+O32+R32+U32+X32+AA32+AD32+AG32+AJ32+AM32+AP32+AS32+AV32+AY32+BB32+BE32+BH32+BK32+BN32+BQ32+BT32+BW32 -> 27855.116 | D32: =C32/B32*100 -> 18.849795 | E32: 38304.5 | F32: 6552.3266 | G32: =F32/E32*100 -> 17.105893 | H32: 1062.5 | I32: 189.115 | J32: =I32/H32*100 -> 17.799059 | K32: 96.2 | L32: 13.182 | M32: =L32/K32*100 -> 13.702703 | N32: 99553.2 | O32: 19178.858 | P32: =O32/N32*100 -> 19.264934 | AC32: 2678.9 | AD32: 658.564 | AE32: =AD32/AC32*100 -> 24.583374 | AF32: 491.8 | AG32: 118.1 | AH32: =AG32/AF32*100 -> 24.013827 | AI32: 92.5 | AJ32: 14.198 | AK32: =AJ32/AI32*100 -> 15.349189 | AL32: 203.8 | AM32: 35.4907 | AN32: =AM32/AL32*100 -> 17.414475 | AR32: 714.2 | AS32: 228 | AT32: =AS32/AR32*100 -> 31.923831 | AU32: 2579.4 | AV32: 544.30035 | AW32: =AV32/AU32*100 -> 21.10182 | AX32: 197 | AY32: 42.01994 | AZ32: =AY32/AX32*100 -> 21.329919 | BA32: 185 | BB32: 33.9066 | BC32: =BB32/BA32*100 -> 18.327892 | BG32: 207.1 | BH32: 34.31282 | BI32: =BH32/BG32*100 -> 16.568238 | BJ32: 195.2 | BK32: 28.88844 | BL32: =BK32/BJ32*100 -> 14.799406 | BM32: 195 | BN32: 34.3657 | BO32: =BN32/BM32*100 -> 17.623436 | BP32: 44.6 | BQ32: 0 | BR32: =BQ32/BP32*100 -> 0 | BS32: 0.6 | BT32: 0 | BU32: =BT32/BS32*100 -> 0 | BV32: 972.6 | BW32: 149.48745 | BX32: =BW32/BV32*100 -> 15.36988
A33: Пугачевский | B33: =E33+H33+K33+N33+Q33+T33+W33+Z33+AC33+AF33+AI33+AL33+AO33+AR33+AU33+AX33+BA33+BD33+BG33+BJ33+BM33+BP33+BS33+BV33 -> 423342.4 | C33: =F33+I33+L33+O33+R33+U33+X33+AA33+AD33+AG33+AJ33+AM33+AP33+AS33+AV33+AY33+BB33+BE33+BH33+BK33+BN33+BQ33+BT33+BW33 -> 79108.422 | D33: =C33/B33*100 -> 18.686629 | E33: 107432.1 | F33: 17785.077 | G33: =F33/E33*100 -> 16.554715 | H33: 6602.1 | I33: 1987.8 | J33: =I33/H33*100 -> 30.108602 | K33: 375.4 | L33: 46.90084 | M33: =L33/K33*100 -> 12.493564 | N33: 285841.2 | O33: 53912.926 | P33: =O33/N33*100 -> 18.861146 | AC33: 6723.9 | AD33: 1815.453 | AE33: =AD33/AC33*100 -> 27 | AF33: 1742.1 | AG33: 398.03 | AH33: =AG33/AF33*100 -> 22.847713 | AI33: 388.4 | AJ33: 56.12662 | AK33: =AJ33/AI33*100 -> 14.450726 | AL33: 581.3 | AM33: 142.42434 | AN33: =AM33/AL33*100 -> 24.501005 | AR33: 2525.9 | AS33: 801 | AT33: =AS33/AR33*100 -> 31.711469 | AU33: 8030.5 | AV33: 1530.46 | AW33: =AV33/AU33*100 -> 19.058091 | AX33: 399.6 | AY33: 84.178 | AZ33: =AY33/AX33*100 -> 21.065566 | BA33: 971 | BB33: 227.40258 | BC33: =BB33/BA33*100 -> 23.419421 | BG33: 216.3 | BH33: 43.08212 | BI33: =BH33/BG33*100 -> 19.917762 | BJ33: 204.4 | BK33: 45.10304 | BL33: =BK33/BJ33*100 -> 22.066067 | BM33: 204.2 | BN33: 47.50088 | BO33: =BN33/BM33*100 -> 23.261939 | BP33: 44.6 | BQ33: 0 | BR33: =BQ33/BP33*100 -> 0 | BS33: 0.6 | BT33: 0 | BU33: =BT33/BS33*100 -> 0 | BV33: 1058.8 | BW33: 184.95786 | BX33: =BW33/BV33*100 -> 17.468631
A34: Ровенский | B34: =E34+H34+K34+N34+Q34+T34+W34+Z34+AC34+AF34+AI34+AL34+AO34+AR34+AU34+AX34+BA34+BD34+BG34+BJ34+BM34+BP34+BS34+BV34 -> 149271.2 | C34: =F34+I34+L34+O34+R34+U34+X34+AA34+AD34+AG34+AJ34+AM34+AP34+AS34+AV34+AY34+BB34+BE34+BH34+BK34+BN34+BQ34+BT34+BW34 -> 26681.09 | D34: =C34/B34*100 -> 17.874239 | E34: 28566.7 | F34: 5049.4 | G34: =F34/E34*100 -> 17.675825 | H34: 1766.3 | I34: 194.4528 | J34: =I34/H34*100 -> 11.009047 | K34: 107.5 | L34: 15.23819 | M34: =L34/K34*100 -> 14.17506 | N34: 109881.3 | O34: 19368.517 | P34: =O34/N34*100 -> 17.626764 | AC34: 3669.8 | AD34: 871.426 | AE34: =AD34/AC34*100 -> 23.745872 | AF34: 873.3 | AG34: 205.125 | AH34: =AG34/AF34*100 -> 23.488492 | AI34: 92.5 | AJ34: 17.44288 | AK34: =AJ34/AI34*100 -> 18.857168 | AL34: 203.8 | AM34: 13.94764 | AN34: =AM34/AL34*100 -> 6.843788 | AR34: 733.6 | AS34: 232 | AT34: =AS34/AR34*100 -> 31.624864 | AU34: 1261.9 | AV34: 425.28256 | AW34: =AV34/AU34*100 -> 33.701764 | AX34: 197 | AY34: 32.8032 | AZ34: =AY34/AX34*100 -> 16.651371 | BA34: 370.1 | BB34: 32.2032 | BC34: =BB34/BA34*100 -> 8.7012159 | BG34: 207.1 | BH34: 31.4361 | BI34: =BH34/BG34*100 -> 15.179189 | BJ34: 195.2 | BK34: 33.3448 | BL34: =BK34/BJ34*100 -> 17.082377 | BM34: 195 | BN34: 24.29078 | BO34: =BN34/BM34*100 -> 12.45681 | BP34: 44.6 | BQ34: 0 | BR34: =BQ34/BP34*100 -> 0 | BS34: 0.6 | BT34: 0 | BU34: =BT34/BS34*100 -> 0 | BV34: 904.9 | BW34: 134.17998 | BX34: =BW34/BV34*100 -> 14.828156
A35: Романовский | B35: =E35+H35+K35+N35+Q35+T35+W35+Z35+AC35+AF35+AI35+AL35+AO35+AR35+AU35+AX35+BA35+BD35+BG35+BJ35+BM35+BP35+BS35+BV35 -> 106734.7 | C35: =F35+I35+L35+O35+R35+U35+X35+AA35+AD35+AG35+AJ35+AM35+AP35+AS35+AV35+AY35+BB35+BE35+BH35+BK35+BN35+BQ35+BT35+BW35 -> 18721.758 | D35: =C35/B35*100 -> 17.540461 | E35: 18545.7 | F35: 3204.8398 | G35: =F35/E35*100 -> 17.28077 | H35: 691.1 | I35: 80.43516 | J35: =I35/H35*100 -> 11.638715 | K35: 62.2 | L35: 9.5111 | M35: =L35/K35*100 -> 15.291158 | N35: 81060.1 | O35: 14414.6 | P35: =O35/N35*100 -> 17.782608 | AC35: 2010.1 | AD35: 179.29997 | AE35: =AD35/AC35*100 -> 8.9199527 | AF35: 688.7 | AG35: 8.96057 | AH35: =AG35/AF35*100 -> 1.3010847 | AI35: 46.3 | AJ35: 6.6024 | AK35: =AJ35/AI35*100 -> 14.260043 | AL35: 203.8 | AM35: 42.2905 | AN35: =AM35/AL35*100 -> 20.750981 | AR35: 618.6 | AS35: 196 | AT35: =AS35/AR35*100 -> 31.684449 | AU35: 1223.5 | AV35: 247.90525 | AW35: =AV35/AU35*100 -> 20.261974 | AX35: 197 | AY35: 40.04907 | AZ35: =AY35/AX35*100 -> 20.329477 | BA35: 185 | BB35: 34.34108 | BC35: =BB35/BA35*100 -> 18.562746 | BG35: 207.1 | BH35: 42.99 | BI35: =BH35/BG35*100 -> 20.758088 | BJ35: 195.2 | BK35: 46.44474 | BL35: =BK35/BJ35*100 -> 23.793412 | BM35: 195 | BN35: 42.98976 | BO35: =BN35/BM35*100 -> 22.046031 | BP35: 44.6 | BQ35: 0 | BR35: =BQ35/BP35*100 -> 0 | BS35: 0.6 | BT35: 0 | BU35: =BT35/BS35*100 -> 0 | BV35: 560.1 | BW35: 124.49879 | BX35: =BW35/BV35*100 -> 22.227958
A36: Ртищевский | B36: =E36+H36+K36+N36+Q36+T36+W36+Z36+AC36+AF36+AI36+AL36+AO36+AR36+AU36+AX36+BA36+BD36+BG36+BJ36+BM36+BP36+BS36+BV36 -> 352799.7 | C36: =F36+I36+L36+O36+R36+U36+X36+AA36+AD36+AG36+AJ36+AM36+AP36+AS36+AV36+AY36+BB36+BE36+BH36+BK36+BN36+BQ36+BT36+BW36 -> 67010.188 | D36: =C36/B36*100 -> 18.993834 | E36: 84767.7 | F36: 15391.796 | G36: =F36/E36*100 -> 18.157619 | H36: 3566.7 | I36: 1316.4431 | J36: =I36/H36*100 -> 36.909276 | K36: 242.1 | L36: 53.12161 | M36: =L36/K36*100 -> 21.942012 | N36: 223637.4 | O36: 41797.72 | P36: =O36/N36*100 -> 18.689951 | Q36: 12567.1 | R36: 2094.5 | S36: =R36/Q36*100 -> 16.666534 | T36: 125.7 | U36: 20.94997 | V36: =U36/T36*100 -> 16.666643 | AC36: 5010.1 | AD36: 982.58348 | AE36: =AD36/AC36*100 -> 19.612053 | AF36: 761.2 | AG36: 113.76605 | AH36: =AG36/AF36*100 -> 14.945619 | AI36: 339.8 | AJ36: 78.19059 | AK36: =AJ36/AI36*100 -> 23.010768 | AL36: 581.3 | AM36: 75.21702 | AN36: =AM36/AL36*100 -> 12.93945 | AR36: 2365.1 | AS36: 748 | AT36: =AS36/AR36*100 -> 31.62657 | AU36: 15816.1 | AV36: 3889.6763 | AW36: =AV36/AU36*100 -> 24.593144 | AX36: 592.9 | AY36: 106.50444 | AZ36: =AY36/AX36*100 -> 17.963306 | BA36: 776.8 | BB36: 125.549 | BC36: =BB36/BA36*100 -> 16.162333 | BD36: 56.2 | BE36: 2.09491 | BF36: =BE36/BD36*100 -> 3.7275979 | BG36: 216.3 | BH36: 28.26993 | BI36: =BH36/BG36*100 -> 13.069778 | BJ36: 204.4 | BK36: 15.19515 | BL36: =BK36/BJ36*100 -> 7.4340264 | BM36: 204.2 | BN36: 29.58036 | BO36: =BN36/BM36*100 -> 14.485975 | BP36: 44.6 | BQ36: 0 | BR36: =BQ36/BP36*100 -> 0 | BS36: 0.6 | BT36: 0 | BU36: =BT36/BS36*100 -> 0 | BV36: 923.4 | BW36: 141.03067 | BX36: =BW36/BV36*100 -> 15.272977
A37: Самойловский | B37: =E37+H37+K37+N37+Q37+T37+W37+Z37+AC37+AF37+AI37+AL37+AO37+AR37+AU37+AX37+BA37+BD37+BG37+BJ37+BM37+BP37+BS37+BV37 -> 160551.1 | C37: =F37+I37+L37+O37+R37+U37+X37+AA37+AD37+AG37+AJ37+AM37+AP37+AS37+AV37+AY37+BB37+BE37+BH37+BK37+BN37+BQ37+BT37+BW37 -> 31074.856 | D37: =C37/B37*100 -> 19.355119 | E37: 18453.7 | F37: 3434.044 | G37: =F37/E37*100 -> 18.608973 | H37: 955.9 | I37: 77.60421 | J37: =I37/H37*100 -> 8.1184444 | K37: 79.8 | L37: 11.718 | M37: =L37/K37*100 -> 14.684211 | N37: 132041.9 | O37: 25537.502 | P37: =O37/N37*100 -> 19.340453 | AC37: 3535.3 | AD37: 751.278 | AE37: =AD37/AC37*100 -> 21.250757 | AF37: 813.5 | AG37: 191.15 | AH37: =AG37/AF37*100 -> 23.497234 | AI37: 92.5 | AJ37: 11.5878 | AK37: =AJ37/AI37*100 -> 12.527351 | AL37: 203.8 | AM37: 45.44061 | AN37: =AM37/AL37*100 -> 22.296668 | AR37: 795 | AS37: 252 | AT37: =AS37/AR37*100 -> 31.698113 | AU37: 1493.5 | AV37: 333.56155 | AW37: =AV37/AU37*100 -> 22.334218 | AX37: 197 | AY37: 43.28503 | AZ37: =AY37/AX37*100 -> 21.972096 | BA37: 185 | BB37: 43.15992 | BC37: =BB37/BA37*100 -> 23.329686 | BD37: 107.6 | BE37: 0 | BF37: =BE37/BD37*100 -> 0 | BG37: 207.1 | BH37: 48.40191 | BI37: =BH37/BG37*100 -> 23.371275 | BJ37: 195.2 | BK37: 37.03503 | BL37: =BK37/BJ37*100 -> 18.972864 | BM37: 195 | BN37: 45.51695 | BO37: =BN37/BM37*100 -> 23.342026 | BP37: 44.6 | BQ37: 0 | BR37: =BQ37/BP37*100 -> 0 | BS37: 0.6 | BT37: 0 | BU37: =BT37/BS37*100 -> 0 | BV37: 954.1 | BW37: 211.57098 | BX37: =BW37/BV37*100 -> 22.174927
A38: Саратовский | B38: =E38+H38+K38+N38+Q38+T38+W38+Z38+AC38+AF38+AI38+AL38+AO38+AR38+AU38+AX38+BA38+BD38+BG38+BJ38+BM38+BP38+BS38+BV38 -> 370960.6 | C38: =F38+I38+L38+O38+R38+U38+X38+AA38+AD38+AG38+AJ38+AM38+AP38+AS38+AV38+AY38+BB38+BE38+BH38+BK38+BN38+BQ38+BT38+BW38 -> 69967.312 | D38: =C38/B38*100 -> 18.861117 | E38: 108043.4 | F38: 18700 | G38: =F38/E38*100 -> 17.30786 | H38: 4223.5 | I38: 1040.7314 | J38: =I38/H38*100 -> 24.641444 | K38: 175.7 | L38: 40.16877 | M38: =L38/K38*100 -> 22.862134 | N38: 241644.1 | O38: 46290 | P38: =O38/N38*100 -> 19.156272 | AC38: 6184.9 | AD38: 1657.225 | AE38: =AD38/AC38*100 -> 26.794694 | AF38: 2016.6 | AG38: 295.283 | AH38: =AG38/AF38*100 -> 14.642616 | AI38: 277.5 | AJ38: 42.88268 | AK38: =AJ38/AI38*100 -> 15.453218 | AL38: 581.3 | AM38: 50.27818 | AN38: =AM38/AL38*100 -> 8.6492654 | AR38: 2151.3 | AS38: 680 | AT38: =AS38/AR38*100 -> 31.608795 | AU38: 2074.5 | AV38: 596.72373 | AW38: =AV38/AU38*100 -> 28.764701 | AX38: 206.2 | AY38: 38.97976 | AZ38: =AY38/AX38*100 -> 18.90386 | BA38: 776.8 | BB38: 164.54091 | BC38: =BB38/BA38*100 -> 21.181889 | BD38: 76.6 | BE38: 0 | BF38: =BE38/BD38*100 -> 0 | BG38: 216.3 | BH38: 0 | BI38: =BH38/BG38*100 -> 0 | BJ38: 204.4 | BK38: 46.0834 | BL38: =BK38/BJ38*100 -> 22.545695 | BM38: 204.2 | BN38: 43.08401 | BO38: =BN38/BM38*100 -> 21.098928 | BP38: 55.7 | BQ38: 0 | BR38: =BQ38/BP38*100 -> 0 | BS38: 0.8 | BT38: 0 | BU38: =BT38/BS38*100 -> 0 | BV38: 1846.8 | BW38: 281.33083 | BX38: =BW38/BV38*100 -> 15.233422
A39: Советский | B39: =E39+H39+K39+N39+Q39+T39+W39+Z39+AC39+AF39+AI39+AL39+AO39+AR39+AU39+AX39+BA39+BD39+BG39+BJ39+BM39+BP39+BS39+BV39 -> 171310.3 | C39: =F39+I39+L39+O39+R39+U39+X39+AA39+AD39+AG39+AJ39+AM39+AP39+AS39+AV39+AY39+BB39+BE39+BH39+BK39+BN39+BQ39+BT39+BW39 -> 32688.25 | D39: =C39/B39*100 -> 19.08131 | E39: 42524.1 | F39: 7600 | G39: =F39/E39*100 -> 17.872218 | H39: 3357.5 | I39: 633.518 | J39: =I39/H39*100 -> 18.868742 | K39: 246.2 | L39: 38.59206 | M39: =L39/K39*100 -> 15.675085 | N39: 114101.3 | O39: 21767.1 | P39: =O39/N39*100 -> 19.076996 | AC39: 3283 | AD39: 872.17234 | AE39: =AD39/AC39*100 -> 26.566322 | AF39: 1140.5 | AG39: 265.968 | AH39: =AG39/AF39*100 -> 23.320298 | AI39: 185 | AJ39: 26.42019 | AK39: =AJ39/AI39*100 -> 14.281184 | AL39: 203.8 | AM39: 44.15724 | AN39: =AM39/AL39*100 -> 21.666948 | AR39: 1143.1 | AS39: 360 | AT39: =AS39/AR39*100 -> 31.493308 | AU39: 3120.5 | AV39: 695.65837 | AW39: =AV39/AU39*100 -> 22.29317 | AX39: 197 | AY39: 40.92083 | AZ39: =AY39/AX39*100 -> 20.771995 | BA39: 370.1 | BB39: 78.49857 | BC39: =BB39/BA39*100 -> 21.210097 | BG39: 207.1 | BH39: 35.38612 | BI39: =BH39/BG39*100 -> 17.08649 | BJ39: 195.2 | BK39: 42.53455 | BL39: =BK39/BJ39*100 -> 21.790241 | BM39: 195 | BN39: 40.15626 | BO39: =BN39/BM39*100 -> 20.592954 | BP39: 40.1 | BQ39: 10.025 | BR39: =BQ39/BP39*100 -> 25 | BS39: 0.6 | BT39: 0.15 | BU39: =BT39/BS39*100 -> 25 | BV39: 800.2 | BW39: 136.99272 | BX39: =BW39/BV39*100 -> 17.11981
A40: Татищевский | B40: =E40+H40+K40+N40+Q40+T40+W40+Z40+AC40+AF40+AI40+AL40+AO40+AR40+AU40+AX40+BA40+BD40+BG40+BJ40+BM40+BP40+BS40+BV40 -> 221552 | C40: =F40+I40+L40+O40+R40+U40+X40+AA40+AD40+AG40+AJ40+AM40+AP40+AS40+AV40+AY40+BB40+BE40+BH40+BK40+BN40+BQ40+BT40+BW40 -> 43270.565 | D40: =C40/B40*100 -> 19.530659 | E40: 30236.7 | F40: 5990 | G40: =F40/E40*100 -> 19.810363 | H40: 3473.1 | I40: 949.87128 | J40: =I40/H40*100 -> 27.349379 | K40: 158.8 | L40: 15.564 | M40: =L40/K40*100 -> 9.8010076 | N40: 180133.2 | O40: 34620.9 | P40: =O40/N40*100 -> 19.219611 | AC40: 3113.8 | AD40: 753.30555 | AE40: =AD40/AC40*100 -> 24.192483 | AF40: 300.1 | AG40: 48.758 | AH40: =AG40/AF40*100 -> 16.247251 | AI40: 138.8 | AJ40: 16.11912 | AK40: =AJ40/AI40*100 -> 11.613199 | AL40: 203.8 | AM40: 39.40736 | AN40: =AM40/AL40*100 -> 19.33629 | AR40: 1251.5 | AS40: 396 | AT40: =AS40/AR40*100 -> 31.64203 | AU40: 478.8 | AV40: 153.30371 | AW40: =AV40/AU40*100 -> 32.018319 | AX40: 197 | AY40: 29.64814 | AZ40: =AY40/AX40*100 -> 15.049817 | BA40: 370.1 | BB40: 53.96027 | BC40: =BB40/BA40*100 -> 14.579916 | BD40: 9.8 | BE40: 0.40296 | BF40: =BE40/BD40*100 -> 4.1118367 | BG40: 207.1 | BH40: 26.5077 | BI40: =BH40/BG40*100 -> 12.799469 | BJ40: 195.2 | BK40: 13.82634 | BL40: =BK40/BJ40*100 -> 7.083166 | BM40: 195 | BN40: 32.58256 | BO40: =BN40/BM40*100 -> 16.709005 | BP40: 51.2 | BQ40: 0 | BR40: =BQ40/BP40*100 -> 0 | BS40: 0.8 | BT40: 0 | BU40: =BT40/BS40*100 -> 0 | BV40: 837.2 | BW40: 130.40806 | BX40: =BW40/BV40*100 -> 15.576691
A41: Турковский | B41: =E41+H41+K41+N41+Q41+T41+W41+Z41+AC41+AF41+AI41+AL41+AO41+AR41+AU41+AX41+BA41+BD41+BG41+BJ41+BM41+BP41+BS41+BV41 -> 99979.8 | C41: =F41+I41+L41+O41+R41+U41+X41+AA41+AD41+AG41+AJ41+AM41+AP41+AS41+AV41+AY41+BB41+BE41+BH41+BK41+BN41+BQ41+BT41+BW41 -> 17470.8 | D41: =C41/B41*100 -> 17.474329 | E41: 14704.5 | F41: 2420 | G41: =F41/E41*100 -> 16.457547 | H41: 341.5 | I41: 77.73765 | J41: =I41/H41*100 -> 22.763587 | K41: 29.4 | L41: 4.7485 | M41: =L41/K41*100 -> 16.151361 | N41: 74675.1 | O41: 13810.897 | P41: =O41/N41*100 -> 18.494648 | AC41: 1633.1 | AD41: 100.04119 | AE41: =AD41/AC41*100 -> 6.1258459 | AF41: 456.7 | AG41: 27.00314 | AH41: =AG41/AF41*100 -> 5.9126648 | AI41: 46.3 | AJ41: 6.9631 | AK41: =AJ41/AI41*100 -> 15.039093 | AL41: 203.8 | AM41: 21.61436 | AN41: =AM41/AL41*100 -> 10.605672 | AR41: 484.7 | AS41: 152 | AT41: =AS41/AR41*100 -> 31.359604 | AU41: 5820.1 | AV41: 662.38593 | AW41: =AV41/AU41*100 -> 11.381006 | AX41: 197 | AY41: 19.00479 | AZ41: =AY41/AX41*100 -> 9.6471015 | BA41: 185 | BB41: 32.88323 | BC41: =BB41/BA41*100 -> 17.774719 | BG41: 207.1 | BH41: 21.59971 | BI41: =BH41/BG41*100 -> 10.429604 | BJ41: 195.2 | BK41: 18.62833 | BL41: =BK41/BJ41*100 -> 9.5432018 | BM41: 195 | BN41: 18.42591 | BO41: =BN41/BM41*100 -> 9.4491846 | BP41: 44.6 | BQ41: 0 | BR41: =BQ41/BP41*100 -> 0 | BS41: 0.6 | BT41: 0 | BU41: =BT41/BS41*100 -> 0 | BV41: 560.1 | BW41: 76.86704 | BX41: =BW41/BV41*100 -> 13.723806
A42: Федоровский | B42: =E42+H42+K42+N42+Q42+T42+W42+Z42+AC42+AF42+AI42+AL42+AO42+AR42+AU42+AX42+BA42+BD42+BG42+BJ42+BM42+BP42+BS42+BV42 -> 156629.8 | C42: =F42+I42+L42+O42+R42+U42+X42+AA42+AD42+AG42+AJ42+AM42+AP42+AS42+AV42+AY42+BB42+BE42+BH42+BK42+BN42+BQ42+BT42+BW42 -> 33066.104 | D42: =C42/B42*100 -> 21.110992 | E42: 28310.7 | F42: 5200 | G42: =F42/E42*100 -> 18.367614 | H42: 1831.1 | I42: 340.1503 | J42: =I42/H42*100 -> 18.576282 | K42: 118.7 | L42: 17.34363 | M42: =L42/K42*100 -> 14.611314 | N42: 117381.2 | O42: 25356.978 | P42: =O42/N42*100 -> 21.602248 | AC42: 2815.2 | AD42: 760.104 | AE42: =AD42/AC42*100 -> 27 | AF42: 751.2 | AG42: 179.9 | AH42: =AG42/AF42*100 -> 23.948349 | AI42: 138.8 | AJ42: 22.188 | AK42: =AJ42/AI42*100 -> 15.985591 | AL42: 203.8 | AM42: 36.34174 | AN42: =AM42/AL42*100 -> 17.832061 | AR42: 838.6 | AS42: 264 | AT42: =AS42/AR42*100 -> 31.48104 | AU42: 2145 | AV42: 541.79618 | AW42: =AV42/AU42*100 -> 25.258563 | AX42: 197 | AY42: 33.97906 | AZ42: =AY42/AX42*100 -> 17.248254 | BA42: 185 | BB42: 34.14143 | BC42: =BB42/BA42*100 -> 18.454827 | BG42: 207.1 | BH42: 17.16976 | BI42: =BH42/BG42*100 -> 8.2905649 | BJ42: 195.2 | BK42: 41.69694 | BL42: =BK42/BJ42*100 -> 21.361137 | BM42: 195 | BN42: 41.67493 | BO42: =BN42/BM42*100 -> 21.371759 | BP42: 44.6 | BQ42: 0 | BR42: =BQ42/BP42*100 -> 0 | BS42: 0.6 | BT42: 0 | BU42: =BT42/BS42*100 -> 0 | BV42: 1071 | BW42: 178.64018 | BX42: =BW42/BV42*100 -> 16.679755
A43: Хвалынский | B43: =E43+H43+K43+N43+Q43+T43+W43+Z43+AC43+AF43+AI43+AL43+AO43+AR43+AU43+AX43+BA43+BD43+BG43+BJ43+BM43+BP43+BS43+BV43 -> 164242.6 | C43: =F43+I43+L43+O43+R43+U43+X43+AA43+AD43+AG43+AJ43+AM43+AP43+AS43+AV43+AY43+BB43+BE43+BH43+BK43+BN43+BQ43+BT43+BW43 -> 30515.048 | D43: =C43/B43*100 -> 18.579253 | E43: 23263.9 | F43: 3970.1949 | G43: =F43/E43*100 -> 17.065904 | H43: 1813.4 | I43: 497.56486 | J43: =I43/H43*100 -> 27.43823 | K43: 132.2 | L43: 14.48542 | M43: =L43/K43*100 -> 10.957201 | N43: 125057.7 | O43: 23424.208 | P43: =O43/N43*100 -> 18.73072 | Q43: 1546 | R43: 252.6 | S43: =R43/Q43*100 -> 16.338939 | T43: 15.5 | U43: 0 | V43: =U43/T43*100 -> 0 | AC43: 3530.3 | AD43: 355.80517 | AE43: =AD43/AC43*100 -> 10.07861 | AF43: 1127.3 | AG43: 104.59155 | AH43: =AG43/AF43*100 -> 9.2780582 | AI43: 92.5 | AJ43: 8.86536 | AK43: =AJ43/AI43*100 -> 9.584173 | AL43: 203.8 | AM43: 38.57115 | AN43: =AM43/AL43*100 -> 18.925981 | AR43: 968.6 | AS43: 308 | AT43: =AS43/AR43*100 -> 31.798472 | AU43: 4045 | AV43: 1084.8749 | AW43: =AV43/AU43*100 -> 26.820145 | AX43: 197 | AY43: 37.71411 | AZ43: =AY43/AX43*100 -> 19.144218 | BA43: 370.1 | BB43: 54.14842 | BC43: =BB43/BA43*100 -> 14.630754 | BG43: 207.1 | BH43: 39.33792 | BI43: =BH43/BG43*100 -> 18.99465 | BJ43: 195.2 | BK43: 37.31533 | BL43: =BK43/BJ43*100 -> 19.11646 | BM43: 195 | BN43: 37.64395 | BO43: =BN43/BM43*100 -> 19.30459 | BP43: 153.7 | BQ43: 0 | BR43: =BQ43/BP43*100 -> 0 | BS43: 2.3 | BT43: 0 | BU43: =BT43/BS43*100 -> 0 | BV43: 1126 | BW43: 249.12774 | BX43: =BW43/BV43*100 -> 22.125021
A44: Энгельсский | B44: =E44+H44+K44+N44+Q44+T44+W44+Z44+AC44+AF44+AI44+AL44+AO44+AR44+AU44+AX44+BA44+BD44+BG44+BJ44+BM44+BP44+BS44+BV44 -> 1742401.4 | C44: =F44+I44+L44+O44+R44+U44+X44+AA44+AD44+AG44+AJ44+AM44+AP44+AS44+AV44+AY44+BB44+BE44+BH44+BK44+BN44+BQ44+BT44+BW44 -> 326531.88 | D44: =C44/B44*100 -> 18.740336 | E44: 503942.3 | F44: 80269.609 | G44: =F44/E44*100 -> 15.928333 | H44: 45039.6 | I44: 17057.115 | J44: =I44/H44*100 -> 37.871373 | K44: 1840.1 | L44: 267.50253 | M44: =L44/K44*100 -> 14.537391 | N44: 1031351.7 | O44: 188858.07 | P44: =O44/N44*100 -> 18.311704 | W44: 9451.7 | X44: 1497.2 | Y44: =X44/W44*100 -> 15.840537 | Z44: 94.5 | AA44: 15.75 | AB44: =AA44/Z44*100 -> 16.666667 | AC44: 24808.5 | AD44: 4327.988 | AE44: =AD44/AC44*100 -> 17.445585 | AF44: 3029.7 | AG44: 199.44926 | AH44: =AG44/AF44*100 -> 6.5831356 | AI44: 2338.2 | AJ44: 379.19996 | AK44: =AJ44/AI44*100 -> 16.217602 | AL44: 1477.5 | AM44: 344.45381 | AN44: =AM44/AL44*100 -> 23.313287 | AO44: 1292.8 | AP44: 300.92618 | AQ44: =AP44/AO44*100 -> 23.277087 | AR44: 13145.2 | AS44: 4164 | AT44: =AS44/AR44*100 -> 31.676962 | AU44: 90724.1 | AV44: 26094.247 | AW44: =AV44/AU44*100 -> 28.7622 | AX44: 3591.9 | AY44: 853.07625 | AZ44: =AY44/AX44*100 -> 23.75 | BA44: 5951.7 | BB44: 1212.8515 | BC44: =BB44/BA44*100 -> 20.378236 | BD44: 103.7 | BE44: 3.8024 | BF44: =BE44/BD44*100 -> 3.666731 | BG44: 1173.2 | BH44: 184.71929 | BI44: =BH44/BG44*100 -> 15.744911 | BJ44: 668.3 | BK44: 141.78362 | BL44: =BK44/BJ44*100 -> 21.215565 | BM44: 445.1 | BN44: 105.712 | BO44: =BN44/BM44*100 -> 23.750169 | BP44: 389.9 | BQ44: 0 | BR44: =BQ44/BP44*100 -> 0 | BS44: 5.8 | BT44: 0 | BU44: =BT44/BS44*100 -> 0 | BV44: 1535.9 | BW44: 254.42759 | BX44: =BW44/BV44*100 -> 16.565375
A45: Итого по муниципальным районам области | B45: =SUM(B7:B44) -> 11650963 | C45: =SUM(C7:C44) -> 2239111.3 | D45: =C45/B45*100 -> 19.218251 | E45: =SUM(E7:E44) -> 2722737 | F45: =SUM(F7:F44) -> 474928.14 | G45: =F45/E45*100 -> 17.443041 | H45: =SUM(H7:H44) -> 182244.4 | I45: =SUM(I7:I44) -> 53022.928 | J45: =I45/H45*100 -> 29.094407 | K45: =SUM(K7:K44) -> 9723 | L45: =SUM(L7:L44) -> 1572.7946 | M45: =L45/K45*100 -> 16.176022 | N45: =SUM(N7:N44) -> 7774391.7 | O45: =SUM(O7:O44) -> 1485601.1 | P45: =O45/N45*100 -> 19.108904 | Q45: =SUM(Q7:Q44) -> 24658 | R45: =SUM(R7:R44) -> 4070.9 | S45: =R45/Q45*100 -> 16.509449 | T45: =SUM(T7:T44) -> 246.6 | U45: =SUM(U7:U44) -> 38.50997 | V45: =U45/T45*100 -> 15.616371 | W45: =SUM(W7:W44) -> 9451.7 | X45: =SUM(X7:X44) -> 1497.2 | Y45: =X45/W45*100 -> 15.840537 | Z45: =SUM(Z7:Z44) -> 94.5 | AA45: =SUM(AA7:AA44) -> 15.75 | AB45: =AA45/Z45*100 -> 16.666667 | AC45: =SUM(AC7:AC44) -> 196026 | AD45: =SUM(AD7:AD44) -> 41923.932 | AE45: =AD45/AC45*100 -> 21.386924 | AF45: =SUM(AF7:AF44) -> 57948.8 | AG45: =SUM(AG7:AG44) -> 10932.129 | AH45: =AG45/AF45*100 -> 18.865152 | AI45: =SUM(AI7:AI44) -> 10502 | AJ45: =SUM(AJ7:AJ44) -> 1767.5959 | AK45: =AJ45/AI45*100 -> 16.831041 | AL45: =SUM(AL7:AL44) -> 13307.3 | AM45: =SUM(AM7:AM44) -> 2582.505 | AN45: =AM45/AL45*100 -> 19.406679 | AO45: =SUM(AO7:AO44) -> 7279.5 | AP45: =SUM(AP7:AP44) -> 1547.2512 | AQ45: =AP45/AO45*100 -> 21.254911 | AR45: =SUM(AR7:AR44) -> 69295.6 | AS45: =SUM(AS7:AS44) -> 21953 | AT45: =AS45/AR45*100 -> 31.680222 | AU45: =SUM(AU7:AU44) -> 455394.2 | AV45: =SUM(AV7:AV44) -> 117597.34 | AW45: =AV45/AU45*100 -> 25.823197 | AX45: =SUM(AX7:AX44) -> 23790.9 | AY45: =SUM(AY7:AY44) -> 4227.2787 | AZ45: =AY45/AX45*100 -> 17.768469 | BA45: =SUM(BA7:BA44) -> 26738.1 | BB45: =SUM(BB7:BB44) -> 4955.0561 | BC45: =BB45/BA45*100 -> 18.531818 | BD45: =SUM(BD7:BD44) -> 1003.7 | BE45: =SUM(BE7:BE44) -> 97.17446 | BF45: =BE45/BD45*100 -> 9.681624 | BG45: =SUM(BG7:BG44) -> 10710.6 | BH45: =SUM(BH7:BH44) -> 1828.4543 | BI45: =BH45/BG45*100 -> 17.071446 | BJ45: =SUM(BJ7:BJ44) -> 8889.4 | BK45: =SUM(BK7:BK44) -> 1566.6926 | BL45: =BK45/BJ45*100 -> 17.624278 | BM45: =SUM(BM7:BM44) -> 8008.6 | BN45: =SUM(BN7:BN44) -> 1483.9295 | BO45: =BN45/BM45*100 -> 18.5292 | BP45: =SUM(BP7:BP44) -> 3068.7 | BQ45: =SUM(BQ7:BQ44) -> 26.601 | BR45: =BQ45/BP45*100 -> 0.86684915 | BS45: =SUM(BS7:BS44) -> 44.3 | BT45: =SUM(BT7:BT44) -> 0.4 | BU45: =BT45/BS45*100 -> 0.90293454 | BV45: =SUM(BV7:BV44) -> 35408.1 | BW45: =SUM(BW7:BW44) -> 5874.6556 | BX45: =BW45/BV45*100 -> 16.591276
A46: г. Саратов | B46: =E46+H46+K46+N46+Q46+T46+W46+Z46+AC46+AF46+AI46+AL46+AO46+AR46+AU46+AX46+BA46+BD46+BG46+BJ46+BM46+BP46+BS46+BV46 -> 4544670.9 | C46: =F46+I46+L46+O46+R46+U46+X46+AA46+AD46+AG46+AJ46+AM46+AP46+AS46+AV46+AY46+BB46+BE46+BH46+BK46+BN46+BQ46+BT46+BW46 -> 894443.5 | D46: =C46/B46*100 -> 19.68115 | E46: 1352766 | F46: 244791.8 | G46: =F46/E46*100 -> 18.09565 | H46: 143516.8 | I46: 45479.968 | J46: =I46/H46*100 -> 31.689647 | K46: 5063.7 | L46: 1362.6269 | M46: =L46/K46*100 -> 26.909709 | N46: 2557578.1 | O46: 492789.05 | P46: =O46/N46*100 -> 19.267801 | Q46: 49661.4 | R46: 8924.3244 | S46: =R46/Q46*100 -> 17.970344 | T46: 496.6 | U46: 27.267 | V46: =U46/T46*100 -> 5.490737 | W46: 20371.3 | X46: 3185.57 | Y46: =X46/W46*100 -> 15.637539 | Z46: 203.7 | AA46: 0 | AB46: =AA46/Z46*100 -> 0 | AC46: 70201.7 | AD46: 12150.154 | AE46: =AD46/AC46*100 -> 17.307493 | AF46: 13867.8 | AG46: 2308.164 | AH46: =AG46/AF46*100 -> 16.644053 | AI46: 6323.8 | AJ46: 1548.016 | AK46: =AJ46/AI46*100 -> 24.479205 | AL46: 3789.6 | AM46: 826.55485 | AN46: =AM46/AL46*100 -> 21.811137 | AO46: 1935.6 | AP46: 459.705 | AQ46: =AP46/AO46*100 -> 23.75 | AU46: 279174.2 | AV46: 72300.091 | AW46: =AV46/AU46*100 -> 25.897841 | AX46: 14624.1 | AY46: 3463.0924 | AZ46: =AY46/AX46*100 -> 23.680722 | BA46: 14879.3 | BB46: 3328.9863 | BC46: =BB46/BA46*100 -> 22.373273 | BD46: 799.9 | BE46: 64.79338 | BF46: =BE46/BD46*100 -> 8.100185 | BG46: 1877.1 | BH46: 420.21251 | BI46: =BH46/BG46*100 -> 22.386261 | BJ46: 1336.6 | BK46: 171.29774 | BL46: =BK46/BJ46*100 -> 12.815931 | BM46: 890.2 | BN46: 211.29781 | BO46: =BN46/BM46*100 -> 23.735993 | BP46: 5235.8 | BQ46: 630.524 | BR46: =BQ46/BP46*100 -> 12.042553 | BS46: 77.6 | BT46: 0 | BU46: =BT46/BS46*100 -> 0
A47: ЗАТО Михайловский | B47: =E47+H47+K47+N47+Q47+T47+W47+Z47+AC47+AF47+AI47+AL47+AO47+AR47+AU47+AX47+BA47+BD47+BG47+BJ47+BM47+BP47+BS47+BV47 -> 22874.4 | C47: =F47+I47+L47+O47+R47+U47+X47+AA47+AD47+AG47+AJ47+AM47+AP47+AS47+AV47+AY47+BB47+BE47+BH47+BK47+BN47+BQ47+BT47+BW47 -> 4424.6709 | D47: =C47/B47*100 -> 19.343331 | E47: 9068.7 | F47: 1609.773 | G47: =F47/E47*100 -> 17.750868 | H47: 286.2 | I47: 59.27444 | J47: =I47/H47*100 -> 20.710846 | K47: 21.1 | L47: 5 | M47: =L47/K47*100 -> 23.696682 | N47: 11135.3 | O47: 2211.868 | P47: =O47/N47*100 -> 19.863569 | AC47: 294.4 | AD47: 57.089 | AE47: =AD47/AC47*100 -> 19.391644 | AF47: 77.9 | AG47: 18.501 | AH47: =AG47/AF47*100 -> 23.749679 | AI47: 46.3 | AJ47: 10.6 | AK47: =AJ47/AI47*100 -> 22.894168 | AL47: 203.8 | AM47: 49.63242 | AN47: =AM47/AL47*100 -> 24.353494 | AU47: 229.4 | AV47: 78.2338 | AW47: =AV47/AU47*100 -> 34.103662 | AX47: 197 | AY47: 35.4644 | AZ47: =AY47/AX47*100 -> 18.002234 | BA47: 185 | BB47: 46.3 | BC47: =BB47/BA47*100 -> 25.027027 | BD47: 4.9 | BE47: 0 | BF47: =BE47/BD47*100 -> 0 | BG47: 621.3 | BH47: 137.91127 | BI47: =BH47/BG47*100 -> 22.197211 | BJ47: 195.2 | BK47: 43.65478 | BL47: =BK47/BJ47*100 -> 22.364129 | BM47: 195 | BN47: 46.313 | BO47: =BN47/BM47*100 -> 23.750256 | BP47: 44.6 | BQ47: 0 | BR47: =BQ47/BP47*100 -> 0 | BS47: 0.6 | BT47: 0 | BU47: =BT47/BS47*100 -> 0 | BV47: 67.7 | BW47: 15.05578 | BX47: =BW47/BV47*100 -> 22.238966
A48: ЗАТО Светлый | B48: =E48+H48+K48+N48+Q48+T48+W48+Z48+AC48+AF48+AI48+AL48+AO48+AR48+AU48+AX48+BA48+BD48+BG48+BJ48+BM48+BP48+BS48+BV48 -> 95335.5 | C48: =F48+I48+L48+O48+R48+U48+X48+AA48+AD48+AG48+AJ48+AM48+AP48+AS48+AV48+AY48+BB48+BE48+BH48+BK48+BN48+BQ48+BT48+BW48 -> 17032.513 | D48: =C48/B48*100 -> 17.865866 | E48: 35872 | F48: 6523.5837 | G48: =F48/E48*100 -> 18.185726 | H48: 3439.5 | I48: 343.07966 | J48: =I48/H48*100 -> 9.9746957 | K48: 192.6 | L48: 15.62261 | M48: =L48/K48*100 -> 8.1114278 | N48: 52189.7 | O48: 9325.1923 | P48: =O48/N48*100 -> 17.867879 | AC48: 1155.7 | AD48: 277.868 | AE48: =AD48/AC48*100 -> 24.043264 | AF48: 213.6 | AG48: 24.40203 | AH48: =AG48/AF48*100 -> 11.424171 | AI48: 92.5 | AJ48: 19.84998 | AK48: =AJ48/AI48*100 -> 21.459438 | AL48: 203.8 | AM48: 44.60241 | AN48: =AM48/AL48*100 -> 21.885383 | AU48: 797.7 | AV48: 208.39073 | AW48: =AV48/AU48*100 -> 26.123948 | AX48: 197 | AY48: 41.57237 | AZ48: =AY48/AX48*100 -> 21.102726 | BA48: 185 | BB48: 53.3195 | BC48: =BB48/BA48*100 -> 28.821351 | BG48: 207.1 | BH48: 51.16 | BI48: =BH48/BG48*100 -> 24.703042 | BJ48: 195.2 | BK48: 20.21225 | BL48: =BK48/BJ48*100 -> 10.354636 | BM48: 195 | BN48: 45.24681 | BO48: =BN48/BM48*100 -> 23.203492 | BP48: 44.6 | BQ48: 0 | BR48: =BQ48/BP48*100 -> 0 | BS48: 0.6 | BT48: 0 | BU48: =BT48/BS48*100 -> 0 | BV48: 153.9 | BW48: 38.41066 | BX48: =BW48/BV48*100 -> 24.958194
A49: ЗАТО Шиханы | B49: =E49+H49+K49+N49+Q49+T49+W49+Z49+AC49+AF49+AI49+AL49+AO49+AR49+AU49+AX49+BA49+BD49+BG49+BJ49+BM49+BP49+BS49+BV49 -> 58450.1 | C49: =F49+I49+L49+O49+R49+U49+X49+AA49+AD49+AG49+AJ49+AM49+AP49+AS49+AV49+AY49+BB49+BE49+BH49+BK49+BN49+BQ49+BT49+BW49 -> 11002.492 | D49: =C49/B49*100 -> 18.823736 | E49: 25127.1 | F49: 4350 | G49: =F49/E49*100 -> 17.311986 | H49: 940.2 | I49: 222.81847 | J49: =I49/H49*100 -> 23.69905 | K49: 45.4 | L49: 6.89546 | M49: =L49/K49*100 -> 15.188238 | N49: 27833.9 | O49: 5377.24 | P49: =O49/N49*100 -> 19.319032 | AC49: 671.7 | AD49: 181.359 | AE49: =AD49/AC49*100 -> 27 | AF49: 292.9 | AG49: 70.3 | AH49: =AG49/AF49*100 -> 24.001366 | AI49: 46.3 | AJ49: 8.12392 | AK49: =AJ49/AI49*100 -> 17.546263 | AL49: 203.8 | AM49: 37.8323 | AN49: =AM49/AL49*100 -> 18.563445 | AU49: 2110.4 | AV49: 547.15696 | AW49: =AV49/AU49*100 -> 25.926694 | AX49: 197 | AY49: 35.18212 | AZ49: =AY49/AX49*100 -> 17.858944 | BA49: 185 | BB49: 13.10076 | BC49: =BB49/BA49*100 -> 7.0814919 | BG49: 207.1 | BH49: 36.09466 | BI49: =BH49/BG49*100 -> 17.428614 | BJ49: 195.2 | BK49: 33.15834 | BL49: =BK49/BJ49*100 -> 16.986855 | BM49: 195 | BN49: 56.4417 | BO49: =BN49/BM49*100 -> 28.944462 | BP49: 44.6 | BQ49: 0 | BR49: =BQ49/BP49*100 -> 0 | BS49: 0.6 | BT49: 0 | BU49: =BT49/BS49*100 -> 0 | BV49: 153.9 | BW49: 26.78866 | BX49: =BW49/BV49*100 -> 17.406537
A50: Итого по городским округам области | B50: =SUM(B46:B49) -> 4721330.9 | C50: =SUM(C46:C49) -> 926903.17 | D50: =C50/B50*100 -> 19.632243 | E50: =SUM(E46:E49) -> 1422833.8 | F50: =SUM(F46:F49) -> 257275.16 | G50: =F50/E50*100 -> 18.081884 | H50: =SUM(H46:H49) -> 148182.7 | I50: =SUM(I46:I49) -> 46105.14 | J50: =I50/H50*100 -> 31.113713 | K50: =SUM(K46:K49) -> 5322.8 | L50: =SUM(L46:L49) -> 1390.145 | M50: =L50/K50*100 -> 26.116799 | N50: =SUM(N46:N49) -> 2648737 | O50: =SUM(O46:O49) -> 509703.35 | P50: =O50/N50*100 -> 19.24326 | Q50: =SUM(Q46:Q49) -> 49661.4 | R50: =SUM(R46:R49) -> 8924.3244 | S50: =R50/Q50*100 -> 17.970344 | T50: =SUM(T46:T49) -> 496.6 | U50: =SUM(U46:U49) -> 27.267 | V50: =U50/T50*100 -> 5.490737 | W50: =SUM(W46:W49) -> 20371.3 | X50: =SUM(X46:X49) -> 3185.57 | Y50: =X50/W50*100 -> 15.637539 | Z50: =SUM(Z46:Z49) -> 203.7 | AA50: =SUM(AA46:AA49) -> 0 | AB50: =AA50/Z50*100 -> 0 | AC50: =SUM(AC46:AC49) -> 72323.5 | AD50: =SUM(AD46:AD49) -> 12666.47 | AE50: =AD50/AC50*100 -> 17.51363 | AF50: =SUM(AF46:AF49) -> 14452.2 | AG50: =SUM(AG46:AG49) -> 2421.367 | AH50: =AG50/AF50*100 -> 16.754314 | AI50: =SUM(AI46:AI49) -> 6508.9 | AJ50: =SUM(AJ46:AJ49) -> 1586.5899 | AK50: =AJ50/AI50*100 -> 24.375699 | AL50: =SUM(AL46:AL49) -> 4401 | AM50: =SUM(AM46:AM49) -> 958.62198 | AN50: =AM50/AL50*100 -> 21.781913 | AO50: =SUM(AO46:AO49) -> 1935.6 | AP50: =SUM(AP46:AP49) -> 459.705 | AQ50: =AP50/AO50*100 -> 23.75 | AU50: =SUM(AU46:AU49) -> 282311.7 | AV50: =SUM(AV46:AV49) -> 73133.873 | AW50: =AV50/AU50*100 -> 25.905364 | AX50: =SUM(AX46:AX49) -> 15215.1 | AY50: =SUM(AY46:AY49) -> 3575.3113 | AZ50: =AY50/AX50*100 -> 23.498441 | BA50: =SUM(BA46:BA49) -> 15434.3 | BB50: =SUM(BB46:BB49) -> 3441.7066 | BC50: =BB50/BA50*100 -> 22.299078 | BD50: =SUM(BD46:BD49) -> 804.8 | BE50: =SUM(BE46:BE49) -> 64.79338 | BF50: =BE50/BD50*100 -> 8.0508673 | BG50: =SUM(BG46:BG49) -> 2912.6 | BH50: =SUM(BH46:BH49) -> 645.37844 | BI50: =BH50/BG50*100 -> 22.158156 | BJ50: =SUM(BJ46:BJ49) -> 1922.2 | BK50: =SUM(BK46:BK49) -> 268.32311 | BL50: =BK50/BJ50*100 -> 13.959167 | BM50: =SUM(BM46:BM49) -> 1475.2 | BN50: =SUM(BN46:BN49) -> 359.29932 | BO50: =BN50/BM50*100 -> 24.355973 | BP50: =SUM(BP46:BP49) -> 5369.6 | BQ50: =SUM(BQ46:BQ49) -> 630.524 | BR50: =BQ50/BP50*100 -> 11.742476 | BS50: =SUM(BS46:BS49) -> 79.4 | BT50: =SUM(BT46:BT49) -> 0 | BU50: =BT50/BS50*100 -> 0 | BV50: =SUM(BV46:BV49) -> 375.5 | BW50: =SUM(BW46:BW49) -> 80.2551 | BX50: =BW50/BV50*100 -> 21.372863
A51: Всего | B51: =B45+B50 -> 16372294 | C51: =C45+C50 -> 3166014.5 | D51: =C51/B51*100 -> 19.337636 | E51: =E45+E50 -> 4145570.8 | F51: =F45+F50 -> 732203.3 | G51: =F51/E51*100 -> 17.662303 | H51: =H45+H50 -> 330427.1 | I51: =I45+I50 -> 99128.069 | J51: =I51/H51*100 -> 29.999981 | K51: =K50+K45 -> 15045.8 | L51: =L50+L45 -> 2962.9396 | M51: =L51/K51*100 -> 19.692802 | N51: =N45+N50 -> 10423129 | O51: =O45+O50 -> 1995304.4 | P51: =O51/N51*100 -> 19.143047 | Q51: =Q45+Q50 -> 74319.4 | R51: =R45+R50 -> 12995.224 | S51: =R51/Q51*100 -> 17.485642 | T51: =T45+T50 -> 743.2 | U51: =U45+U50 -> 65.77697 | V51: =U51/T51*100 -> 8.8505073 | W51: =W45+W50 -> 29823 | X51: =X45+X50 -> 4682.77 | Y51: =X51/W51*100 -> 15.701874 | Z51: =Z45+Z50 -> 298.2 | AA51: =AA45+AA50 -> 15.75 | AB51: =AA51/Z51*100 -> 5.2816901 | AC51: =AC45+AC50 -> 268349.5 | AD51: =AD45+AD50 -> 54590.402 | AE51: =AD51/AC51*100 -> 20.343024 | AF51: =AF45+AF50 -> 72401 | AG51: =AG45+AG50 -> 13353.496 | AH51: =AG51/AF51*100 -> 18.443801 | AI51: =AI45+AI50 -> 17010.9 | AJ51: =AJ45+AJ50 -> 3354.1858 | AK51: =AJ51/AI51*100 -> 19.717862 | AL51: =AL45+AL50 -> 17708.3 | AM51: =AM45+AM50 -> 3541.127 | AN51: =AM51/AL51*100 -> 19.99699 | AO51: =AO45+AO50 -> 9215.1 | AP51: =AP45+AP50 -> 2006.9562 | AQ51: =AP51/AO51*100 -> 21.778996 | AR51: =AR45+AR50 -> 69295.6 | AS51: =AS45+AS50 -> 21953 | AT51: =AS51/AR51*100 -> 31.680222 | AU51: =AU45+AU50 -> 737705.9 | AV51: =AV45+AV50 -> 190731.21 | AW51: =AV51/AU51*100 -> 25.854641 | AX51: =AX45+AX50 -> 39006 | AY51: =AY45+AY50 -> 7802.5901 | AZ51: =AY51/AX51*100 -> 20.003564 | BA51: =BA45+BA50 -> 42172.4 | BB51: =BB45+BB50 -> 8396.7627 | BC51: =BB51/BA51*100 -> 19.910564 | BD51: =BD45+BD50 -> 1808.5 | BE51: =BE45+BE50 -> 161.96784 | BF51: =BE51/BD51*100 -> 8.9559215 | BG51: =BG45+BG50 -> 13623.2 | BH51: =BH45+BH50 -> 2473.8327 | BI51: =BH51/BG51*100 -> 18.15897 | BJ51: =BJ45+BJ50 -> 10811.6 | BK51: =BK45+BK50 -> 1835.0157 | BL51: =BK51/BJ51*100 -> 16.972656 | BM51: =BM45+BM50 -> 9483.8 | BN51: =BN45+BN50 -> 1843.2289 | BO51: =BN51/BM51*100 -> 19.435552 | BP51: =BP45+BP50 -> 8438.3 | BQ51: =BQ45+BQ50 -> 657.125 | BR51: =BQ51/BP51*100 -> 7.7874098 | BS51: =BS45+BS50 -> 123.7 | BT51: =BT45+BT50 -> 0.4 | BU51: =BT51/BS51*100 -> 0.32336297 | BV51: =BV45+BV50 -> 35783.6 | BW51: =BW45+BW50 -> 5954.9107 | BX51: =BW51/BV51*100 -> 16.641452

Sheet Субсидии
A1: Сведения о предоставленных из бюджета Саратовской области межбюджетных трансфертах бюджетам муниципальных образований
A2: за I квартал 2017 года
AS3: (тыс.рублей)
A4: Наименование муниципальных образований | B4: Субсидии, всего | E4: из них
E5: на обеспечение деятельности муниципальных бизнес-инкубаторов | H5: на реализацию мероприятий по обеспечению доступности приоритетных объектов и услуг в приоритетных сферах жизнедеятельности инвалидов и других маломобильных групп населения | K5: на приобретение искусственного покрытия для футбольных полей профильных спортивных школ, включая его доставку и сертификацию полей | N5: на обеспечение мероприятий по переселению граждан из аварийного жилищного фонда | Q5: на поддержку творческой деятельности муниципальных театров в городах с численностью населения до 300 тысяч человек | T5: на создание в общеобразовательных организациях, расположенных в сельской местности, условий для занятий физической культурой и спортом | W5: на создание в дошкольных образовательных организациях (в том числе в организациях, осуществляющих образовательную деятельность по адаптированным основным общеобразовательным программам) условий для получения детьми-инвалидами качественного образования | Z5: на реализацию мероприятий по содействию созданию (исходя из прогнозируемой потребности) новых мест в общеобразовательных организациях | AC5: на обеспечение развития и укрепления материально-технической базы муниципальных домов культуры | AF5: на обеспечение расходных обязательств, связанных с повышением оплаты труда отдельным категориям работников бюджетной сферы в целях реализации Указов Президента Российской Федерации от 7 мая 2012 года № 597 «О мероприятиях по реализации государственной социальной политики» и от 1 июня 2012 года № 761 «О национальной стратегии действий в интересах детей на 2012 - 2017 годы» | AI5: на осуществление дорожной деятельности в отношении автомобильных дорог общего пользования местного значения Саратовской агломерации в границах городских округов области в рамках приоритетного проекта «Безопасные и качественные дороги» за счет средств областного дорожного фонда | AL5: на осуществление дорожной деятельности в отношении автомобильных дорог общего пользования местного значения Саратовской агломерации в границах городских поселений области в рамках приоритетного проекта «Безопасные и качественные дороги» за счет средств областного дорожного фонда | AO5: на капитальный ремонт, ремонт и содержание автомобильных дорог общего пользования местного значения за счет средств областного дорожного фонда | AR5: на комплексное обустройство объектами социальной и инженерной инфраструктуры населенных пунктов, расположенных в сельской местности, на строительство и реконструкцию автомобильных дорог
B6: план | C6: факт | D6: % исполнения | E6: план | F6: факт | G6: % исполнения | H6: план | I6: факт | J6: % исполнения | K6: план | L6: факт | M6: % исполнения | N6: план | O6: факт | P6: % исполнения | Q6: план | R6: факт | S6: % исполнения | T6: план | U6: факт | V6: % исполнения | W6: план | X6: факт | Y6: % исполнения | Z6: план | AA6: факт | AB6: % исполнения | AC6: план | AD6: факт | AE6: % исполнения | AF6: план | AG6: факт | AH6: % исполнения | AI6: план | AJ6: факт | AK6: % исполнения | AL6: план | AM6: факт | AN6: % исполнения | AO6: план | AP6: факт | AQ6: % исполнения | AR6: план | AS6: факт | AT6: % исполнения
A7: Александрово-Гайский | B7: =E7+H7+K7+N7+Q7+T7+W7+Z7+AC7+AF7+AI7+AL7+AO7+AR7 -> 24315 | C7: =F7+I7+L7+O7+R7+U7+X7+AA7+AD7+AG7+AJ7+AM7+AP7+AS7 -> 0 | D7: =C7/B7*100 -> 0 | H7: 85 | I7: 0 | J7: =I7/H7*100 -> 0 | AC7: 2300 | AD7: 0 | AE7: =AD7/AC7*100 -> 0 | AF7: 11429.4 | AG7: 0 | AH7: =AG7/AF7*100 -> 0 | AO7: 10500.6 | AP7: 0 | AQ7: =AP7/AO7*100 -> 0
A8: Аркадакский | B8: =E8+H8+K8+N8+Q8+T8+W8+Z8+AC8+AF8+AI8+AL8+AO8+AR8 -> 16221.4 | C8: =F8+I8+L8+O8+R8+U8+X8+AA8+AD8+AG8+AJ8+AM8+AP8+AS8 -> 0 | D8: =C8/B8*100 -> 0 | T8: 1300 | U8: 0 | V8: =U8/T8*100 -> 0 | AF8: 7757.2 | AG8: 0 | AH8: =AG8/AF8*100 -> 0 | AO8: 7164.2 | AP8: 0 | AQ8: =AP8/AO8*100 -> 0
A9: Аткарский | B9: =E9+H9+K9+N9+Q9+T9+W9+Z9+AC9+AF9+AI9+AL9+AO9+AR9 -> 23391.4 | C9: =F9+I9+L9+O9+R9+U9+X9+AA9+AD9+AG9+AJ9+AM9+AP9+AS9 -> 0 | D9: =C9/B9*100 -> 0 | H9: 369.6 | I9: 0 | J9: =I9/H9*100 -> 0 | T9: 1300 | U9: 0 | V9: =U9/T9*100 -> 0 | AF9: 11893.7 | AG9: 0 | AH9: =AG9/AF9*100 -> 0 | AO9: 9828.1 | AP9: 0 | AQ9: =AP9/AO9*100 -> 0
A10: Базарно-Карабулакский | B10: =E10+H10+K10+N10+Q10+T10+W10+Z10+AC10+AF10+AI10+AL10+AO10+AR10 -> 19940.3 | C10: =F10+I10+L10+O10+R10+U10+X10+AA10+AD10+AG10+AJ10+AM10+AP10+AS10 -> 0 | D10: =C10/B10*100 -> 0 | AC10: 2042 | AD10: 0 | AE10: =AD10/AC10*100 -> 0 | AF10: 11561.8 | AG10: 0 | AH10: =AG10/AF10*100 -> 0 | AO10: 6336.5 | AP10: 0 | AQ10: =AP10/AO10*100 -> 0
A11: Балаковский | B11: =E11+H11+K11+N11+Q11+T11+W11+Z11+AC11+AF11+AI11+AL11+AO11+AR11 -> 61556.9 | C11: =F11+I11+L11+O11+R11+U11+X11+AA11+AD11+AG11+AJ11+AM11+AP11+AS11 -> 0 | D11: =C11/B11*100 -> 0 | E11: 4860 | F11: 0 | G11: =F11/E11*100 -> 0 | H11: 14579 | I11: 0 | J11: =I11/H11*100 -> 0 | Q11: 6500 | R11: 0 | S11: =R11/Q11*100 -> 0 | W11: 2962 | X11: 0 | Y11: =X11/W11*100 -> 0 | AF11: 13467.1 | AG11: 0 | AH11: =AG11/AF11*100 -> 0 | AO11: 9724.8 | AP11: 0 | AQ11: =AP11/AO11*100 -> 0 | AR11: 9464 | AS11: 0 | AT11: =AS11/AR11*100 -> 0
A12: Балашовский | B12: =E12+H12+K12+N12+Q12+T12+W12+Z12+AC12+AF12+AI12+AL12+AO12+AR12 -> 70645.9 | C12: =F12+I12+L12+O12+R12+U12+X12+AA12+AD12+AG12+AJ12+AM12+AP12+AS12 -> 0 | D12: =C12/B12*100 -> 0 | H12: 85 | I12: 0 | J12: =I12/H12*100 -> 0 | K12: 11858.5 | L12: 0 | M12: =L12/K12*100 -> 0 | N12: 1020.1 | O12: 0 | P12: =O12/N12*100 -> 0 | Q12: 9190 | R12: 0 | S12: =R12/Q12*100 -> 0 | AF12: 39052.1 | AG12: 0 | AH12: =AG12/AF12*100 -> 0 | AO12: 9440.2 | AP12: 0 | AQ12: =AP12/AO12*100 -> 0
A13: Балтайский | B13: =E13+H13+K13+N13+Q13+T13+W13+Z13+AC13+AF13+AI13+AL13+AO13+AR13 -> 9799.3 | C13: =F13+I13+L13+O13+R13+U13+X13+AA13+AD13+AG13+AJ13+AM13+AP13+AS13 -> 0 | D13: =C13/B13*100 -> 0 | T13: 1000 | U13: 0 | V13: =U13/T13*100 -> 0 | AF13: 5669.8 | AG13: 0 | AH13: =AG13/AF13*100 -> 0 | AO13: 3129.5 | AP13: 0 | AQ13: =AP13/AO13*100 -> 0
A14: Вольский | B14: =E14+H14+K14+N14+Q14+T14+W14+Z14+AC14+AF14+AI14+AL14+AO14+AR14 -> 35193.2 | C14: =F14+I14+L14+O14+R14+U14+X14+AA14+AD14+AG14+AJ14+AM14+AP14+AS14 -> 0 | D14: =C14/B14*100 -> 0 | H14: 110.2 | I14: 0 | J14: =I14/H14*100 -> 0 | T14: 1150 | U14: 0 | V14: =U14/T14*100 -> 0 | AF14: 23532.5 | AG14: 0 | AH14: =AG14/AF14*100 -> 0 | AO14: 9569.5 | AP14: 0 | AQ14: =AP14/AO14*100 -> 0 | AR14: 831 | AS14: 0 | AT14: =AS14/AR14*100 -> 0
A15: Воскресенский | B15: =E15+H15+K15+N15+Q15+T15+W15+Z15+AC15+AF15+AI15+AL15+AO15+AR15 -> 7814.8 | C15: =F15+I15+L15+O15+R15+U15+X15+AA15+AD15+AG15+AJ15+AM15+AP15+AS15 -> 0 | D15: =C15/B15*100 -> 0 | T15: 1150 | U15: 0 | V15: =U15/T15*100 -> 0 | AF15: 3431.9 | AG15: 0 | AH15: =AG15/AF15*100 -> 0 | AO15: 3232.9 | AP15: 0 | AQ15: =AP15/AO15*100 -> 0
A16: Дергачевский | B16: =E16+H16+K16+N16+Q16+T16+W16+Z16+AC16+AF16+AI16+AL16+AO16+AR16 -> 13956.9 | C16: =F16+I16+L16+O16+R16+U16+X16+AA16+AD16+AG16+AJ16+AM16+AP16+AS16 -> 0 | D16: =C16/B16*100 -> 0 | AC16: 2000 | AD16: 0 | AE16: =AD16/AC16*100 -> 0 | AF16: 6292.8 | AG16: 0 | AH16: =AG16/AF16*100 -> 0 | AO16: 5664.1 | AP16: 0 | AQ16: =AP16/AO16*100 -> 0
A17: Духовницкий | B17: =E17+H17+K17+N17+Q17+T17+W17+Z17+AC17+AF17+AI17+AL17+AO17+AR17 -> 10228.7 | C17: =F17+I17+L17+O17+R17+U17+X17+AA17+AD17+AG17+AJ17+AM17+AP17+AS17 -> 0 | D17: =C17/B17*100 -> 0 | T17: 1145 | U17: 0 | V17: =U17/T17*100 -> 0 | AF17: 5876.6 | AG17: 0 | AH17: =AG17/AF17*100 -> 0 | AO17: 3207.1 | AP17: 0 | AQ17: =AP17/AO17*100 -> 0
A18: Екатериновский | B18: =E18+H18+K18+N18+Q18+T18+W18+Z18+AC18+AF18+AI18+AL18+AO18+AR18 -> 18274.1 | C18: =F18+I18+L18+O18+R18+U18+X18+AA18+AD18+AG18+AJ18+AM18+AP18+AS18 -> 0 | D18: =C18/B18*100 -> 0 | T18: 1300 | U18: 0 | V18: =U18/T18*100 -> 0 | AF18: 12060 | AG18: 0 | AH18: =AG18/AF18*100 -> 0 | AO18: 4914.1 | AP18: 0 | AQ18: =AP18/AO18*100 -> 0
A19: Ершовский | B19: =E19+H19+K19+N19+Q19+T19+W19+Z19+AC19+AF19+AI19+AL19+AO19+AR19 -> 26603.4 | C19: =F19+I19+L19+O19+R19+U19+X19+AA19+AD19+AG19+AJ19+AM19+AP19+AS19 -> 0 | D19: =C19/B19*100 -> 0 | AC19: 2100 | AD19: 0 | AE19: =AD19/AC19*100 -> 0 | AF19: 16796.1 | AG19: 0 | AH19: =AG19/AF19*100 -> 0 | AO19: 7707.3 | AP19: 0 | AQ19: =AP19/AO19*100 -> 0
A20: Ивантеевский | B20: =E20+H20+K20+N20+Q20+T20+W20+Z20+AC20+AF20+AI20+AL20+AO20+AR20 -> 15149.5 | C20: =F20+I20+L20+O20+R20+U20+X20+AA20+AD20+AG20+AJ20+AM20+AP20+AS20 -> 0 | D20: =C20/B20*100 -> 0 | H20: 85 | I20: 0 | J20: =I20/H20*100 -> 0 | T20: 1150 | U20: 0 | V20: =U20/T20*100 -> 0 | W20: 1481 | X20: 0 | Y20: =X20/W20*100 -> 0 | AF20: 7131.5 | AG20: 0 | AH20: =AG20/AF20*100 -> 0 | AO20: 5302 | AP20: 0 | AQ20: =AP20/AO20*100 -> 0
A21: Калининский | B21: =E21+H21+K21+N21+Q21+T21+W21+Z21+AC21+AF21+AI21+AL21+AO21+AR21 -> 39998 | C21: =F21+I21+L21+O21+R21+U21+X21+AA21+AD21+AG21+AJ21+AM21+AP21+AS21 -> 0 | D21: =C21/B21*100 -> 0 | H21: 509.9 | I21: 0 | J21: =I21/H21*100 -> 0 | AC21: 2000 | AD21: 0 | AE21: =AD21/AC21*100 -> 0 | AF21: 5639.7 | AG21: 0 | AH21: =AG21/AF21*100 -> 0 | AO21: 7448.7 | AP21: 0 | AQ21: =AP21/AO21*100 -> 0 | AR21: 24399.7 | AS21: 0 | AT21: =AS21/AR21*100 -> 0
A22: Красноармейский | B22: =E22+H22+K22+N22+Q22+T22+W22+Z22+AC22+AF22+AI22+AL22+AO22+AR22 -> 22866.1 | C22: =F22+I22+L22+O22+R22+U22+X22+AA22+AD22+AG22+AJ22+AM22+AP22+AS22 -> 0 | D22: =C22/B22*100 -> 0 | AC22: 2500 | AD22: 0 | AE22: =AD22/AC22*100 -> 0 | AF22: 10925.9 | AG22: 0 | AH22: =AG22/AF22*100 -> 0 | AO22: 9440.2 | AP22: 0 | AQ22: =AP22/AO22*100 -> 0
A23: Краснокутский | B23: =E23+H23+K23+N23+Q23+T23+W23+Z23+AC23+AF23+AI23+AL23+AO23+AR23 -> 22226.9 | C23: =F23+I23+L23+O23+R23+U23+X23+AA23+AD23+AG23+AJ23+AM23+AP23+AS23 -> 0 | D23: =C23/B23*100 -> 0 | T23: 1100 | U23: 0 | V23: =U23/T23*100 -> 0 | AF23: 15411.1 | AG23: 0 | AH23: =AG23/AF23*100 -> 0 | AO23: 5715.8 | AP23: 0 | AQ23: =AP23/AO23*100 -> 0
A24: Краснопартизанский | B24: =E24+H24+K24+N24+Q24+T24+W24+Z24+AC24+AF24+AI24+AL24+AO24+AR24 -> 48286.1 | C24: =F24+I24+L24+O24+R24+U24+X24+AA24+AD24+AG24+AJ24+AM24+AP24+AS24 -> 0 | D24: =C24/B24*100 -> 0 | H24: 119.3 | I24: 0 | J24: =I24/H24*100 -> 0 | N24: 35397 | O24: 0 | P24: =O24/N24*100 -> 0 | T24: 1146 | U24: 0 | V24: =U24/T24*100 -> 0 | AC24: 2100 | AD24: 0 | AE24: =AD24/AC24*100 -> 0 | AF24: 6963.3 | AG24: 0 | AH24: =AG24/AF24*100 -> 0 | AO24: 2560.5 | AP24: 0 | AQ24: =AP24/AO24*100 -> 0
A25: Лысогорский | B25: =E25+H25+K25+N25+Q25+T25+W25+Z25+AC25+AF25+AI25+AL25+AO25+AR25 -> 12963.7 | C25: =F25+I25+L25+O25+R25+U25+X25+AA25+AD25+AG25+AJ25+AM25+AP25+AS25 -> 0 | D25: =C25/B25*100 -> 0 | AC25: 2000 | AD25: 0 | AE25: =AD25/AC25*100 -> 0 | AF25: 6153.1 | AG25: 0 | AH25: =AG25/AF25*100 -> 0 | AO25: 4810.6 | AP25: 0 | AQ25: =AP25/AO25*100 -> 0
A26: Марксовский | B26: =E26+H26+K26+N26+Q26+T26+W26+Z26+AC26+AF26+AI26+AL26+AO26+AR26 -> 36135.1 | C26: =F26+I26+L26+O26+R26+U26+X26+AA26+AD26+AG26+AJ26+AM26+AP26+AS26 -> 0 | D26: =C26/B26*100 -> 0 | AC26: 1800 | AD26: 0 | AE26: =AD26/AC26*100 -> 0 | AF26: 23886.3 | AG26: 0 | AH26: =AG26/AF26*100 -> 0 | AO26: 10448.8 | AP26: 0 | AQ26: =AP26/AO26*100 -> 0
A27: Новобурасский | B27: =E27+H27+K27+N27+Q27+T27+W27+Z27+AC27+AF27+AI27+AL27+AO27+AR27 -> 16757.2 | C27: =F27+I27+L27+O27+R27+U27+X27+AA27+AD27+AG27+AJ27+AM27+AP27+AS27 -> 0 | D27: =C27/B27*100 -> 0 | AC27: 2000 | AD27: 0 | AE27: =AD27/AC27*100 -> 0 | AF27: 9093.1 | AG27: 0 | AH27: =AG27/AF27*100 -> 0 | AO27: 5664.1 | AP27: 0 | AQ27: =AP27/AO27*100 -> 0
A28: Новоузенский | B28: =E28+H28+K28+N28+Q28+T28+W28+Z28+AC28+AF28+AI28+AL28+AO28+AR28 -> 18475.1 | C28: =F28+I28+L28+O28+R28+U28+X28+AA28+AD28+AG28+AJ28+AM28+AP28+AS28 -> 0 | D28: =C28/B28*100 -> 0 | T28: 1100 | U28: 0 | V28: =U28/T28*100 -> 0 | AC28: 1000 | AD28: 0 | AE28: =AD28/AC28*100 -> 0 | AF28: 6728 | AG28: 0 | AH28: =AG28/AF28*100 -> 0 | AO28: 9647.1 | AP28: 0 | AQ28: =AP28/AO28*100 -> 0
A29: Озинский | B29: =E29+H29+K29+N29+Q29+T29+W29+Z29+AC29+AF29+AI29+AL29+AO29+AR29 -> 14748.9 | C29: =F29+I29+L29+O29+R29+U29+X29+AA29+AD29+AG29+AJ29+AM29+AP29+AS29 -> 0 | D29: =C29/B29*100 -> 0 | H29: 174.2 | I29: 0 | J29: =I29/H29*100 -> 0 | AC29: 2100 | AD29: 0 | AE29: =AD29/AC29*100 -> 0 | AF29: 6965.8 | AG29: 0 | AH29: =AG29/AF29*100 -> 0 | AO29: 5508.9 | AP29: 0 | AQ29: =AP29/AO29*100 -> 0
A30: Перелюбский | B30: =E30+H30+K30+N30+Q30+T30+W30+Z30+AC30+AF30+AI30+AL30+AO30+AR30 -> 34567.5 | C30: =F30+I30+L30+O30+R30+U30+X30+AA30+AD30+AG30+AJ30+AM30+AP30+AS30 -> 0 | D30: =C30/B30*100 -> 0 | T30: 1145 | U30: 0 | V30: =U30/T30*100 -> 0 | AC30: 2000 | AD30: 0 | AE30: =AD30/AC30*100 -> 0 | AF30: 10246.6 | AG30: 0 | AH30: =AG30/AF30*100 -> 0 | AO30: 7965.9 | AP30: 0 | AQ30: =AP30/AO30*100 -> 0 | AR30: 13210 | AS30: 0 | AT30: =AS30/AR30*100 -> 0
A31: Петровский | B31: =E31+H31+K31+N31+Q31+T31+W31+Z31+AC31+AF31+AI31+AL31+AO31+AR31 -> 19280 | C31: =F31+I31+L31+O31+R31+U31+X31+AA31+AD31+AG31+AJ31+AM31+AP31+AS31 -> 0 | D31: =C31/B31*100 -> 0 | T31: 1000 | U31: 0 | V31: =U31/T31*100 -> 0 | AF31: 10443.4 | AG31: 0 | AH31: =AG31/AF31*100 -> 0 | AO31: 7836.6 | AP31: 0 | AQ31: =AP31/AO31*100 -> 0
A32: Питерский | B32: =E32+H32+K32+N32+Q32+T32+W32+Z32+AC32+AF32+AI32+AL32+AO32+AR32 -> 22233.2 | C32: =F32+I32+L32+O32+R32+U32+X32+AA32+AD32+AG32+AJ32+AM32+AP32+AS32 -> 0 | D32: =C32/B32*100 -> 0 | T32: 1100 | U32: 0 | V32: =U32/T32*100 -> 0 | AC32: 2200 | AD32: 0 | AE32: =AD32/AC32*100 -> 0 | AF32: 15053.7 | AG32: 0 | AH32: =AG32/AF32*100 -> 0 | AO32: 3879.5 | AP32: 0 | AQ32: =AP32/AO32*100 -> 0
A33: Пугачевский | B33: =E33+H33+K33+N33+Q33+T33+W33+Z33+AC33+AF33+AI33+AL33+AO33+AR33 -> 63936.8 | C33: =F33+I33+L33+O33+R33+U33+X33+AA33+AD33+AG33+AJ33+AM33+AP33+AS33 -> 0 | D33: =C33/B33*100 -> 0 | N33: 7250.9 | O33: 0 | P33: =O33/N33*100 -> 0 | T33: 1146 | U33: 0 | V33: =U33/T33*100 -> 0 | AC33: 2100 | AD33: 0 | AE33: =AD33/AC33*100 -> 0 | AF33: 16546.1 | AG33: 0 | AH33: =AG33/AF33*100 -> 0 | AO33: 12285.1 | AP33: 0 | AQ33: =AP33/AO33*100 -> 0 | AR33: 24608.7 | AS33: 0 | AT33: =AS33/AR33*100 -> 0
A34: Ровенский | B34: =E34+H34+K34+N34+Q34+T34+W34+Z34+AC34+AF34+AI34+AL34+AO34+AR34 -> 25670.2 | C34: =F34+I34+L34+O34+R34+U34+X34+AA34+AD34+AG34+AJ34+AM34+AP34+AS34 -> 0 | D34: =C34/B34*100 -> 0 | T34: 1100 | U34: 0 | V34: =U34/T34*100 -> 0 | AF34: 4375.2 | AG34: 0 | AH34: =AG34/AF34*100 -> 0 | AO34: 3595 | AP34: 0 | AQ34: =AP34/AO34*100 -> 0 | AR34: 16600 | AS34: 0 | AT34: =AS34/AR34*100 -> 0
A35: Романовский | B35: =E35+H35+K35+N35+Q35+T35+W35+Z35+AC35+AF35+AI35+AL35+AO35+AR35 -> 12648 | C35: =F35+I35+L35+O35+R35+U35+X35+AA35+AD35+AG35+AJ35+AM35+AP35+AS35 -> 0 | D35: =C35/B35*100 -> 0 | AC35: 2000 | AD35: 0 | AE35: =AD35/AC35*100 -> 0 | AF35: 6328.8 | AG35: 0 | AH35: =AG35/AF35*100 -> 0 | AO35: 4319.2 | AP35: 0 | AQ35: =AP35/AO35*100 -> 0
A36: Ртищевский | B36: =E36+H36+K36+N36+Q36+T36+W36+Z36+AC36+AF36+AI36+AL36+AO36+AR36 -> 31252.3 | C36: =F36+I36+L36+O36+R36+U36+X36+AA36+AD36+AG36+AJ36+AM36+AP36+AS36 -> 0 | D36: =C36/B36*100 -> 0 | H36: 504 | I36: 0 | J36: =I36/H36*100 -> 0 | AC36: 2000 | AD36: 0 | AE36: =AD36/AC36*100 -> 0 | AF36: 19204.7 | AG36: 0 | AH36: =AG36/AF36*100 -> 0 | AO36: 9543.6 | AP36: 0 | AQ36: =AP36/AO36*100 -> 0
A37: Самойловский | B37: =E37+H37+K37+N37+Q37+T37+W37+Z37+AC37+AF37+AI37+AL37+AO37+AR37 -> 17356.2 | C37: =F37+I37+L37+O37+R37+U37+X37+AA37+AD37+AG37+AJ37+AM37+AP37+AS37 -> 0 | D37: =C37/B37*100 -> 0 | AC37: 1500 | AD37: 0 | AE37: =AD37/AC37*100 -> 0 | AF37: 5513.9 | AG37: 0 | AH37: =AG37/AF37*100 -> 0 | AO37: 8095.3 | AP37: 0 | AQ37: =AP37/AO37*100 -> 0 | AR37: 2247 | AS37: 0 | AT37: =AS37/AR37*100 -> 0
A38: Саратовский | B38: =E38+H38+K38+N38+Q38+T38+W38+Z38+AC38+AF38+AI38+AL38+AO38+AR38 -> 21305.1 | C38: =F38+I38+L38+O38+R38+U38+X38+AA38+AD38+AG38+AJ38+AM38+AP38+AS38 -> 0 | D38: =C38/B38*100 -> 0 | T38: 1300 | U38: 0 | V38: =U38/T38*100 -> 0 | AC38: 2100 | AD38: 0 | AE38: =AD38/AC38*100 -> 0 | AF38: 3564.7 | AG38: 0 | AH38: =AG38/AF38*100 -> 0 | AO38: 10371.2 | AP38: 0 | AQ38: =AP38/AO38*100 -> 0 | AR38: 3969.2 | AS38: 0 | AT38: =AS38/AR38*100 -> 0
A39: Советский | B39: =E39+H39+K39+N39+Q39+T39+W39+Z39+AC39+AF39+AI39+AL39+AO39+AR39 -> 11450.9 | C39: =F39+I39+L39+O39+R39+U39+X39+AA39+AD39+AG39+AJ39+AM39+AP39+AS39 -> 0 | D39: =C39/B39*100 -> 0 | T39: 1100 | U39: 0 | V39: =U39/T39*100 -> 0 | AF39: 7195.6 | AG39: 0 | AH39: =AG39/AF39*100 -> 0 | AO39: 3155.3 | AP39: 0 | AQ39: =AP39/AO39*100 -> 0
A40: Татищевский | B40: =E40+H40+K40+N40+Q40+T40+W40+Z40+AC40+AF40+AI40+AL40+AO40+AR40 -> 21296.3 | C40: =F40+I40+L40+O40+R40+U40+X40+AA40+AD40+AG40+AJ40+AM40+AP40+AS40 -> 0 | D40: =C40/B40*100 -> 0 | T40: 1000 | U40: 0 | V40: =U40/T40*100 -> 0 | W40: 1481 | X40: 0 | Y40: =X40/W40*100 -> 0 | AC40: 2500 | AD40: 0 | AE40: =AD40/AC40*100 -> 0 | AF40: 4284.2 | AG40: 0 | AH40: =AG40/AF40*100 -> 0 | AO40: 8612.5 | AP40: 0 | AQ40: =AP40/AO40*100 -> 0 | AR40: 3418.6 | AS40: 0 | AT40: =AS40/AR40*100 -> 0
A41: Турковский | B41: =E41+H41+K41+N41+Q41+T41+W41+Z41+AC41+AF41+AI41+AL41+AO41+AR41 -> 9139.6 | C41: =F41+I41+L41+O41+R41+U41+X41+AA41+AD41+AG41+AJ41+AM41+AP41+AS41 -> 0 | D41: =C41/B41*100 -> 0 | T41: 1300 | U41: 0 | V41: =U41/T41*100 -> 0 | AC41: 2000 | AD41: 0 | AE41: =AD41/AC41*100 -> 0 | AF41: 1701.4 | AG41: 0 | AH41: =AG41/AF41*100 -> 0 | AO41: 4138.2 | AP41: 0 | AQ41: =AP41/AO41*100 -> 0
A42: Федоровский | B42: =E42+H42+K42+N42+Q42+T42+W42+Z42+AC42+AF42+AI42+AL42+AO42+AR42 -> 20447.5 | C42: =F42+I42+L42+O42+R42+U42+X42+AA42+AD42+AG42+AJ42+AM42+AP42+AS42 -> 0 | D42: =C42/B42*100 -> 0 | AC42: 2000 | AD42: 0 | AE42: =AD42/AC42*100 -> 0 | AF42: 14231.8 | AG42: 0 | AH42: =AG42/AF42*100 -> 0 | AO42: 4215.7 | AP42: 0 | AQ42: =AP42/AO42*100 -> 0
A43: Хвалынский | B43: =E43+H43+K43+N43+Q43+T43+W43+Z43+AC43+AF43+AI43+AL43+AO43+AR43 -> 20790.7 | C43: =F43+I43+L43+O43+R43+U43+X43+AA43+AD43+AG43+AJ43+AM43+AP43+AS43 -> 0 | D43: =C43/B43*100 -> 0 | AC43: 2500 | AD43: 0 | AE43: =AD43/AC43*100 -> 0 | AF43: 13428.4 | AG43: 0 | AH43: =AG43/AF43*100 -> 0 | AO43: 4862.3 | AP43: 0 | AQ43: =AP43/AO43*100 -> 0
A44: Энгельсский | B44: =E44+H44+K44+N44+Q44+T44+W44+Z44+AC44+AF44+AI44+AL44+AO44+AR44 -> 663639.3 | C44: =F44+I44+L44+O44+R44+U44+X44+AA44+AD44+AG44+AJ44+AM44+AP44+AS44 -> 0 | D44: =C44/B44*100 -> 0 | N44: 267628.4 | O44: 0 | P44: =O44/N44*100 -> 0 | W44: 1481 | X44: 0 | Y44: =X44/W44*100 -> 0 | AC44: 2200 | AD44: 0 | AE44: =AD44/AC44*100 -> 0 | AF44: 33400.3 | AG44: 0 | AH44: =AG44/AF44*100 -> 0 | AL44: 269630 | AM44: 0 | AN44: =AM44/AL44*100 -> 0 | AO44: 8793.6 | AP44: 0 | AQ44: =AP44/AO44*100 -> 0 | AR44: 80506 | AS44: 0 | AT44: =AS44/AR44*100 -> 0
A45: Итого по муниципальным районам области | B45: =SUM(B7:B44) -> 1580561.5 | C45: =SUM(C7:C44) -> 0 | D45: =C45/B45*100 -> 0 | E45: =SUM(E7:E44) -> 4860 | F45: =SUM(F7:F44) -> 0 | G45: =F45/E45*100 -> 0 | H45: =SUM(H7:H44) -> 16621.2 | I45: =SUM(I7:I44) -> 0 | J45: =I45/H45*100 -> 0 | K45: =SUM(K7:K44) -> 11858.5 | L45: =SUM(L7:L44) -> 0 | M45: =L45/K45*100 -> 0 | N45: =SUM(N7:N44) -> 311296.4 | O45: =SUM(O7:O44) -> 0 | P45: =O45/N45*100 -> 0 | Q45: =SUM(Q7:Q44) -> 15690 | R45: =SUM(R7:R44) -> 0 | S45: =R45/Q45*100 -> 0 | T45: =SUM(T7:T44) -> 23032 | U45: =SUM(U7:U44) -> 0 | V45: =U45/T45*100 -> 0 | W45: =SUM(W7:W44) -> 7405 | X45: =SUM(X7:X44) -> 0 | Y45: =X45/W45*100 -> 0 | AC45: =SUM(AC7:AC44) -> 49042 | AD45: =SUM(AD7:AD44) -> 0 | AE45: =AD45/AC45*100 -> 0 | AF45: =SUM(AF7:AF44) -> 433237.6 | AG45: =SUM(AG7:AG44) -> 0 | AH45: =AG45/AF45*100 -> 0 | AL45: =SUM(AL7:AL44) -> 269630 | AM45: =SUM(AM7:AM44) -> 0 | AN45: =AM45/AL45*100 -> 0 | AO45: =SUM(AO7:AO44) -> 258634.6 | AP45: =SUM(AP7:AP44) -> 0 | AQ45: =AP45/AO45*100 -> 0 | AR45: =SUM(AR7:AR44) -> 179254.2 | AS45: =SUM(AS7:AS44) -> 0 | AT45: =AS45/AR45*100 -> 0
A46: г. Саратов | B46: =E46+H46+K46+N46+Q46+T46+W46+Z46+AC46+AF46+AI46+AL46+AO46+AR46 -> 1862736.7 | C46: =F46+I46+L46+O46+R46+U46+X46+AA46+AD46+AG46+AJ46+AM46+AP46+AS46 -> 36336.392 | D46: =C46/B46*100 -> 1.9506993 | H46: 1499 | I46: 0 | J46: =I46/H46*100 -> 0 | N46: 604781.6 | O46: 36336.392 | P46: =O46/N46*100 -> 6.0081841 | W46: 2962 | X46: 0 | Y46: =X46/W46*100 -> 0 | Z46: 515991.9 | AA46: 0 | AB46: =AA46/Z46*100 -> 0 | AF46: 7133.2 | AG46: 0 | AH46: =AG46/AF46*100 -> 0 | AI46: 730369 | AJ46: 0 | AK46: =AJ46/AI46*100 -> 0
A47: ЗАТО Михайловский
A48: ЗАТО Светлый | B48: =E48+H48+K48+N48+Q48+T48+W48+Z48+AC48+AF48+AI48+AL48+AO48+AR48 -> 2412.4 | C48: =F48+I48+L48+O48+R48+U48+X48+AA48+AD48+AG48+AJ48+AM48+AP48+AS48 -> 0 | D48: =C48/B48*100 -> 0 | AF48: 2412.4 | AG48: 0 | AH48: =AG48/AF48*100 -> 0
A49: ЗАТО Шиханы | B49: =E49+H49+K49+N49+Q49+T49+W49+Z49+AC49+AF49+AI49+AL49+AO49+AR49 -> 3612.2 | C49: =F49+I49+L49+O49+R49+U49+X49+AA49+AD49+AG49+AJ49+AM49+AP49+AS49 -> 0 | D49: =C49/B49*100 -> 0 | H49: 1008 | I49: 0 | J49: =I49/H49*100 -> 0 | AF49: 2604.2 | AG49: 0 | AH49: =AG49/AF49*100 -> 0
A50: Итого по городским округам области | B50: =SUM(B46:B49) -> 1868761.3 | C50: =SUM(C46:C49) -> 36336.392 | D50: =C50/B50*100 -> 1.9444106 | H50: =SUM(H46:H49) -> 2507 | I50: =SUM(I46:I49) -> 0 | J50: =I50/H50*100 -> 0 | N50: =SUM(N46:N49) -> 604781.6 | O50: =SUM(O46:O49) -> 36336.392 | P50: =O50/N50*100 -> 6.0081841 | W50: =SUM(W46:W49) -> 2962 | X50: =SUM(X46:X49) -> 0 | Y50: =X50/W50*100 -> 0 | Z50: =SUM(Z46:Z49) -> 515991.9 | AA50: =SUM(AA46:AA49) -> 0 | AB50: =AA50/Z50*100 -> 0 | AF50: =SUM(AF46:AF49) -> 12149.8 | AG50: =SUM(AG46:AG49) -> 0 | AH50: =AG50/AF50*100 -> 0 | AI50: =SUM(AI46:AI49) -> 730369 | AJ50: =SUM(AJ46:AJ49) -> 0 | AK50: =AJ50/AI50*100 -> 0
A51: Всего | B51: =E51+H51+K51+N51+Q51+T51+W51+Z51+AC51+AF51+AI51+AL51+AO51+AR51 -> 3449322.8 | C51: =F51+I51+L51+O51+R51+U51+X51+AA51+AD51+AG51+AJ51+AM51+AP51+AS51 -> 36336.392 | D51: =C51/B51*100 -> 1.0534355 | E51: =E45+E50 -> 4860 | F51: =F45+F50 -> 0 | G51: =F51/E51*100 -> 0 | H51: =H45+H50 -> 19128.2 | I51: =I45+I50 -> 0 | J51: =I51/H51*100 -> 0 | K51: =K45+K50 -> 11858.5 | L51: =L45+L50 -> 0 | M51: =L51/K51*100 -> 0 | N51: =N45+N50 -> 916078 | O51: =O45+O50 -> 36336.392 | P51: =O51/N51*100 -> 3.9665173 | Q51: =Q45+Q50 -> 15690 | R51: =R45+R50 -> 0 | S51: =R51/Q51*100 -> 0 | T51: =T45+T50 -> 23032 | U51: =U45+U50 -> 0 | V51: =U51/T51*100 -> 0 | W51: =W45+W50 -> 10367 | X51: =X45+X50 -> 0 | Y51: =X51/W51*100 -> 0 | Z51: =Z45+Z50 -> 515991.9 | AA51: =AA45+AA50 -> 0 | AB51: =AA51/Z51*100 -> 0 | AC51: =AC45+AC50 -> 49042 | AD51: =AD45+AD50 -> 0 | AE51: =AD51/AC51*100 -> 0 | AF51: =AF45+AF50 -> 445387.4 | AG51: =AG45+AG50 -> 0 | AH51: =AG51/AF51*100 -> 0 | AI51: =AI45+AI50 -> 730369 | AJ51: =AJ45+AJ50 -> 0 | AK51: =AJ51/AI51*100 -> 0 | AL51: =AL45+AL50 -> 269630 | AM51: =AM45+AM50 -> 0 | AN51: =AM51/AL51*100 -> 0 | AO51: =AO45+AO50 -> 258634.6 | AP51: =AP45+AP50 -> 0 | AQ51: =AP51/AO51*100 -> 0 | AR51: =AR45+AR50 -> 179254.2 | AS51: =AS45+AS50 -> 0 | AT51: =AS51/AR51*100 -> 0

Sheet Иные
A1: Сведения о предоставленных из бюджета Саратовской области межбюджетных трансфертах бюджетам муниципальных образований
A2: за I квартал 2017 года
L3: (тыс.рублей)
A4: Наименование муниципальных образований | B4: Иные межбюджетные трансферты, всего | E4: из них
E5: на погашение кредиторской задолженности за выполненные в 2016 году объемы работ по капитальному ремонту, ремонту и содержанию автомобильных дорог общего пользования местного значения за счет неиспользованного остатка средств областного дорожного фонда прошлого года | H5: на осуществление дорожной деятельности в отношении автомобильных дорог общего пользования местного значения Саратовской агломерации в границах городских округов области в рамках приоритетного проекта «Безопасные и качественные дороги» за счет средств областного дорожного фонда | K5: за счет средств, выделяемых из резервного фонда Правительства Саратовской области*
B6: план | C6: факт | D6: % исполнения | E6: план | F6: факт | G6: % исполнения | H6: план | I6: факт | J6: % исполнения | K6: план | L6: факт | M6: % исполнения
A7: Александрово-Гайский | B7: =E7+H7+K7 -> 300 | C7: =F7+I7+L7 -> 300 | D7: =C7/B7*100 -> 100 | K7: 300 | L7: 300 | M7: =L7/K7*100 -> 100
A8: Аркадакский | B8: =E8+H8+K8 -> 5572.8 | C8: =F8+I8+L8 -> 0 | D8: =C8/B8*100 -> 0 | E8: 5572.8 | G8: =F8/E8*100 -> 0
A9: Аткарский | B9: =E9+H9+K9 -> 3361.2 | C9: =F9+I9+L9 -> 0 | D9: =C9/B9*100 -> 0 | E9: 3361.2 | G9: =F9/E9*100 -> 0
A10: Базарно-Карабулакский | B10: =E10+H10+K10 -> 9506.2 | C10: =F10+I10+L10 -> 0 | D10: =C10/B10*100 -> 0 | E10: 9506.2 | G10: =F10/E10*100 -> 0
A11: Балаковский | B11: =E11+H11+K11 -> 2826.2 | C11: =F11+I11+L11 -> 0 | D11: =C11/B11*100 -> 0 | E11: 2826.2 | G11: =F11/E11*100 -> 0
A12: Балашовский | B12: =E12+H12+K12 -> 3516.2 | C12: =F12+I12+L12 -> 0 | D12: =C12/B12*100 -> 0 | E12: 3516.2 | G12: =F12/E12*100 -> 0
A13: Балтайский | B13: =E13+H13+K13 -> 741.4 | C13: =F13+I13+L13 -> 0 | D13: =C13/B13*100 -> 0 | E13: 741.4 | G13: =F13/E13*100 -> 0
A14: Вольский | B14: =E14+H14+K14 -> 5977.6 | C14: =F14+I14+L14 -> 0 | D14: =C14/B14*100 -> 0 | E14: 5977.6 | G14: =F14/E14*100 -> 0
A15: Воскресенский
A16: Дергачевский | B16: =E16+H16+K16 -> 3177.8 | C16: =F16+I16+L16 -> 600 | D16: =C16/B16*100 -> 18.880987 | E16: 2577.8 | G16: =F16/E16*100 -> 0 | K16: 600 | L16: 600 | M16: =L16/K16*100 -> 100
A17: Духовницкий | B17: =E17+H17+K17 -> 360.2 | C17: =F17+I17+L17 -> 0 | D17: =C17/B17*100 -> 0 | E17: 360.2 | G17: =F17/E17*100 -> 0
A18: Екатериновский | B18: =E18+H18+K18 -> 2303.8 | C18: =F18+I18+L18 -> 0 | D18: =C18/B18*100 -> 0 | E18: 2303.8 | G18: =F18/E18*100 -> 0
A19: Ершовский | B19: =E19+H19+K19 -> 8431.5 | C19: =F19+I19+L19 -> 700 | D19: =C19/B19*100 -> 8.3022001 | E19: 7731.5 | G19: =F19/E19*100 -> 0 | K19: 700 | L19: 700 | M19: =L19/K19*100 -> 100
A20: Ивантеевский | B20: =E20+H20+K20 -> 3193 | C20: =F20+I20+L20 -> 0 | D20: =C20/B20*100 -> 0 | E20: 3193 | G20: =F20/E20*100 -> 0
A21: Калининский | B21: =E21+H21+K21 -> 3982.1 | C21: =F21+I21+L21 -> 0 | D21: =C21/B21*100 -> 0 | E21: 3982.1 | G21: =F21/E21*100 -> 0
A22: Красноармейский | B22: =E22+H22+K22 -> 6319.5 | C22: =F22+I22+L22 -> 0 | D22: =C22/B22*100 -> 0 | E22: 6319.5 | G22: =F22/E22*100 -> 0
A23: Краснокутский | B23: =E23+H23+K23 -> 500 | C23: =F23+I23+L23 -> 500 | D23: =C23/B23*100 -> 100 | K23: 500 | L23: 500 | M23: =L23/K23*100 -> 100
A24: Краснопартизанский | B24: =E24+H24+K24 -> 400 | C24: =F24+I24+L24 -> 400 | D24: =C24/B24*100 -> 100 | K24: 400 | L24: 400 | M24: =L24/K24*100 -> 100
A25: Лысогорский | B25: =E25+H25+K25 -> 3118.2 | C25: =F25+I25+L25 -> 0 | D25: =C25/B25*100 -> 0 | E25: 3118.2 | G25: =F25/E25*100 -> 0
A26: Марксовский | B26: =E26+H26+K26 -> 6866.5 | C26: =F26+I26+L26 -> 400 | D26: =C26/B26*100 -> 5.8253841 | E26: 6466.5 | G26: =F26/E26*100 -> 0 | K26: 400 | L26: 400 | M26: =L26/K26*100 -> 100
A27: Новобурасский | B27: =E27+H27+K27 -> 1649.5 | C27: =F27+I27+L27 -> 0 | D27: =C27/B27*100 -> 0 | E27: 1649.5 | G27: =F27/E27*100 -> 0
A28: Новоузенский | B28: =E28+H28+K28 -> 1696.3 | C28: =F28+I28+L28 -> 600 | D28: =C28/B28*100 -> 35.371102 | E28: 1096.3 | G28: =F28/E28*100 -> 0 | K28: 600 | L28: 600 | M28: =L28/K28*100 -> 100
A29: Озинский | B29: =E29+H29+K29 -> 2856.8 | C29: =F29+I29+L29 -> 300 | D29: =C29/B29*100 -> 10.50126 | E29: 2556.8 | G29: =F29/E29*100 -> 0 | K29: 300 | L29: 300 | M29: =L29/K29*100 -> 100
A30: Перелюбский | B30: =E30+H30+K30 -> 700 | C30: =F30+I30+L30 -> 700 | D30: =C30/B30*100 -> 100 | K30: 700 | L30: 700 | M30: =L30/K30*100 -> 100
A31: Петровский | B31: =E31+H31+K31 -> 6894.9 | C31: =F31+I31+L31 -> 0 | D31: =C31/B31*100 -> 0 | E31: 6894.9 | G31: =F31/E31*100 -> 0
A32: Питерский | B32: =E32+H32+K32 -> 400 | C32: =F32+I32+L32 -> 400 | D32: =C32/B32*100 -> 100 | K32: 400 | L32: 400 | M32: =L32/K32*100 -> 100
A33: Пугачевский | B33: =E33+H33+K33 -> 3000.5 | C33: =F33+I33+L33 -> 300 | D33: =C33/B33*100 -> 9.9983336 | E33: 2700.5 | G33: =F33/E33*100 -> 0 | K33: 300 | L33: 300 | M33: =L33/K33*100 -> 100
A34: Ровенский | B34: =E34+H34+K34 -> 886.8 | C34: =F34+I34+L34 -> 300 | D34: =C34/B34*100 -> 33.829499 | E34: 586.8 | G34: =F34/E34*100 -> 0 | K34: 300 | L34: 300 | M34: =L34/K34*100 -> 100
A35: Романовский | B35: =E35+H35+K35 -> 259.5 | C35: =F35+I35+L35 -> 0 | D35: =C35/B35*100 -> 0 | E35: 259.5 | G35: =F35/E35*100 -> 0
A36: Ртищевский
A37: Самойловский | B37: =E37+H37+K37 -> 13520.9 | C37: =F37+I37+L37 -> 0 | D37: =C37/B37*100 -> 0 | E37: 13520.9 | G37: =F37/E37*100 -> 0
A38: Саратовский | B38: =E38+H38+K38 -> 7991.9 | C38: =F38+I38+L38 -> 200 | D38: =C38/B38*100 -> 2.5025338 | E38: 7791.9 | G38: =F38/E38*100 -> 0 | K38: 200 | L38: 200 | M38: =L38/K38*100 -> 100
A39: Советский | B39: =E39+H39+K39 -> 232.9 | C39: =F39+I39+L39 -> 0 | D39: =C39/B39*100 -> 0 | E39: 232.9 | G39: =F39/E39*100 -> 0
A40: Татищевский
A41: Турковский | B41: =E41+H41+K41 -> 1351.6 | C41: =F41+I41+L41 -> 0 | D41: =C41/B41*100 -> 0 | E41: 1351.6 | G41: =F41/E41*100 -> 0
A42: Федоровский | B42: =E42+H42+K42 -> 300 | C42: =F42+I42+L42 -> 300 | D42: =C42/B42*100 -> 100 | K42: 300 | L42: 300 | M42: =L42/K42*100 -> 100
A43: Хвалынский | B43: =E43+H43+K43 -> 5524.508 | C43: =F43+I43+L43 -> 3534.908 | D43: =C43/B43*100 -> 63.985933 | E43: 1989.6 | G43: =F43/E43*100 -> 0 | K43: 3534.908 | L43: 3534.908 | M43: =L43/K43*100 -> 100
A44: Энгельсский | B44: =E44+H44+K44 -> 1106.3 | C44: =F44+I44+L44 -> 0 | D44: =C44/B44*100 -> 0 | E44: 1106.3 | G44: =F44/E44*100 -> 0
A45: Итого по муниципальным районам области | B45: =SUM(B7:B44) -> 118826.61 | C45: =SUM(C7:C44) -> 9534.908 | D45: =C45/B45*100 -> 8.0242196 | E45: =SUM(E7:E44) -> 109291.7 | F45: =SUM(F7:F44) -> 0 | G45: =F45/E45*100 -> 0 | K45: =SUM(K7:K44) -> 9534.908 | L45: =SUM(L7:L44) -> 9534.908 | M45: =L45/K45*100 -> 100
A46: г. Саратов | B46: =E46+H46+K46 -> 100950 | C46: =F46+I46+L46 -> 0 | D46: =C46/B46*100 -> 0 | H46: 100950 | I46: 0 | J46: =I46/H46*100 -> 0
A47: ЗАТО Михайловский
A48: ЗАТО Светлый
A49: ЗАТО Шиханы
A50: Итого по городским округам области | B50: =SUM(B46:B49) -> 100950 | C50: =SUM(C46:C49) -> 0 | H50: =SUM(H46:H49) -> 100950 | I50: =SUM(I46:I49) -> 0 | J50: =I50/H50*100 -> 0
A51: Всего | B51: =B45+B50 -> 219776.61 | C51: =C45+C50 -> 9534.908 | D51: =C51/B51*100 -> 4.3384544 | E51: =E45+E50 -> 109291.7 | F51: =F45+F50 -> 0 | G51: =F51/E51*100 -> 0 | H51: =H45+H50 -> 100950 | I51: =I45+I50 -> 0 | J51: =I51/H51*100 -> 0 | K51: =K45+K50 -> 9534.908 | L51: =L45+L50 -> 9534.908 | M51: =L51/K51*100 -> 100
A53: * в соответствии с бюджетной росписью
